Workbook
Name _1Excel_BuiltIn_Print_Area_10_1_1: #REF!
Name _1Excel_BuiltIn_Print_Area_10_1_1: #REF!
Name _1Excel_BuiltIn_Print_Area_10_1_1: #REF!
Name _1Excel_BuiltIn_Print_Area_10_1_1: #REF!
Name _1Excel_BuiltIn_Print_Area_10_1_1: #REF!
Name _1Excel_BuiltIn_Print_Area_10_1_1: #REF!
Name _1Excel_BuiltIn_Print_Area_10_1_1: #REF!
Name _Toc306885473: I_A_1!$D$4
Name Excel_BuiltIn_Print_Area_1_1: #REF!
Name Excel_BuiltIn_Print_Area_1_1: #REF!
Name Excel_BuiltIn_Print_Area_1_1: #REF!
Name Excel_BuiltIn_Print_Area_1_1: #REF!
Name Excel_BuiltIn_Print_Area_1_1: #REF!
Name Excel_BuiltIn_Print_Area_1_1_1: #REF!
Name Excel_BuiltIn_Print_Area_1_1_1: #REF!
Name Excel_BuiltIn_Print_Area_1_1_1: #REF!
Name Excel_BuiltIn_Print_Area_1_1_1: #REF!
Name Excel_BuiltIn_Print_Area_1_1_1: #REF!
Name Excel_BuiltIn_Print_Area_10_1: #REF!
Name Excel_BuiltIn_Print_Area_10_1: #REF!
Name Excel_BuiltIn_Print_Area_10_1: #REF!
Name Excel_BuiltIn_Print_Area_10_1: #REF!
Name Excel_BuiltIn_Print_Area_10_1: #REF!
Name Excel_BuiltIn_Print_Area_10_1_1: #REF!
Name Excel_BuiltIn_Print_Area_10_1_1: #REF!
Name Excel_BuiltIn_Print_Area_10_1_1: #REF!
Name Excel_BuiltIn_Print_Area_10_1_1: #REF!
Name Excel_BuiltIn_Print_Area_10_1_1: #REF!
Name Excel_BuiltIn_Print_Area_10_1_1: #REF!
Name Excel_BuiltIn_Print_Area_11_1: #REF!
Name Excel_BuiltIn_Print_Area_11_1: #REF!
Name Excel_BuiltIn_Print_Area_11_1: #REF!
Name Excel_BuiltIn_Print_Area_11_1: #REF!
Name Excel_BuiltIn_Print_Area_11_1: III_C_6!$A$1:$S$1054
Name Excel_BuiltIn_Print_Area_12_1: #REF!
Name Excel_BuiltIn_Print_Area_12_1: #REF!
Name Excel_BuiltIn_Print_Area_12_1: #REF!
Name Excel_BuiltIn_Print_Area_12_1: #REF!
Name Excel_BuiltIn_Print_Area_12_1: III_E_1!$A$1:$L$253
Name Excel_BuiltIn_Print_Area_12_1_1: #REF!
Name Excel_BuiltIn_Print_Area_12_1_1: #REF!
Name Excel_BuiltIn_Print_Area_12_1_1: #REF!
Name Excel_BuiltIn_Print_Area_12_1_1: #REF!
Name Excel_BuiltIn_Print_Area_12_1_1: III_E_1!$A$1:$K$253
Name Excel_BuiltIn_Print_Area_14_1: #REF!
Name Excel_BuiltIn_Print_Area_14_1: #REF!
Name Excel_BuiltIn_Print_Area_14_1: #REF!
Name Excel_BuiltIn_Print_Area_14_1: #REF!
Name Excel_BuiltIn_Print_Area_14_1: III_E_3!$A$1:$N$429
Name Excel_BuiltIn_Print_Area_15_1: #REF!
Name Excel_BuiltIn_Print_Area_15_1: #REF!
Name Excel_BuiltIn_Print_Area_15_1: #REF!
Name Excel_BuiltIn_Print_Area_15_1: III_D_1!$C$1:$H$78
Name Excel_BuiltIn_Print_Area_15_1: 'III_F_1 '!$A$1:$J$3
Name Excel_BuiltIn_Print_Area_15_1: #REF!
Name Excel_BuiltIn_Print_Area_24_1: #REF!
Name Excel_BuiltIn_Print_Area_24_1: #REF!
Name Excel_BuiltIn_Print_Area_24_1: #REF!
Name Excel_BuiltIn_Print_Area_24_1: #REF!
Name Excel_BuiltIn_Print_Area_24_1: #REF!

Sheet Country Codes_ISO alpha-3
A1: Country or area name | B1: ISO ALPHA-3 code | D1: Source: http://unstats.un.org/unsd/methods/m49/m49alphaf.htm
A2: Austria | B2: AUT
A3: Belgium | B3: BEL
A4: Bulgaria | B4: BGR
A5: Croatia | B5: HRV
A6: Cyprus | B6: CYP
A7: Czech Republic | B7: CZE
A8: Denmark | B8: DNK
A9: Estonia | B9: EST
A10: Finland | B10: FIN
A11: France | B11: FRA
A12: Germany | B12: DEU
A13: Greece | B13: GRC
... A29: United Kingdom of Great Britain and Northern Ireland | B29: GBR

Sheet I_A_1
A1: Table I.A.1 - Derogations | G1: NP years | H1: 2014-2016
G2: AR year | H2: 2014
A3: Short title of derogation | B3: NP proposal section | C3: Type of data - Variables | D3: Region | E3: Derogation approved or rejected | F3: Year of approval or rejection | G3: Reason / Justification for derogation | H3: Comments
A4: Raja spp | B4: III_C_6 | C4: All | D4: ICES VI, VII (excl. VIId), VII, IX | E4: approved | F4: 2013 | G4: All the skates in the area ICES they are landed processed (wings and skinless) and they are not accessible to the sampling for any type of study. | H4: Approved by acceptance of National Program
A5: Merlanguis merlangius | B5: III_E_6 | C5: Stock related Variables | D5: ICES VIII, IX y X | E5: approved | F5: 2013 | G5: The Spanish landings of whiting, according to the estimates, are very scarce in the area, not exceeding 5 tons averages per year. | H5: Approved by acceptance of National Program
A6: Micromesistius poutassou | B6: III_E_6 | C6: Maturity | D6: ICES VIIIc y IXa | E6: approved | F6: 2013 | G6: The migration of the species to reproduce to a specific area in the west of Great Britain in February and March (spawning period). The Spanish fleet does not have access to that fraction of the population what prevents the obtaining of samples for the calculation of this varable | H6: Approved by acceptance of National Program
A7: PS_SPF_>=14_0_0 | B7: III_C_6 | C7: Metier related Variables | D7: Mediterráneo GSA5 | E7: approved | F7: 2013 | G7: The purse seine fleet is composed by 8 boats, of which only 4 operate regularly. The presentation of these data might compromise the confidentiality of such a small fleet. | H7: Approved by acceptance of National Program
A8: Atún rojo (Thunnus Thynnus) | B8: III_E_6 | C8: Sex ratio, Maturity | D8: Other Regions ICCAT | E8: approved | F8: 2013 | G8: In the Atlantic, the Spanish fisheries affect the spawning fraction (over six years) and juvenile fraction of the species. This circumstance makes certain lenght classes are outside the geographical area where the Spanish fisheries act and can not be covered . | H8: Approved by acceptance of National Program
A9: Atún blanco (Thunnus alalunga) | B9: III_E_6 | C9: Sex ratio, Maturity | D9: Other Regions ICCAT | E9: approved | F9: 2013 | G9: The Spanish fleet fishing, in a high percentage, the immature fraction of the population (<90 cm LH) and, in a lower percentage, adult fraction of albacore tuna (> 90 cm LH). The adults are captured in the resting phase, because the spawning area is located in tropical waters of the western Atlantic. Thus, it is unlikely take samples from spawners in northeast Atlantic, to perform these studies. | H9: Approved by acceptance of National Program
A10: Atún blanco (Thunnus alalunga) | B10: III_E_6 | C10: Sex ratio, Maturity | D10: Other Regions IOTC | E10: approved | F10: 2013 | G10: In the Indian Ocean, albacore catches are bycatch in other fisheries since there is no directed fishery for this species. The size of individuals (big weight) and the fact that catches are very distant in space and time (few individuals) involve difficulties in conducting biological sampling. | H10: Approved by acceptance of National Program
A11: Túnidos tropicales, rabil (Thunnus albacares), patudo (Thunnus obesus) y listado (Katsuwonus pelamis), | B11: III_E_6 | C11: Maturity (all spp.) and sex-ratio from Katsuwonus pelamis, | D11: Other Regions ICCAT, IOTC | E11: approved | F11: 2013 | G11: Difficult access to catches by the remoteness of the landing ports, the freezing of the fish, the handling difficulties due to mechanization of manipulation because the fishes are not processed on board (whole freezes). The purchase of individuals for biological sampling requires a very high funding because of the big size and the high economic value of the species. | H11: Approved by acceptance of National Program
A12: Túnidos tropicales, rabil (Thunnus albacares), patudo (Thunnus obesus) y listado (Katsuwonus pelamis), | B12: III_E_6 | C12: Stock related Variables | D12: Other Regions IATTC+ WCPFC, | E12: approved | F12: 2013 | G12: In the Pacific Ocean the small number of vessels operating in the area (3-5) along with the variety of landing ports do not compensate financially keeping an office or staff in each port to perform biological sampling. | H12: Approved by acceptance of National Program
A13: Istiophoridae | B13: III_E_6 | C13: Stock related Variables | D13: Other Regions IATTC+ WCPFC, | E13: approved | F13: 2013 | G13: Exemption is requested because "Istiophoridae" is a family, not a specific species, and while catches of the family exceed 200 tonnes, the catch of each species is lower. | H13: Approved by acceptance of National Program

Sheet I_A_2
A1: Table I.A.1 - Bilateral and Multilateral Agreements | H1: NP years | I1: 2014-2016
H2: AR year | I2: 2014
A3: MSs | B3: content | C3: coordination | D3: description of sampling / sampling protocol / sampling intensity | E3: data transmission | F3: costs | G3: access to vessels | H3: validity | I3: Comments
A4: ESP(IEO)-Seychelles Republic (SFA) | B4: Spanish flag tuna boats landing at the port of Victoria on Mahé island. | C4: Monitoring Committee specially designated | D4: .- Ensure the collection of data on tuna resources except socio-economic aspects. .- Monitoring the basic fisheries data (effort, catches, species composition and demografic structure of catches). .- Biological studies (growth and reproduction of Bigeye and Skipjack). | E4: ES (trhough IEO) is responsible for submitting data from its own vessels to the respective RFMO (IOTC) | F4: The IEO assumes all costs related to the implementation of programs and actions resulting from this MoU. | G4: - | H4: Signed: 05/07/2011. For 4 years extensible annually
A5: ESP(IEO)-Senegal (CRODT) | B5: Spanish flag tuna boats landing at the port of Dakar. | C5: Monitoring Committee specially designated | D5: .- Ensure the collection of data on tuna resources except socio-economic aspects. .- Monitoring the basic fisheries data (effort, catches, species composition and demografic structure of catches). .- Biological studies (growth and reproduction of Bigeye and Skipjack). | E5: ES (trhough IEO) is responsible for submitting data from its own vessels to the respective RFMO (ICCAT) | F5: Each Institution assumes all costs related to the implementation of programs and actions resulting from this MoU. | G5: - | H5: Signed: 01/06/2011. For 4 years extensible annually
A6: ESP(IEO)-FRA (IRD) | B6: Cooperation between the IEO and IRD in the context of Council Regulation (EC) 199/2008 of 25 February 2008, related to tropical tunal fleets | C6: Monitoring Committee specially designated | D6: .- Monitoring the basic fisheries data (effort, catches, species composition and demografic structure of catches). .-Pilot Project to estimate of discards and by-catches through onboard observers, to cover between 5 and 10% of the fleet. .- Biological studies (growth and reproduction of Bigeye and Skipjack). | E6: ES (trhough IEO) is responsible for submitting data from its own vessels to the respective RFMO (ICCAT) | F6: Each Institution assumes all costs related to the implementation of programs and actions resulting from this MoU. | G6: - | H6: Signed: 09/05/2011. For 4 years extensible annually
A7: IEO: Instituto Español de Ocanografía
A8: SFA: Seychelles Fishing Authority
A9: CRODT: Centre de Recherches Océanographiques Dakar Thiaroye
A10: IRD: Institute pour le Recherche et le Developement

Sheet II_B_1
A1: Table II.B.1 - International co-ordination | E1: NP years | F1: 2014-2016
E2: AR year | F2: 2014
A3: MS | B3: Acronym | C3: Name of the meeting | D3: RFMO/RFO/IO | E3: No. of attendees by MS | F3: Attendance | G3: Comments
A4: ESP | B4: - | C4: National co-ordination | D4: - | E4: 15 | F4: Y
A5: ESP | B5: - | C5: National Correspondants Meeting | D5: - | E5: 1 | F5: Y
A6: ESP | B6: RCMNA | C6: RCM for the North Atlantic - September | D6: DCF | E6: =2+2 -> 4 | F6: Y
A7: ESP | B7: RCMMed&BS&Tunas | C7: RCM for the Mediterranean & Black Sea & Tunas- September-Croatia | D7: DCF | E7: 4 | F7: Y
A8: ESP | B8: RCM NS&EA | C8: Regional Coordination Meeting for North Sea & Eastern Arctic | D8: DCF | E8: 1 | F8: Y
A9: ESP | B9: RCM LDF | C9: Regional Coordination Meeting for Long Distant Fisheries | D9: DCF | E9: 2 | F9: Y
A10: ESP | B10: - | C10: Stakeholder Meeting on the revision of the Data Collection Regulation, Brussels (Belgium), 16 january | D10: - | E10: =2+1 -> 3 | F10: Y
A11: ESP | B11: LM | C11: Liason Meeting | D11: DCF | E11: =1+1 -> 2 | F11: Y
A12: ESP | B12: PGCCDBS | C12: PGCCDBS (Horta-Azores) | D12: ICES | E12: =1+2 -> 3 | F12: Y
A13: ESP | B13: PGMed | C13: Mediterranean Planning Group for Methodological Development, Zagreb (Croatia), 1-2 september | D13: GFCM | E13: 2 | F13: Y
A14: ESP | B14: WGCATCH | C14: Working Group on Commercial Catches (WGCATCH) | D14: ICES | E14: =1+2 -> 3 | F14: Y
A15: ESP | B15: SC-RDB-1 | C15: Meeting of the Steering Committee of the Regional Database - 1 | D15: DCF | E15: 1 | F15: Y
A16: ESP | B16: WKRDB | C16: Workshop on the Regional Database WKRDB 2014 (Aberdeen, Escocia) | D16: DCF | E16: 1 | F16: Y
A17: ESP | B17: SCSA | C17: GFCM Meeting of SAC Subcommittee on Stock Assessment (SCSA), Bar (Montenegro), 3-4 February | D17: GFCM | E17: 2 | F17: Y
A18: ESP | B18: WGSASP | C18: Working group on stock assessment of small pelagics in the Mediterranean, Rome (Italy), November 24-27 | D18: GFCM | E18: 1 | F18: Y
A19: ESP | B19: WGSADEM | C19: Working group on stock assessment of demersal species and elasmobranches in the Mediterranean, Rome (Italy), November 24-27 | D19: GFCM | E19: 4 | F19: Y
A20: ESP | B20: TCDESING | C20: Training Course on Desing and analysis of Statistically Sound Catch Sampling Programmes, Copenhague (Denmark), 23-27 June | E20: 1 | F20: Y
A21: ESP | B21: - | C21: Workshop on the implementation of the DCRF in the Mediterranean and the Black Sea, Madrid (Spain), 15-16 December | D21: GFCM | E21: 6 | F21: Y
A22: ESP | B22: - | C22: Workshop on elasmobranchs conservation in the Mediterranean and Black Sea, Sète (France), 10-12 December | D22: GFCM | E22: 1 | F22: Y
A23: ESP | B23: - | C23: MedSuit Regional Workshop, Rome (Italy), 6-7 November | D23: GFCM | E23: 1 | F23: Y
A24: ESP | B24: SAC | C24: Scientific Advidsory Committee - 16th Session, Rome (Italy), 17-21 March | D24: GFCM | E24: 1 | F24: Y
A25: ESP | B25: - | C25: NAFO Scientific Council June meeting and Standing Committees | D25: NAFO | E25: 3 | F25: Y
A26: ESP | B26: - | C26: NAFO Scientific Council September meeting and Standing Committees | D26: NAFO | E26: =3+1 -> 4 | F26: Y
A27: ESP | B27: WGESA | C27: NAFO WG on Ecosystems Approach to Fisheries Management | D27: NAFO | E27: 2 | F27: Y
A28: ESP | B28: - | C28: Portuguese-Spanish surveys in Flemish Cap - coordination meeting for the survey - Vigo, Spain | D28: NAFO | E28: 10 | F28: Y
A29: ESP | B29: - | C29: SCRS Species Groups Meetings | D29: ICCAT | E29: 18 | F29: Y
A30: ESP | B30: SCRS | C30: Meeting of the Standing Committee on Research and Statistics | D30: ICCAT | E30: 14 | F30: Y
A31: ESP | B31: - | C31: Meeting of the Working Group on Stock Assessment Methods | D31: ICCAT | E31: 2 | F31: Y
A32: ESP | B32: - | C32: Sub-Committee on Ecosystems intersessional meeting | D32: ICCAT | E32: 3 | F32: Y
A33: ESP | B33: - | C33: Sharks species group intersessional meeting | D33: ICCAT | E33: 2 | F33: Y
A34: ESP | B34: - | C34: Bluefin data preparatory meeting | D34: ICCAT | E34: 5 | F34: Y
A35: ESP | B35: - | C35: Bluefin Stock Assessment | D35: ICCAT | E35: 11 | F35: Y
A36: ESP | B36: - | C36: Skipjack Stock Assessment meeting | D36: ICCAT | E36: 4 | F36: Y
A37: ESP | B37: - | C37: Mediterranean Swordfish Stock Assessment | D37: ICCAT | E37: 1 | F37: Y
A38: ESP | B38: - | C38: Meeting of the working group for the development of the SCRS Science Strategic Plan | D38: ICCAT | E38: 4 | F38: Y
A39: ESP-FRA | B39: - | C39: Reunión de coordinación IEO-IRD y reunión de observadores de coordinación IEO-IRD-AZTI | D39: ICCAT/IOTC | E39: 5 | F39: Y
A40: ESP | B40: IOTC-WPTT16 | C40: 16th Working Party on Tropical Tunas | D40: IOTC | E40: =1+2 -> 3 | F40: Y
A41: ESP | B41: IOTC-WPM05 | C41: 7th Working Party on Methods | D41: IOTC | E41: 1 | F41: Y
A42: ESP | B42: IOTC-WPEB10 | C42: 10th Working Party on Ecosystems and Bycatch | D42: IOTC | E42: 1 | F42: Y
A43: ESP | B43: IOTC-WPB12 | C43: 12th Working Party on Billfish | D43: IOTC | E43: 1 | F43: Y
A44: ESP | B44: - | C44: Working Party on Data Collection and Statistics (WPDCS) | D44: IOTC | E44: 1 | F44: Y
A45: ESP | B45: IOTC-SC | C45: 17th Scientific Committee | D45: IOTC | E45: =1+1 -> 2 | F45: Y
A46: ESP | B46: IOTC-S18 | C46: 8th Session of the Commission | D46: IOTC | E46: 3 | F46: Y
A47: ESP | B47: WCPFC-SC10 | C47: 10th Regular Session of the Scientific Committee | D47: WCPFC | E47: 1 | F47: Y
A48: ESP | B48: WCPFC11 | C48: 11th Regular Session of the Commission | D48: WCPFC | E48: 1 | F48: Y
A49: ESP | B49: - | C49: 5th Scientific Adviosory Committee | D49: IATTC | E49: 1 | F49: Y
A50: ESP | B50: - | C50: 87th Inter-American Tropical Tuna Commission | D50: IATTC | E50: 2 | F50: Y
A51: ESP | B51: - | C51: 88th Inter-American Tropical Tuna Commission (Estraordinary) | D51: IATTC | E51: 2 | F51: Y
A52: ESP | B52: - | C52: 34th Permanent Working Group on Tuna Tracking | D52: IATTC | E52: 1 | F52: Y
A53: ESP | B53: MEDITS | C53: Coordination meeting for MEDITS (Mediterranean Demersal Trawl Surveys) Working Group, Rome (Italy), 26-27 March | D53: GFCM | E53: 2 | F53: Y
A54: ESP | B54: MEDIAS | C54: Coordination meeting for MEDIAS (Pan Mediterranean Survey for Small Pelagics) | D54: GFCM | E54: 2 | F54: Y
A55: ESP | B55: IBTSWG | C55: International Bottom Trawl Survey Working Group (IBTSWG) (Hamburgo, 2014) | D55: ICES | E55: 2 | F55: Y
A56: ESP | B56: WGMEGS | C56: Working Group on Mackerel and Horse Mackerel Egg Survey (WGMEGS) | D56: ICES | E56: =3+2 -> 5 | F56: Y
A57: ESP | B57: WGFAST | C57: The Working Group on Fisheries Acoustics Science and Technology (WGFAST) | D57: ICES | E57: 2 | F57: Y
A58: ESP | B58: WGACCEGG | C58: Working Group on Acoustic and Egg Surveys for Sardine and Anchovy in ICES areas VIII and IX (WGACEGG). | D58: ICES | E58: =3+5 -> 8 | F58: Y
A59: ESP | B59: SGNEPS | C59: Study Group on Nephrops Surveys (SGNEPS) | D59: ICES | E59: 2 | F59: Y
A60: ESP | B60: WGALES | C60: Working Group on Atlantic Fish Larvae and Eggs Surveys (WGALES) | D60: ICES | E60: 1 | F60: Y
A61: ESP | B61: AFWG | C61: Arctic Fisheries Working Group | D61: ICES | E61: 1 | F61: Y
A62: ESP | B62: NWWG | C62: North-Western Working Group | D62: ICES | E62: 1 | F62: Y
A63: ESP | B63: WGBIE | C63: Working Group on the Assessment of Bay of Biscay and Iberian Ecosystem (WGBIE) | D63: ICES | E63: =5+3 -> 8 | F63: Y
A64: ESP | B64: NIPAG | C64: Joint NAFO/ICES Pandalus Assessment WG | D64: NAFO/ICES | E64: 1 | F64: Y
A65: ESP | B65: WGWIDE | C65: Working Group on Widely Distributed Stocks (WGWIDE) | D65: ICES | E65: =3+1 -> 4 | F65: Y
A66: ESP | B66: WGHANSA | C66: Working Group on Southern Horse Mackerel, Anchovy and Sardine (WGHANSA) | D66: ICES | E66: =3+3 -> 6 | F66: Y
A67: ESP | B67: WGDEEP | C67: Working Group on the Biology and Assessment of Deep-Sea Fisheries Resources (WGDEEP) | D67: ICES | E67: =2+1 -> 3 | F67: Y
A68: ESP | B68: WGEEL | C68: Joint EIFAC/ICES Working Group on Eels (WGEEL) | D68: ICES | E68: 1 | F68: Y
A69: ESP | B69: WGEF | C69: Working Group on Elasmobranch Fishes (WGEF) | D69: ICES | E69: =5+1 -> 6 | F69: Y | G69: 2 by correspondence
A70: ESP | B70: WGECO | C70: Working Group on the Ecosystem Effects of Fishing Activities (WGECO) | D70: ICES | E70: 1 | F70: Y
A71: ESP | B71: WGMME | C71: Working Group on Marine Mammal Ecology | E71: 1 | F71: Y
A72: ESP | B72: WGDEC | C72: ICES/NAFO Joint Working Group on Deep-water Ecology | D72: ICES/NAFO | E72: 1 | F72: Y | G72: by correspondence
A73: ESP | B73: WKPELA | C73: Benchmark Workshop on Pelagic Stocks (WKPELA) | D73: ICES | E73: 1 | F73: Y
A74: ESP | B74: WKSOUTH | C74: Benchmark Workshop on Southern megrim and hake stocks (WKSOUTH) (3-7 febrero). | D74: ICES | E74: =2+1 -> 3 | F74: Y
A75: ESP | B75: WGOH | C75: Working Group on Oceanic Hydrography | E75: 1 | F75: Y
A76: ESP | B76: WGCEPH | C76: Working Group on Cephalopod Fisheries and Life History (WGCEPH) | D76: ICES | E76: =5+2 -> 7 | F76: Y | G76: 1 by correspondence
A77: ESP | B77: WGSAM | C77: Working Group on Multispecies Assessment Methods | D77: ICES | E77: 1 | F77: Y
A78: ESP | B78: WKPICS 3 | C78: Workshop on practical implementation of statistical sound catch sampling programmes | D78: ICES | E78: 1 | F78: Y
A79: ESP | B79: WKGIC | C79: Workshop on Growth-increment Chronologies in Marine Fish: climate-ecosystem interactions in the North Atlantic (Hamburg) | D79: ICES | E79: 1 | F79: Y
A80: ESP | B80: WGAGFM | C80: Working Group on Application of Genetics in Fisheries and Mariculture | D80: ICES | E80: =4+1 -> 5 | F80: Y
A81: ESP | B81: WGEAWESS | C81: Working Group on Ecosystem Assessment of Western European Shelf Seas | D81: ICES | E81: =2+1 -> 3 | F81: Y
A82: ESP | B82: WGIPEM | C82: Working Group on Integrative, Physical-biological and Ecosystem Modelling | D82: ICES | E82: 2 | F82: Y
A83: ESP | B83: WGPME | C83: Working Group on Phytoplankton and Microbial Ecology | D83: ICES | E83: 2 | F83: Y
A84: ESP | B84: - | C84: ICES ANNUAL SCIENCE CONFERENCE (Coruña) | D84: ICES | E84: 1 | F84: Y
A85: ESP | B85: - | C85: 5HT INTERNATIONAL OTOLITH SYMPOSIUM (Mallorca) | D85: ICES | E85: 3 | F85: Y
A86: ESP | B86: WKSABCAL | C86: Workshop on Statistical Analysis of Biological Calibration Studies | D86: ICES | E86: =2+1 -> 3 | F86: Y
A87: ESP | B87: WGRFS | C87: Working Group on Recreational Fisheries Surveys | D87: ICES | E87: 3 | F87: Y

Sheet II_B_2
A1: Table II.B.2 - Follow-up of recommendations | H1: NP years | I1: 2014-2016
H2: AR year | I2: 2014
A3: MS | B3: Region | C3: Source | D3: Section | E3: Topic | F3: Recommendation number | G3: Recommendation/Agreement | H3: Follow-up action | I3: Comments
A4: ESP
A5: ESP | B5: North Atlantic | C5: LM 2013 | D5: III.C | E5: Metier related variables | F5: 12 | G5: MS to document Quality Control and Quality Approach procedures in summary for review at the next RCM. MS have a duty of care and are required under the current DCF to ensure that the data within their own MS databases are also checked for inaccuracies before uploading anything to the RDB. | H5: Ante la falta de unas directrices claras para elaborar este tipo de documentación, los esfuerzos se centraron en la mejora y refuerzo de los procesos de chequeo y calidad existentes siguiendo recomendaciones o propuestas del RCM NA. La base de datos nacional se amplió con nuevos campos y se mejoró la detección de outliers con analisis estadisticos del paquete COST. Tal y como el RCM NA 2014 refleja, ningún país aportó documentación de estos procesos, a la espera de que WGCATCH sea capaz de elaborar unas directrices especificas.
A6: ESP | B6: North Atlantic | C6: LM 2013 | D6: - | F6: 16 | G6: RCM NA recommends that the non‐EU share of the research vessel cost for conducting the following surveys is shared among MS according to their EU‐TAC shares for the main species concerned: i) the International Ecosystem Survey in the Nordic (Atlanto‐Scandian herring), ii) the Blue Whiting Survey (blue whiting). Those MS having a EU‐TAC share >= 5% (average TAC 2011‐2013) are to be included in the cost sharing. The share is based on the relative share in the total costs of all MS participating. The share will be reviewed mid‐term EMFF period.
A7: ESP | B7: Mediterranean Sea and Black Sea | C7: RCM Med&BS 2013 | D7: - | E7: Regional Data Base | F7: 1 | G7: The Group agreed that the MED&BS RDB will include biological and transversal data | H7: The Mediterranean Regional Data Base is not working yet | I7: LM 2013 Report does not take any recommendation of the RCMMed&BS
A8: ESP | B8: Mediterranean Sea and Black Sea | C8: RCM Med&BS 2013 | D8: - | E8: Regional Data Base | F8: 2 | G8: The Group agreed that the MED&BS RDB could be hosted by GFCM. Upon the clearance of the RCMMed&BS, a formal procedure will be activated in order to contact GFCM officially and consequently evaluate the related feasibility and necessary funding. | H8: The Mediterranean Regional Data Base is not working yet | I8: LM 2013 Report does not take any recommendation of the RCMMed&BS
A9: ESP | B9: Mediterranean Sea and Black Sea | C9: WGSASP 2013 | D9: - | G9: Incorporate environmental issues in the reference points framework | H9: In the assessments on small pelagics 2014 environmental issues have been incorporated
A10: ESP | B10: Other regions, Mediterranean and BS and North Atlantic | C10: RCM LDF 2013 | D10: all | E10: Regional cordination on Large Pelagics | F10: Rec 2013-3 | G10: The RCM LDF recommends the creation of a coordination group on Large Pelagics covering areas of competence of RCM LDF, NA, Med&BS and dealing with all large pelagic species and fisheries. In order to avoid the risk of duplication of meetings for some scientists dealing with large pelagics in particular in the Mediterranean and in Other areas (for example swordfish, bluefin tuna), it is recommended to expand the RCM “Med&BS” to a RCM “Med&BS & Large Pelagics”, which then would consist of two sub-groups (one dealing with the MD&BS and other with LP issues). | H10: RCM “Med&BS & Large Pelagics” have been created.
A11: ESP | B11: North Sea and Eastern Arctic | C11: RCM NS&EA 2013 | D11: III.C, III.E | E11: Quality assurance-Managed repository for RDB upload successes and data status reports | F11: RCM NS & EA 2013 Recommendation 6 | G11: RCM recommends that MS document their interpretation of trips, samples and sampling events and describe what the TripID and Sam‐pleID represent in there uploaded data. MS to provide a summary document of their interpretation of these key fields in the upload data formats. RCG to collate these documents for storing in the RDB repository (see earlier recommendation). | H11: This task is in progress. Spain will provide document when upload data in next RCM
A12: ESP
A13: ESP
A14: ESP
A15: ESP
A16: ESP

Sheet III_A_1
A1: Table III.A.1 – General description of the fishing sector | H1: NP years | I1: 2014-2016
H2: AR year | I2: 2014
A3: MS | B3: Region | C3: Sub-area | D3: Target assemblages or species assemblages
D4: Demersal (a) | E4: Pelagic (a) | F4: Industrial (b) | G4: Deep-water (a) | H4: Tuna and tuna-like | I4: Other highly migratory
A5: ESP | B5: Baltic Sea | C5: ICES areas III b-d | D5: N | E5: N | F5: N | G5: N
A6: ESP | B6: North Sea and Eastern Arctic | C6: ICES Sub-areas I, II, IIIa, IV and VIId | D6: Y | E6: N | F6: N | G6: N | H6: N | I6: N
A7: ESP | B7: North Atlantic | C7: ICES Sub-areas V, XIV (excl. VIId), and NAFO area | D7: Y | E7: Y | F7: N | G7: Y | H7: Y | I7: N
A8: ESP | B8: Mediterranean Sea and Black Sea | C8: All geographical sub-areas | D8: Y | E8: Y | F8: N | G8: Y | H8: Y | I8: N
A9: ESP | B9: Other regions where fisheries are operated by EU vessels and managed by RFMOs | C9: Central East Atlantic | D9: Y | E9: Y | F9: N | G9: N | H9: Y | I9: N
A10: ESP | C10: Antarctic | D10: Y | E10: N | F10: N | G10: N | H10: N | I10: N
A11: ESP | C11: Central West Atlantic | D11: N | E11: N | F11: N | G11: N | H11: N | I11: N
A12: ESP | C12: Indian Ocean | D12: N | E12: N | F12: N | G12: N | H12: Y | I12: N
A13: ESP | C13: Pacific Ocean | D13: N | E13: N | F13: N | G13: N | H13: Y | I13: N
A14: (a) Including fish, crustaceans and molluscs
A15: (b) Fisheries targeting species for the production of fish meal, fish oil, etc.

Sheet III_B_1
A1: Table III.B.1 - Population segments for collection of economic data | N1: NP years | O1: 2014-2016
N2: AR year | O2: 2014
A3: MS | B3: Supra region | C3: Fishing technique ( a) | D3: Length class | E3: Reference year | F3: Target population no. (b) ----- N | G3: Frame population no. ---- F | H3: Planned sample no. (b) ----- P | I3: Planned sample rate (b) ----- (P/F)*100 (%) | J3: Type of data collection scheme (c) | K3: Achieved Sample no. | L3: Achieved Sample rate | M3: Achieved Sample no. / Planned sampled no. | N3: National name of the survey (d) | O3: Comments
A4: ESP | B4: Baltic Sea, North Sea and Eastern Arctic, and North Atlantic | C4: Demersal trawlers and/or demersal seiners | D4: 12-<18 m* | E4: 2013 | F4: 60 | G4: 60 | H4: 4 | I4: =+H4/G4 -> 0.066666667 | J4: B | K4: 3 | L4: =+K4/G4 -> 0.05 | M4: =+K4/H4 -> 0.75 | N4: Encuesta Económica Pesca Marítima
A5: ESP | B5: Baltic Sea, North Sea and Eastern Arctic, and North Atlantic | C5: Demersal trawlers and/or demersal seiners | D5: 18-<24 m | E5: 2013 | F5: 82 | G5: 82 | H5: 4 | I5: =+H5/G5 -> 0.048780488 | J5: B | K5: 3 | L5: =+K5/G5 -> 0.036585366 | M5: =+K5/H5 -> 0.75 | N5: Encuesta Económica Pesca Marítima
A6: ESP | B6: Baltic Sea, North Sea and Eastern Arctic, and North Atlantic | C6: Demersal trawlers and/or demersal seiners | D6: 24-<40 m | E6: 2013 | F6: 152 | G6: 152 | H6: 9 | I6: =+H6/G6 -> 0.059210526 | J6: B | K6: 7 | L6: =+K6/G6 -> 0.046052632 | M6: =+K6/H6 -> 0.77777778 | N6: Encuesta Económica Pesca Marítima
A7: ESP | B7: Baltic Sea, North Sea and Eastern Arctic, and North Atlantic | C7: Demersal trawlers and/or demersal seiners | D7: 40 m or larger | E7: 2013 | F7: 21 | G7: 21 | H7: 12 | I7: =+H7/G7 -> 0.57142857 | J7: B | K7: 7 | L7: =+K7/G7 -> 0.33333333 | M7: =+K7/H7 -> 0.58333333 | N7: Encuesta Económica Pesca Marítima
A8: ESP | B8: Baltic Sea, North Sea and Eastern Arctic, and North Atlantic | C8: Purse seiners | D8: 10-<12 m* | E8: 2013 | F8: 21 | G8: 21 | H8: 4 | I8: =+H8/G8 -> 0.19047619 | J8: B | K8: 4 | L8: =+K8/G8 -> 0.19047619 | M8: =+K8/H8 -> 1 | N8: Encuesta Económica Pesca Marítima
A9: ESP | B9: Baltic Sea, North Sea and Eastern Arctic, and North Atlantic | C9: Purse seiners | D9: 12-<18 m | E9: 2013 | F9: 127 | G9: 127 | H9: 5 | I9: =+H9/G9 -> 0.039370079 | J9: B | K9: 5 | L9: =+K9/G9 -> 0.039370079 | M9: =+K9/H9 -> 1 | N9: Encuesta Económica Pesca Marítima
A10: ESP | B10: Baltic Sea, North Sea and Eastern Arctic, and North Atlantic | C10: Purse seiners | D10: 18-<24 m | E10: 2013 | F10: 97 | G10: 97 | H10: 4 | I10: =+H10/G10 -> 0.041237113 | J10: B | K10: 2 | L10: =+K10/G10 -> 0.020618557 | M10: =+K10/H10 -> 0.5 | N10: Encuesta Económica Pesca Marítima
A11: ESP | B11: Baltic Sea, North Sea and Eastern Arctic, and North Atlantic | C11: Purse seiners | D11: 24-<40 m | E11: 2013 | F11: 96 | G11: 96 | H11: 7 | I11: =+H11/G11 -> 0.072916667 | J11: B | K11: 6 | L11: =+K11/G11 -> 0.0625 | M11: =+K11/H11 -> 0.85714286 | N11: Encuesta Económica Pesca Marítima
A12: ESP | B12: Baltic Sea, North Sea and Eastern Arctic, and North Atlantic | C12: Dredgers | D12: 00-<10 m | E12: 2013 | F12: 1830 | G12: 1830 | H12: 37 | I12: =+H12/G12 -> 0.020218579 | J12: B | K12: 30 | L12: =+K12/G12 -> 0.016393443 | M12: =+K12/H12 -> 0.81081081 | N12: Encuesta Económica Pesca Marítima
A13: ESP | B13: Baltic Sea, North Sea and Eastern Arctic, and North Atlantic | C13: Dredgers | D13: 10-<12 m | E13: 2013 | F13: 12 | G13: 12 | H13: 4 | I13: =+H13/G13 -> 0.33333333 | J13: B | K13: 3 | L13: =+K13/G13 -> 0.25 | M13: =+K13/H13 -> 0.75 | N13: Encuesta Económica Pesca Marítima
A14: ESP | B14: Baltic Sea, North Sea and Eastern Arctic, and North Atlantic | C14: Dredgers | D14: 12-<18 m | E14: 2013 | F14: 83 | G14: 83 | H14: 4 | I14: =+H14/G14 -> 0.048192771 | J14: B | K14: 2 | L14: =+K14/G14 -> 0.024096386 | M14: =+K14/H14 -> 0.5 | N14: Encuesta Económica Pesca Marítima
A15: ESP | B15: Baltic Sea, North Sea and Eastern Arctic, and North Atlantic | C15: Vessels using hooks | D15: 10-<12 m* | E15: 2013 | F15: 63 | G15: 63 | H15: 4 | I15: =+H15/G15 -> 0.063492063 | J15: B | K15: 3 | L15: =+K15/G15 -> 0.047619048 | M15: =+K15/H15 -> 0.75 | N15: Encuesta Económica Pesca Marítima
... A63: ESP | B63: Other fishing regions | C63: Vessels using polyvalent passive gears only | D63: 24-<40 m* | E63: 2013 | F63: 20 | G63: 20 | H63: 5 | I63: =+H63/G63 -> 0.25 | J63: B | K63: 3 | L63: =+K63/G63 -> 0.15 | M63: =+K63/H63 -> 0.6 | N63: Encuesta Económica Pesca Marítima
A64: ESP | B64: NONE | C64: Inactive vessels | D64: 00-<10 m | E64: 2013 | F64: 952 | G64: 952 | H64: 952 | I64: =+H64/G64 -> 1 | J64: A | K64: 952 | L64: =+K64/G64 -> 1 | M64: =+K64/H64 -> 1
A65: ESP | B65: NONE | C65: Inactive vessels | D65: 10-<12 m | E65: 2013 | F65: 273 | G65: 273 | H65: 273 | I65: =+H65/G65 -> 1 | J65: A | K65: 273 | L65: =+K65/G65 -> 1 | M65: =+K65/H65 -> 1
A66: ESP | B66: NONE | C66: Inactive vessels | D66: 12-<18 m | E66: 2013 | F66: 60 | G66: 60 | H66: 60 | I66: =+H66/G66 -> 1 | J66: A | K66: 60 | L66: =+K66/G66 -> 1 | M66: =+K66/H66 -> 1
A67: ESP | B67: NONE | C67: Inactive vessels | D67: 18-<24 m | E67: 2013 | F67: 22 | G67: 22 | H67: 22 | I67: =+H67/G67 -> 1 | J67: A | K67: 22 | L67: =+K67/G67 -> 1 | M67: =+K67/H67 -> 1
A68: ESP | B68: NONE | C68: Inactive vessels | D68: 24-<40 m | E68: 2013 | F68: 54 | G68: 54 | H68: 54 | I68: =+H68/G68 -> 1 | J68: A | K68: 54 | L68: =+K68/G68 -> 1 | M68: =+K68/H68 -> 1
A69: ESP | B69: NONE | C69: Inactive vessels | D69: 40 m or larger | E69: 2013 | F69: 11 | G69: 11 | H69: 11 | I69: =+H69/G69 -> 1 | J69: A | K69: 11 | L69: =+K69/G69 -> 1 | M69: =+K69/H69 -> 1
A71: Note: Please ensure data for active and inactive vessels are presented seperately.
A72: (a) put an asterisk in the case the segment has been clustered with other segment(s)
A73: (b) planned sample can be modified based on updated information on the total population (fleet register)
A74: (c) A - Census; B - Probability Sample Survey; C - Non-Probability Sample Survey
A75: (d) name of the survey as reported in the NP if applicable. Not mandatory

Sheet III_B_2
A1: Table III.B.2 - Economic Clustering of fleet segments | G1: NP years | H1: 2014-2016
G2: AR year | H2: 2014
A3: MS | B3: Supra region | C3: Reference year | D3: Name of the clustered fleet segments | E3: Total number of vessels in the cluster by the 1st of January of the sampling year | F3: Fleet segments which have been clustered | G3: Number of vessels in the segment by the 1st of January of the sampling year | H3: Comments
A4: ESP | B4: Baltic Sea, North Sea and Eastern Arctic, and North Atlantic | C4: 2013 | D4: Demersal trawlers and/or demersal seiners 12-<18 m* | E4: 60 | F4: AREA27 Demersal trawlers and/or demersal seiners 10-<12 m | G4: 2 | H4: Cluster based on threshold (< 10 vessels)
F5: AREA27 Demersal trawlers and/or demersal seiners 12-<18 m | G5: 58 | H5: Main cluster
A6: ESP | B6: Baltic Sea, North Sea and Eastern Arctic, and North Atlantic | C6: 2013 | D6: Purse seiners 10-<12 m* | E6: 21 | F6: AREA27 Purse seiners 00-<10 m | G6: 1 | H6: Cluster based on threshold (< 10 vessels)
F7: AREA27 Purse seiners 10-<12 m | G7: 20 | H7: Main cluster
A8: ESP | B8: Baltic Sea, North Sea and Eastern Arctic, and North Atlantic | C8: 2013 | D8: Vessels using hooks 10-<12 m* | E8: 63 | F8: AREA27 Vessels using hooks 00-<10 m | G8: 6 | H8: Cluster based on threshold (< 10 vessels)
F9: AREA27 Vessels using hooks 10-<12 m | G9: 57 | H9: Main cluster
A10: ESP | B10: Baltic Sea, North Sea and Eastern Arctic, and North Atlantic | C10: 2013 | D10: Drift and/or fixed netters 10-<12 m* | E10: 122 | F10: AREA27 Drift and/or fixed netters 00-<10 m | G10: 4 | H10: Cluster based on threshold (< 10 vessels)
F11: AREA27 Drift and/or fixed netters 10-<12 m | G11: 118 | H11: Main cluster
A12: ESP | B12: Baltic Sea, North Sea and Eastern Arctic, and North Atlantic | C12: 2013 | D12: Drift and/or fixed netters 18-<24 m* | E12: 30 | F12: AREA27 Drift and/or fixed netters 18-<24 m | G12: 26 | H12: Main cluster
F13: AREA27 Drift and/or fixed netters 24-<40 m | G13: 4 | H13: Cluster based on threshold (< 10 vessels)
A14: ESP | B14: Baltic Sea, North Sea and Eastern Arctic, and North Atlantic | C14: 2013 | D14: Vessels using active and passive gears 12-<18 m* | E14: 29 | F14: AREA27 Vessels using active and passive gears 12-<18 m | G14: 21 | H14: Main cluster
F15: AREA27 Vessels using active and passive gears 18-<24 m | G15: 2 | H15: Cluster based on threshold (< 10 vessels)
F16: AREA27 Vessels using active and passive gears 24-<40 m | G16: 6 | H16: Cluster based on threshold (< 10 vessels)
A17: ESP | B17: Mediterranean | C17: 2013 | D17: Purse seiners 24-<40 m* | E17: 24 | F17: AREA37 Purse seiners 24-<40 m | G17: 22 | H17: Main cluster
F18: AREA37 Purse seiners 40 m or larger | G18: 2 | H18: Cluster based on threshold (< 10 vessels)
A19: ESP | B19: Mediterranean | C19: 2013 | D19: Dredgers 06-<12 m* | E19: 35 | F19: AREA37 Dredgers 00-<06 m | G19: 3 | H19: Cluster based on threshold (< 10 vessels)
F20: AREA37 Dredgers 06-<12 m | G20: 32 | H20: Main cluster
A21: ESP | B21: Mediterranean | C21: 2013 | D21: Vessels using hooks 06-<12 m* | E21: 55 | F21: AREA37 Vessels using hooks 00-<06 m | G21: 1 | H21: Cluster based on threshold (< 10 vessels)
F22: AREA37 Vessels using hooks 06-<12 m | G22: 54 | H22: Main cluster
A23: ESP | B23: Mediterranean | C23: 2013 | D23: Vessels using hooks 18-<24 m* | E23: 27 | F23: AREA37 Vessels using hooks 18-<24 m | G23: 22 | H23: Main cluster
F24: AREA37 Vessels using hooks 18-<24 m | G24: 5 | H24: Cluster based on threshold (< 10 vessels)
A25: ESP | B25: Mediterranean | C25: 2013 | D25: Vessels using pots and/or traps 12-<18 m* | E25: 17 | F25: AREA37 Vessels using pots and/or traps 06-<12 m | G25: 7 | H25: Cluster based on threshold (< 10 vessels)
F26: AREA37 Vessels using pots and/or traps 12-<18 m | G26: 7 | H26: Main cluster
F27: AREA37 Vessels using pots and/or traps 24-<40 m | G27: 3 | H27: Cluster based on threshold (< 10 vessels)
A28: ESP | B28: Mediterranean | C28: 2013 | D28: Vessels using polyvalent passive gears only 12-<18 m* | E28: 23 | F28: AREA37 Vessels using polyvalent passive gears only 12-<18 m | G28: 22 | H28: Main cluster
F29: AREA37 Vessels using polyvalent passive gears only 12-<18 m | G29: 1 | H29: Cluster based on threshold (< 10 vessels)
A30: ESP | B30: Other fishing regions | C30: 2013 | D30: Purse seiners 12-<18 m* | E30: 13 | F30: OFR Purse seiners 00-<10 m | G30: 1 | H30: Cluster based on threshold (< 10 vessels)
F31: OFR Purse seiners 10-<12 m | G31: 4 | H31: Cluster based on threshold (< 10 vessels)
F32: OFR Purse seiners 12-<18 m | G32: 8 | H32: Main cluster
A33: ESP | B33: Other fishing regions | C33: 2013 | D33: Vessels using hooks 24-<40 m* | E33: 96 | F33: OFR Vessels using hooks 18-<24 m | G33: 6 | H33: Cluster based on threshold (< 10 vessels)
F34: OFR Vessels using hooks 24-<40 m | G34: 90 | H34: Main cluster
A35: ESP | B35: Other fishing regions | C35: 2013 | D35: Vessels using polyvalent passive gears only 00-<10 m* | E35: 498 | F35: OFR Vessels using pots and/or trap 00-<10 m | G35: 1 | H35: Cluster FPO to PGP due to there aren't threshold FPO in this SUPRA
F36: OFR Vessels using polyvalent passive gears only 00-<10 m | G36: 497 | H36: Main cluster
A37: ESP | B37: Other fishing regions | C37: 2013 | D37: Vessels using polyvalent passive gears only 10-<12 m* | E37: 30 | F37: OFR Drift and/or fixed netters 10-<12 m | G37: 2 | H37: Cluster DFN to PGP due to there aren't more DFN in this SUPRA
F38: OFRVessels using pots and/or traps 10-<12 m | G38: 2 | H38: Cluster FPO to PGP due to there aren't threshold FPO in this SUPRA
F39: OFR Vessels using polyvalent passive gears only 10-<12 m | G39: 25 | H39: Main cluster
F40: OFR Vessels using active and passive gears 10-<12 m | G40: 1 | H40: Cluster based on threshold (< 10 vessels)
A41: ESP | B41: Other fishing regions | C41: 2013 | D41: Vessels using polyvalent passive gears only 12-<18 m* | E41: 30 | F41: OFR Vessels using pots and/or traps 12-<18 m | G41: 4 | H41: Cluster FPO to PGP due to there aren't threshold FPO in this SUPRA
F42: OFR Vessels using polyvalent passive gears only 12-<18 m | G42: 24 | H42: Main cluster
F43: OFR Vessels using active and passive gears 12-<18 m | G43: 2 | H43: Cluster based on threshold (< 10 vessels)
A44: ESP | B44: Other fishing regions | C44: 2013 | D44: Vessels using polyvalent passive gears only 24-<40 m* | E44: 20 | F44: OFR Vessels using polyvalent passive gears only 18-<24 m | G44: 6 | H44: Cluster based on threshold (< 10 vessels)
F45: OFR Vessels using polyvalent passive gears only 24-<40 m | G45: 14 | H45: Main cluster

Sheet III_B_3
A1: Table III.B.3 - Economic Data collection strategy | K1: NP years | L1: 2014-2016 | P1: INFO dropdown list
K2: AR year | L2: 2014 | P2: Table III.B.3 | R2: Table III.B.3
A3: MS | B3: Supra region | C3: Variable group (a) | D3: Variables | E3: Reference year | F3: Data sources | G3: Fishing technique (b) | H3: Length class (b) | I3: Type of data collection scheme (c) | J3: Achieved sample rate | K3: Response rate | L3: Comments | P3: Fleet segments vessels | R3: Fleet segments vessels lenght classes
A4: ESP | B4: Baltic Sea, North Sea and Eastern Arctic, and North Atlantic | C4: Income | D4: Gross value of landings | E4: 2013 | F4: questionnaires | G4: Demersal trawlers and/or demersal seiners | H4: 12-<18 m* | I4: B | J4: 0.05 | K4: 0.75 | P4: Beam trawlers | R4: 0-< 10 m
A5: ESP | B5: Baltic Sea, North Sea and Eastern Arctic, and North Atlantic | C5: Income | D5: Gross value of landings | E5: 2013 | F5: questionnaires | G5: Demersal trawlers and/or demersal seiners | H5: 18-<24 m | I5: B | J5: 0.036585366 | K5: 0.75 | P5: Demersal trawlers and/or demersal seiners | R5: 0-< 6 m
A6: ESP | B6: Baltic Sea, North Sea and Eastern Arctic, and North Atlantic | C6: Income | D6: Gross value of landings | E6: 2013 | F6: questionnaires | G6: Demersal trawlers and/or demersal seiners | H6: 24-<40 m | I6: B | J6: 0.046052632 | K6: 0.77777778 | P6: Pelagic trawlers | R6: 10-< 12 m
A7: ESP | B7: Baltic Sea, North Sea and Eastern Arctic, and North Atlantic | C7: Income | D7: Gross value of landings | E7: 2013 | F7: questionnaires | G7: Demersal trawlers and/or demersal seiners | H7: 40 m or larger | I7: B | J7: 0.33333333 | K7: 0.58333333 | P7: Purse seiners | R7: 6-< 12 m
A8: ESP | B8: Baltic Sea, North Sea and Eastern Arctic, and North Atlantic | C8: Income | D8: Gross value of landings | E8: 2013 | F8: questionnaires | G8: Purse seiners | H8: 10-<12 m* | I8: B | J8: 0.19047619 | K8: 1 | P8: Dredgers | R8: 12-< 18 m
A9: ESP | B9: Baltic Sea, North Sea and Eastern Arctic, and North Atlantic | C9: Income | D9: Gross value of landings | E9: 2013 | F9: questionnaires | G9: Purse seiners | H9: 12-<18 m | I9: B | J9: 0.039370079 | K9: 1 | P9: Vessel using other active gears | R9: 18-< 24 m
A10: ESP | B10: Baltic Sea, North Sea and Eastern Arctic, and North Atlantic | C10: Income | D10: Gross value of landings | E10: 2013 | F10: questionnaires | G10: Purse seiners | H10: 18-<24 m | I10: B | J10: 0.020618557 | K10: 0.5 | P10: Vessels using Polyvalent ‘active’ gears only | R10: 24-< 40 m
A11: ESP | B11: Baltic Sea, North Sea and Eastern Arctic, and North Atlantic | C11: Income | D11: Gross value of landings | E11: 2013 | F11: questionnaires | G11: Purse seiners | H11: 24-<40 m | I11: B | J11: 0.0625 | K11: 0.85714286 | P11: Vessels using hooks | R11: 40 m or larger
A12: ESP | B12: Baltic Sea, North Sea and Eastern Arctic, and North Atlantic | C12: Income | D12: Gross value of landings | E12: 2013 | F12: questionnaires | G12: Dredgers | H12: 00-<10 m | I12: B | J12: 0.016393443 | K12: 0.81081081 | P12: Drift and/or fixed netters
A13: ESP | B13: Baltic Sea, North Sea and Eastern Arctic, and North Atlantic | C13: Income | D13: Gross value of landings | E13: 2013 | F13: questionnaires | G13: Dredgers | H13: 10-<12 m | I13: B | J13: 0.25 | K13: 0.75 | P13: Vessels using Pots and/or traps
A14: ESP | B14: Baltic Sea, North Sea and Eastern Arctic, and North Atlantic | C14: Income | D14: Gross value of landings | E14: 2013 | F14: questionnaires | G14: Dredgers | H14: 12-<18 m | I14: B | J14: 0.024096386 | K14: 0.5 | P14: Vessels using other Passive gears
A15: ESP | B15: Baltic Sea, North Sea and Eastern Arctic, and North Atlantic | C15: Income | D15: Gross value of landings | E15: 2013 | F15: questionnaires | G15: Vessels using hooks | H15: 10-<12 m* | I15: B | J15: 0.047619048 | K15: 0.75 | P15: Vessels using Polyvalent ‘passive’ gears only
A16: ESP | B16: Baltic Sea, North Sea and Eastern Arctic, and North Atlantic | C16: Income | D16: Gross value of landings | E16: 2013 | F16: questionnaires | G16: Vessels using hooks | H16: 12-<18 m | I16: B | J16: 0.039473684 | K16: 0.75 | P16: Vessels using active and passive gears
A17: ESP | B17: Baltic Sea, North Sea and Eastern Arctic, and North Atlantic | C17: Income | D17: Gross value of landings | E17: 2013 | F17: questionnaires | G17: Vessels using hooks | H17: 18-<24 m | I17: B | J17: 0.14285714 | K17: 0.8
A18: ESP | B18: Baltic Sea, North Sea and Eastern Arctic, and North Atlantic | C18: Income | D18: Gross value of landings | E18: 2013 | F18: questionnaires | G18: Vessels using hooks | H18: 24-<40 m | I18: B | J18: 0.37037037 | K18: 1
A19: ESP | B19: Baltic Sea, North Sea and Eastern Arctic, and North Atlantic | C19: Income | D19: Gross value of landings | E19: 2013 | F19: questionnaires | G19: Drift and/or fixed netters | H19: 10-<12 m* | I19: B | J19: 0.016393443 | K19: 0.5
A20: ESP | B20: Baltic Sea, North Sea and Eastern Arctic, and North Atlantic | C20: Income | D20: Gross value of landings | E20: 2013 | F20: questionnaires | G20: Drift and/or fixed netters | H20: 12-<18 m | I20: B | J20: 0.018518519 | K20: 0.75
A21: ESP | B21: Baltic Sea, North Sea and Eastern Arctic, and North Atlantic | C21: Income | D21: Gross value of landings | E21: 2013 | F21: questionnaires | G21: Drift and/or fixed netters | H21: 18-<24 m* | I21: B | J21: 0.13333333 | K21: 1
A22: ESP | B22: Baltic Sea, North Sea and Eastern Arctic, and North Atlantic | C22: Income | D22: Gross value of landings | E22: 2013 | F22: questionnaires | G22: Vessels using polyvalent passive gears only | H22: 00-<10 m | I22: B | J22: 0.015270936 | K22: 0.75609756
A23: ESP | B23: Baltic Sea, North Sea and Eastern Arctic, and North Atlantic | C23: Income | D23: Gross value of landings | E23: 2013 | F23: questionnaires | G23: Vessels using polyvalent passive gears only | H23: 10-<12 m | I23: B | J23: 0.034482759 | K23: 0.75
A24: ESP | B24: Baltic Sea, North Sea and Eastern Arctic, and North Atlantic | C24: Income | D24: Gross value of landings | E24: 2013 | F24: questionnaires | G24: Vessels using polyvalent passive gears only | H24: 12-<18 m | I24: B | J24: 0.04 | K24: 0.5
A25: ESP | B25: Baltic Sea, North Sea and Eastern Arctic, and North Atlantic | C25: Income | D25: Gross value of landings | E25: 2013 | F25: questionnaires | G25: Vessels using polyvalent passive gears only | H25: 18-<24 m | I25: B | J25: 0.12676056 | K25: 0.9
A26: ESP | B26: Baltic Sea, North Sea and Eastern Arctic, and North Atlantic | C26: Income | D26: Gross value of landings | E26: 2013 | F26: questionnaires | G26: Vessels using polyvalent passive gears only | H26: 24-<40 m | I26: B | J26: 0.033333333 | K26: 0.5
A27: ESP | B27: Baltic Sea, North Sea and Eastern Arctic, and North Atlantic | C27: Income | D27: Gross value of landings | E27: 2013 | F27: questionnaires | G27: Vessels using pots and/or traps | H27: 10-<12 m | I27: B | J27: 0.16666667 | K27: 1
A28: ESP | B28: Baltic Sea, North Sea and Eastern Arctic, and North Atlantic | C28: Income | D28: Gross value of landings | E28: 2013 | F28: questionnaires | G28: Vessels using pots and/or traps | H28: 12-<18 m | I28: B | J28: 0.06122449 | K28: 0.75
... A1083: ESP | B1083: Other fishing regions | C1083: Employment | D1083: FTE harmonised | E1083: 2013 | F1083: questionnaires | G1083: Vessels using polyvalent passive gears only | H1083: 24-<40 m* | I1083: B | J1083: 0.15 | K1083: 0.6
P1085: Vessels using Polyvalent ‘active’ gears only | R1085: 24-< 40 m
P1086: Vessels using hooks | R1086: 40 m or larger
A1087: (a) capital value (apart from the value of quota and other fishing rights), capital costs and transversal variables should not be reported in this table. Transversal variables have to be reported only in table III.F.1. | P1087: Drift and/or fixed netters
A1088: (b) MS should specify the segments for which a specific sampling strategy has been used. | P1088: Vessels using Pots and/or traps
A1089: (c) A - Census; B - Probability Sample Survey; C - Non-Probability Sample Survey | P1089: Vessels using other Passive gears
P1090: Vessels using Polyvalent ‘passive’ gears only
P1091: Vessels using active and passive gears

Sheet III_C_1
A1: Table III.C.1 - List of identified metiers | P1: NP years | Q1: 2014-2016
P2: AR year | Q2: 2014
A3: MS | B3: Reference period | C3: Region | D3: RFMO/RFO/IO | E3: Fishing ground | F3: Metier LVL6 | G3: Effort Days | H3: Total Landings (tonnes) | I3: Total Value (euros) | J3: Identified Effort | K3: Identified Landings | L3: Identified Value | M3: Identified Other (1) | N3: Identified Discards | O3: Is metier merged with other metiers for sampling? | P3: Name of metier to sample (Table III_C_3 column G) | Q3: Comments
A4: ESP | B4: 2012-2013 | C4: North Sea and Eastern Arctic | D4: ICES | E4: ICES SA I, II | F4: OTB_DEF_>=120_0_0 | G4: 419.5 | H4: 14561.943 | I4: NA | J4: Y | K4: Y | L4: NA | M4: - | N4: - | O4: N | P4: OTB_DEF_>=120_0_0
A5: ESP | B5: 2012-2013 | C5: North Sea and Eastern Arctic | D5: ICES | E5: ICES SA I, II | F5: OTM_DEF_100-119_0_0 | G5: 158.5 | H5: 1535.6505 | I5: NA | J5: Y | K5: Y | L5: NA | M5: - | N5: - | O5: N | P5: OTM_DEF_100-119_0_0
A6: ESP | B6: 2012-2013 | C6: North Atlantic | D6: ICES | E6: ICES SA XII,XIV, Div. Va | F6: OTB_DWS_100-129_0_0 | G6: 562 | H6: 3596 | I6: NA | J6: Y | K6: Y | L6: NA | M6: - | N6: - | O6: N | P6: OTB_DWS_100-129_0_0
A7: ESP | B7: 2012-2013 | C7: North Atlantic | D7: ICES | E7: ICES SA XII,XIV, Div. Va | F7: OTM_DEF_100-129_0_0 | G7: 484 | H7: 5311 | I7: NA | J7: Y | K7: Y | L7: NA | M7: - | N7: - | O7: N | P7: OTM_DEF_100-129_0_0 | Q7: This fishery can derived ocasionally to the areas 1F and 2J of NAFO. Anyway the mayor part of catches are in ICES area
A8: ESP | B8: 2012-2013 | C8: North Atlantic | D8: NAFO | E8: NAFO | F8: OTB_MDD_130-219_0_0 | G8: 1091 | H8: 9864 | I8: NA | J8: Y | K8: Y | L8: NA | M8: - | N8: - | O8: N | P8: OTB_MDD_130-219_0_0
A9: ESP | B9: 2012-2013 | C9: North Atlantic | D9: NAFO | E9: NAFO | F9: OTB_MDD_>=220_0_0 | G9: 306 | H9: 4596 | I9: NA | J9: Y | K9: Y | L9: NA | M9: - | N9: - | O9: N | P9: OTB_MDD_>=220_0_0
A10: ESP | B10: 2012-2013 | C10: North Atlantic | D10: NAFO | E10: NAFO | F10: OTB_CRU_40-59_0_0 | G10: 10 | H10: 30 | I10: NA | J10: N | K10: N | L10: NA | M10: Y | N10: - | O10: N | P10: OTB_CRU_40-59_0_0
A11: ESP | B11: 2012-2013 | C11: North Atlantic | D11: NAFO | E11: NAFO | F11: OTM_DEF_130-135_0_0 | G11: 15 | H11: 207 | I11: NA | J11: N | K11: N | L11: NA | M11: Y | N11: - | O11: N | P11: OTM_DEF_130-135_0_0 | Q11: It had not any plannification for the 2014 sampling. Fishery in NAFO 6G
A12: ESP | B12: 2012-2013 | C12: North Atlantic | D12: ICES | E12: Bay of Biscay | F12: GNS_DEF_>=100_0_0 | G12: 1104 | H12: 2220.4803 | I12: 6575697.1 | J12: N | K12: N | L12: N | M12: Y | N12: - | O12: N | P12: GNS_DEF_>=100_0_0
A13: ESP | B13: 2012-2013 | C13: North Atlantic | D13: ICES | E13: Bay of Biscay | F13: GTR_DEF_60-79_0_0 | G13: 1 | H13: 5.175 | I13: 8702.949 | J13: N | K13: N | L13: N | M13: N | N13: N | O13: - | P13: -
A14: ESP | B14: 2012-2013 | C14: North Atlantic | D14: ICES | E14: Bay of Biscay | F14: LHM_SPF_0_0_0 | G14: 1.5 | H14: 0.5045 | I14: 609.8975 | J14: N | K14: N | L14: N | M14: N | N14: N | O14: - | P14: -
A15: ESP | B15: 2012-2013 | C15: North Atlantic | D15: ICES | E15: Bay of Biscay | F15: LLS_DEF_0_0_0 | G15: 3111 | H15: 4105.591 | I15: 17096555 | J15: N | K15: Y | L15: Y | M15: - | N15: - | O15: N | P15: LLS_DEF_0_0_0
A16: ESP | B16: 2012-2013 | C16: North Atlantic | D16: ICES | E16: Bay of Biscay | F16: OTB_DEF_>=70_0_0 | G16: 2346 | H16: 3937.3619 | I16: 10644837 | J16: N | K16: N | L16: Y | M16: - | N16: - | O16: N | P16: OTB_DEF_>=70_0_0
A17: ESP | B17: 2012-2013 | C17: North Atlantic | D17: ICES | E17: Bay of Biscay | F17: OTB_MCF_>=70_0_0 | G17: 561 | H17: 1502.9374 | I17: 4373614.3 | J17: N | K17: N | L17: N | M17: Y | N17: - | O17: N | P17: OTB_MCF_>=70_0_0
A18: ESP | B18: 2012-2013 | C18: North Atlantic | D18: ICES | E18: Bay of Biscay | F18: OTB_MPD_>=70_0_0 | G18: 17.5 | H18: 55.77225 | I18: 158465.31 | J18: N | K18: N | L18: N | M18: Y | N18: - | O18: N | P18: OTB_MPD_>=70_0_0
A19: ESP | B19: 2012-2013 | C19: North Atlantic | D19: ICES | E19: Bay of Biscay | F19: PS_SPF_0_0_0 | G19: 2294 | H19: 20581.492 | I19: 19507107 | J19: N | K19: Y | L19: Y | M19: - | N19: - | O19: N | P19: PS_SPF_0_0_0
A20: ESP | B20: 2012-2013 | C20: North Atlantic | D20: ICES | E20: Bay of Biscay | F20: PTB_DEF_>=70_0_0 | G20: 1447.5 | H20: 2640.3337 | I20: 6463167.6 | J20: N | K20: N | L20: N | M20: Y | N20: - | O20: N | P20: PTB_DEF_>=70_0_0
A21: ESP | B21: 2012-2013 | C21: North Atlantic | D21: ICES | E21: Iberian | F21: DRB_MOL_0_0_0 | G21: 198123 | H21: 3095.7015 | I21: 22053504 | J21: Y | K21: N | L21: Y | M21: - | N21: - | O21: N | P21: DRB_MOL_0_0_0 | Q21: No DCF species. Derogation will be asked
A22: ESP | B22: 2012-2013 | C22: North Atlantic | D22: ICES | E22: Iberian | F22: FPO_CRU_0_0_0 | G22: 17779.5 | H22: 219.54809 | I22: 3258324 | J22: Y | K22: N | L22: N | M22: - | N22: - | O22: N | P22: FPO_CRU_0_0_0 | Q22: No DCF species. Derogation will be asked
A23: ESP | B23: 2012-2013 | C23: North Atlantic | D23: ICES | E23: Iberian | F23: FPO_FIF_0_0_0 | G23: 4671.5 | H23: 550.92454 | I23: 1709923 | J23: N | K23: N | L23: N | M23: N | N23: N | O23: - | P23: -
A24: ESP | B24: 2012-2013 | C24: North Atlantic | D24: ICES | E24: Iberian | F24: FPO_MOL_0_0_0 | G24: 62967 | H24: 4697.9598 | I24: 18328106 | J24: Y | K24: Y | L24: Y | M24: - | N24: - | O24: N | P24: FPO_MOL_0_0_0
A25: ESP | B25: 2012-2013 | C25: North Atlantic | D25: ICES | E25: Iberian | F25: GNS_DEF_>=100_0_0 | G25: 1791.5 | H25: 559.69117 | I25: 2898734.5 | J25: N | K25: N | L25: N | M25: Y | N25: - | O25: N | P25: GNS_DEF_>=100_0_0
A26: ESP | B26: 2012-2013 | C26: North Atlantic | D26: ICES | E26: Iberian | F26: GNS_DEF_40-59_0_0 | G26: 7583 | H26: 607.22597 | I26: 3298355.1 | J26: Y | K26: N | L26: N | M26: - | N26: - | O26: N | P26: GNS_DEF_40-59_0_0
A27: ESP | B27: 2012-2013 | C27: North Atlantic | D27: ICES | E27: Iberian | F27: GNS_DEF_60-79_0_0 | G27: 19766 | H27: 1658.0616 | I27: 5369305.5 | J27: Y | K27: N | L27: N | M27: - | N27: - | O27: N | P27: GNS_DEF_60-79_0_0
A28: ESP | B28: 2012-2013 | C28: North Atlantic | D28: ICES | E28: Iberian | F28: GNS_DEF_80-99_0_0 | G28: 7130.5 | H28: 4040.8953 | I28: 11377950 | J28: Y | K28: Y | L28: Y | M28: - | N28: - | O28: N | P28: GNS_DEF_80-99_0_0
A29: ESP | B29: 2012-2013 | C29: North Atlantic | D29: ICES | E29: Iberian | F29: GTR_DEF_40-59_0_0 | G29: 11142.5 | H29: 722.91887 | I29: 4330851.9 | J29: Y | K29: N | L29: N | M29: - | N29: - | O29: N | P29: GTR_DEF_40-59_0_0
A30: ESP | B30: 2012-2013 | C30: North Atlantic | D30: ICES | E30: Iberian | F30: GTR_DEF_60-79_0_0 | G30: 50460.5 | H30: 3206.5964 | I30: 15196389 | J30: Y | K30: N | L30: Y | M30: - | N30: - | O30: N | P30: GTR_DEF_60-79_0_0
A31: ESP | B31: 2012-2013 | C31: North Atlantic | D31: ICES | E31: Iberian | F31: HMD_MOL_0_0_0 | G31: 16218.5 | H31: 4232.5709 | I31: 8128186.2 | J31: Y | K31: Y | L31: Y | M31: - | N31: - | O31: N | P31: HMD_MOL_0_0_0 | Q31: No DCF species. Derogation will be asked
A32: ESP | B32: 2012-2013 | C32: North Atlantic | D32: ICES | E32: Iberian | F32: LHM_CEP_0_0_0 | G32: 1936 | H32: 70.01695 | I32: 767213.2 | J32: N | K32: N | L32: N | M32: N | N32: N | O32: - | P32: -
A33: ESP | B33: 2012-2013 | C33: North Atlantic | D33: ICES | E33: Iberian | F33: LHM_DEF_0_0_0 | G33: 293.5 | H33: 79.45286 | I33: 165225.28 | J33: N | K33: N | L33: N | M33: N | N33: N | O33: - | P33: -
A34: ESP | B34: 2012-2013 | C34: North Atlantic | D34: ICES | E34: Iberian | F34: LHM_DWS_0_0_0 | G34: 3011.5 | H34: 163.32067 | I34: 1925033.2 | J34: N | K34: N | L34: N | M34: Y | N34: - | O34: N | P34: LHM_DWS_0_0_0
A35: ESP | B35: 2012-2013 | C35: North Atlantic | D35: ICES | E35: Iberian | F35: LHM_SPF_0_0_0 | G35: 4543 | H35: 7723.0695 | I35: 7893169.7 | J35: N | K35: Y | L35: Y | M35: - | N35: - | O35: N | P35: LHM_SPF_0_0_0
A36: ESP | B36: 2012-2013 | C36: North Atlantic | D36: ICES | E36: Iberian | F36: LLS_DEF_0_0_0 | G36: 34037.5 | H36: 7978.7062 | I36: 25910175 | J36: Y | K36: Y | L36: Y | M36: - | N36: - | O36: N | P36: LLS_DEF_0_0_0
A37: ESP | B37: 2012-2013 | C37: North Atlantic | D37: ICES | E37: Iberian | F37: LLS_DWS_0_0_0 | G37: 798.5 | H37: 352.39753 | I37: 937426.05 | J37: N | K37: N | L37: N | M37: Y | N37: - | O37: N | P37: LLS_DWS_0_0_0
A38: ESP | B38: 2012-2013 | C38: North Atlantic | D38: ICES | E38: Iberian | F38: OTB_DEF_>=55_0_0 | G38: 9561.5 | H38: 14044.648 | I38: 26995082 | J38: Y | K38: Y | L38: Y | M38: - | N38: - | O38: N | P38: OTB_DEF_>=55_0_0
A39: ESP | B39: 2012-2013 | C39: North Atlantic | D39: ICES | E39: Iberian | F39: OTB_MCD_>=55_0_0 | G39: 22914 | H39: 7098.3117 | I39: 32995050 | J39: Y | K39: Y | L39: Y | M39: - | N39: - | O39: N | P39: OTB_MCD_>=55_0_0
A40: ESP | B40: 2012-2013 | C40: North Atlantic | D40: ICES | E40: Iberian | F40: OTB_MPD_>=55_0_0 | G40: 4316 | H40: 16618.909 | I40: 19554163 | J40: N | K40: Y | L40: Y | M40: - | N40: - | O40: N | P40: OTB_MPD_>=55_0_0
A41: ESP | B41: 2012-2013 | C41: North Atlantic | D41: ICES | E41: Iberian | F41: PS_SPF_0_0_0 | G41: 38007.5 | H41: 97258.376 | I41: 1.0129735e+08 | J41: Y | K41: Y | L41: Y | M41: - | N41: - | O41: N | P41: PS_SPF_0_0_0
A42: ESP | B42: 2012-2013 | C42: North Atlantic | D42: ICES | E42: Iberian | F42: PTB_MPD_>=55_0_0 | G42: 7101.5 | H42: 26691.976 | I42: 29971833 | J42: N | K42: Y | L42: Y | M42: - | N42: - | O42: N | P42: PTB_MPD_>=55_0_0
A43: ESP | B43: 2012-2013 | C43: North Atlantic | D43: ICES | E43: Iberian | F43: SDN_MCF_<55_0_0 | G43: 2412.5 | H43: 77.16587 | I43: 529377.13 | J43: N | K43: N | L43: N | M43: N | N43: N | O43: - | P43: -
... A54: ESP | B54: 2012-2013 | C54: North Atlantic | D54: ICES | E54: West of Scotland | F54: OTB_DEF_70-99_0_0 | G54: 35 | H54: 97.7295 | I54: 219572.88 | J54: N | K54: N | L54: N | M54: N | N54: N | O54: N | P54: OTB_DEF_70-99_0_0
A55: ESP | B55: 2011-2013 | C55: Other regions | D55: CECAF | E55: From Morocco to Guinea Bissau | F55: PS_SPF_0_0_0 | G55: 463 | H55: 758 | I55: NA | J55: N | K55: N | L55: NA | M55: Y | N55: - | O55: N | P55: PS_SPF_0_0_0
A56: ESP | B56: 2011-2013 | C56: Other regions | D56: CECAF | E56: From Morocco to Guinea Bissau | F56: PS_SPF_10_0_0 | G56: 1502 | H56: 1982.7345 | I56: NA | J56: Y | K56: Y | L56: NA | M56: - | N56: - | O56: N | P56: PS_SPF_10_0_0
A57: ESP | B57: 2011-2013 | C57: Other regions | D57: CECAF | E57: From Morocco to Guinea Bissau | F57: OTB_CRU_>=40_0_0 | G57: 4360.5 | H57: 3139.5 | I57: NA | J57: Y | K57: Y | L57: NA | M57: - | N57: - | O57: N | P57: OTB_CRU_>=40_0_0
A58: ESP | B58: 2011-2013 | C58: Other regions | D58: CECAF | E58: From Morocco to Guinea Bissau | F58: OTB_CEP_>=70_0_0 | G58: 4808.5 | H58: 6980.63 | I58: NA | J58: Y | K58: Y | L58: NA | M58: - | N58: - | O58: N | P58: OTB_CEP_>=70_0_0
A59: ESP | B59: 2011-2013 | C59: Other regions | D59: CECAF | E59: From Morocco to Guinea Bissau | F59: OTB_DEF_>=70_0_0 | G59: 675.66667 | H59: 3819 | I59: NA | J59: N | K59: Y | L59: NA | M59: - | N59: - | O59: N | P59: OTB_DEF_>=70_0_0
A60: ESP | B60: 2011-2013 | C60: Other regions | D60: CECAF | E60: From Morocco to Guinea Bissau | F60: MIS_DES_0_0_0 | G60: 7199.3333 | H60: 1206.5545 | I60: NA | J60: Y | K60: Y | L60: NA | M60: - | N60: - | O60: N | P60: MIS_DES_0_0_0 | Q60: This metier was included in modification submmited at the end of 2014. The monitoring is planned to start in 2015.
A61: ESP | B61: 2011-2013 | C61: Other regions | D61: CECAF | E61: From Morocco to Guinea Bissau | F61: OTM_SPF_>=40_0_0 | G61: - | H61: - | I61: - | J61: - | K61: - | L61: - | M61: - | N61: - | O61: N | P61: OTM_SPF_>=40_0_0 | Q61: This meties is not in the ranking because is a UE non spanish fleet, but there is obligation of monitoring their landings in spanish ports.
A62: ESP | B62: 2011-2013 | C62: Other regions | D62: CECAF | E62: From Morocco to Guinea Bissau | F62: LLS_DEF_0_0_0 | G62: 0 | H62: 0 | I62: 0 | J62: - | K62: - | L62: - | M62: - | N62: - | O62: N | P62: LLS_DEF_0_0_0 | Q62: -
A63: ESP | B63: 2012-2013 | C63: Mediterranean and Black Sea | D63: GFCM | E63: GSA01 | F63: OTB_DEF_>=40_0_0 | G63: 20651 | H63: 4874.335 | I63: 19277306 | J63: Y | K63: Y | L63: Y | M63: - | N63: - | O63: N | P63: OTB_DEF_>=40_0_0
A64: ESP | B64: 2012-2013 | C64: Mediterranean and Black Sea | D64: GFCM | E64: GSA01 | F64: FPO_DEF_0_0_0 | G64: 11711.5 | H64: 823.6216 | I64: 3681612.2 | J64: Y | K64: N | L64: Y | M64: - | N64: - | O64: N | P64: FPO_DEF_0_0_0
A65: ESP | B65: 2012-2013 | C65: Mediterranean and Black Sea | D65: GFCM | E65: GSA01 | F65: GTR_DEF_>=16_0_0 | G65: 11479.5 | H65: 552.09693 | I65: 2982423.9 | J65: Y | K65: N | L65: Y | M65: - | N65: - | O65: Y | P65: GTR_DEF_>=16_0_0
A66: ESP | B66: 2012-2013 | C66: Mediterranean and Black Sea | D66: GFCM | E66: GSA01 | F66: GNS_SLP_>=16_0_0 | G66: 3831.5 | H66: 853.43149 | I66: 1351678.5 | J66: Y | K66: Y | L66: N | M66: - | N66: - | O66: Y
A67: ESP | B67: 2012-2013 | C67: Mediterranean and Black Sea | D67: GFCM | E67: GSA01 | F67: PS_SPF_>=14_0_0 | G67: 10084 | H67: 18677 | I67: 19359579 | J67: Y | K67: Y | L67: Y | M67: - | N67: - | O67: N | P67: PS_SPF_>=14_0_0
A68: ESP | B68: 2012-2013 | C68: Mediterranean and Black Sea | D68: GFCM | E68: GSA01 | F68: DRB_MOL_0_0_0 | G68: 6582 | H68: 871.03845 | I68: 1364995.5 | J68: Y | K68: Y | L68: N | M68: - | N68: - | O68: N | P68: DRB_MOL_0_0_0
A69: ESP | B69: 2012-2013 | C69: Mediterranean and Black Sea | D69: GFCM | E69: GSA01 | F69: OTB_DWS_>=40_0_0 | G69: 3826.5 | H69: 230.90067 | I69: 4192971.4 | J69: Y | K69: N | L69: Y | M69: - | N69: - | O69: N | P69: OTB_DWS_>=40_0_0
A70: ESP | B70: 2012-2013 | C70: Mediterranean and Black Sea | D70: GFCM | E70: GSA01 | F70: GNS_DEF_>=16_0_0 | G70: 2023.5 | H70: 130.00779 | I70: 429283.95 | J70: N | K70: N | L70: N | M70: N | N70: N | O70: - | P70: -
A71: ESP | B71: 2012-2013 | C71: Mediterranean and Black Sea | D71: GFCM | E71: GSA01 | F71: LLS_DEF_0_0_0 | G71: 1353 | H71: 73.103965 | I71: 469754.19 | J71: N | K71: N | L71: N | M71: N | N71: N | O71: - | P71: -
A72: ESP | B72: 2012-2013 | C72: Mediterranean and Black Sea | D72: GFCM | E72: GSA01 | F72: Misc_LLS* | G72: 773.5 | H72: 91.482465 | I72: 838646.94 | J72: N | K72: N | L72: N | M72: N | N72: N | O72: - | P72: - | Q72: * Deep water longline traditionally used in commercial fishing of the black spot seabream (Pagellus bogaraveo)
A73: ESP | B73: 2012-2013 | C73: Mediterranean and Black Sea | D73: GFCM | E73: GSA01 | F73: OTB_MDD_>=40_0_0 | G73: 660 | H73: 107.44662 | I73: 829476.7 | J73: N | K73: N | L73: N | M73: N | N73: N | O73: - | P73: -
A74: ESP | B74: 2012-2013 | C74: Mediterranean and Black Sea | D74: GFCM | E74: GSA01 | F74: LHP-LHM_FIF_0_0_0 | G74: 503.5 | H74: 25.78242 | I74: 101019.44 | J74: N | K74: N | L74: N | M74: N | N74: N | O74: - | P74: -
A75: ESP | B75: 2012-2013 | C75: Mediterranean and Black Sea | D75: GFCM | E75: GSA01 | F75: SB-SV_DEF_0_0_0 | G75: 452 | H75: 10.452045 | I75: 168406.88 | J75: N | K75: N | L75: N | M75: N | N75: N | O75: - | P75: -
A76: ESP | B76: 2012-2013 | C76: Mediterranean and Black Sea | D76: GFCM | E76: GSA01 | F76: LHP-LHM_CEP_0_0_0 | G76: 110 | H76: 12.058925 | I76: 54090.855 | J76: N | K76: N | L76: N | M76: N | N76: N | O76: - | P76: -
A77: ESP | B77: 2012-2013 | C77: Mediterranean and Black Sea | D77: GFCM | E77: GSA01 | F77: Misc_LHP** | G77: 15.5 | H77: 7.9903 | I77: 76036.95 | J77: N | K77: N | L77: N | M77: N | N77: N | O77: - | P77: - | Q77: ** Pole and line fishing is used to catch naturally schooling fish which can be attracted to the surface throwning over the board live bait.
A78: ESP | B78: 2012-2013 | C78: Mediterranean and Black Sea | D78: GFCM | E78: GSA02 | F78: OTB_DWS_>=40_0_0 | G78: 888 | H78: 68.626045 | I78: 1304543.4 | J78: Y | K78: Y | L78: Y | M78: - | N78: - | O78: Y | P78: OTB_DWS_>=40_0_0
A79: ESP | B79: 2012-2013 | C79: Mediterranean and Black Sea | D79: GFCM | E79: GSA02 | F79: OTB_MDD_>=40_0_0 | G79: 345 | H79: 49.1405 | I79: 483277.03 | J79: Y | K79: Y | L79: Y | M79: - | N79: - | O79: Y
A80: ESP | B80: 2012-2013 | C80: Mediterranean and Black Sea | D80: GFCM | E80: GSA02 | F80: OTB_DEF_>=40_0_0 | G80: 70.5 | H80: 12.02953 | I80: 76865.86 | J80: N | K80: N | L80: N | M80: N | N80: N | O80: - | P80: -
A81: ESP | B81: 2012-2013 | C81: Mediterranean and Black Sea | D81: GFCM | E81: GSA05 | F81: GTR_DEF_>=16_0_0 | G81: 10126.5 | H81: 207.92818 | I81: 2554567.4 | J81: Y | K81: Y | L81: Y | M81: - | N81: - | O81: Y | P81: GTR_DEF_>=16_0_0
A82: ESP | B82: 2012-2013 | C82: Mediterranean and Black Sea | D82: GFCM | E82: GSA05 | F82: GNS_DEF_>=16_0_0 | G82: 4315 | H82: 126.80838 | I82: 1153858 | J82: Y | K82: Y | L82: Y | M82: - | N82: - | O82: Y
A83: ESP | B83: 2012-2013 | C83: Mediterranean and Black Sea | D83: GFCM | E83: GSA05 | F83: LLS_DEF_0_0_0 | G83: 2836 | H83: 68.60944 | I83: 611346.54 | J83: Y | K83: N | L83: N | M83: - | N83: - | O83: Y
A84: ESP | B84: 2012-2013 | C84: Mediterranean and Black Sea | D84: GFCM | E84: GSA05 | F84: OTB_DEF_>=40_0_0 | G84: 5545.5 | H84: 1272.7337 | I84: 6725405.7 | J84: Y | K84: Y | L84: Y | M84: - | N84: - | O84: N | P84: OTB_DEF_>=40_0_0
A85: ESP | B85: 2012-2013 | C85: Mediterranean and Black Sea | D85: GFCM | E85: GSA05 | F85: OTB_DWS_>=40_0_0 | G85: 3219 | H85: 379.27523 | I85: 4665638.9 | J85: Y | K85: Y | L85: Y | M85: - | N85: - | O85: Y | P85: OTB_DWS_>=40_0_0
A86: ESP | B86: 2012-2013 | C86: Mediterranean and Black Sea | D86: GFCM | E86: GSA05 | F86: OTB_MDD_>=40_0_0 | G86: 2275.5 | H86: 437.43182 | I86: 3451442.9 | J86: Y | K86: Y | L86: Y | M86: - | N86: - | O86: Y
A87: ESP | B87: 2012-2013 | C87: Mediterranean and Black Sea | D87: GFCM | E87: GSA05 | F87: LA_SLP_14_0_0 | G87: 1391 | H87: 121.36443 | I87: 631388.62 | J87: Y | K87: N | L87: N | M87: - | N87: - | O87: N | P87: LA_SLP_14_0_0
A88: ESP | B88: 2012-2013 | C88: Mediterranean and Black Sea | D88: GFCM | E88: GSA05 | F88: PS_SPF_>=14_0_0 | G88: 1175 | H88: 873.63605 | I88: 1735839.5 | J88: N | K88: Y | L88: Y | M88: - | N88: - | O88: N | P88: PS_SPF_>=14_0_0
A89: ESP | B89: 2012-2013 | C89: Mediterranean and Black Sea | D89: GFCM | E89: GSA05 | F89: LHP-LHM_FIF_0_0_0 | G89: 781.5 | H89: 6.964915 | I89: 113755.84 | J89: N | K89: N | L89: N | M89: N | N89: N | O89: - | P89: -
A90: ESP | B90: 2012-2013 | C90: Mediterranean and Black Sea | D90: GFCM | E90: GSA05 | F90: SB-SV_DEF_0_0_0 | G90: 610.5 | H90: 15.650275 | I90: 248304.55 | J90: N | K90: N | L90: N | M90: N | N90: N | O90: - | P90: -
A91: ESP | B91: 2012-2013 | C91: Mediterranean and Black Sea | D91: GFCM | E91: GSA05 | F91: GNS_SLP_>=16_0_0 | G91: 285 | H91: 13.28424 | I91: 57407.56 | J91: N | K91: N | L91: N | M91: N | N91: N | O91: - | P91: -
A92: ESP | B92: 2012-2013 | C92: Mediterranean and Black Sea | D92: GFCM | E92: GSA05 | F92: FPO_DEF_0_0_0 | G92: 110.5 | H92: 2.31737 | I92: 15044.19 | J92: N | K92: N | L92: N | M92: N | N92: N | O92: - | P92: -
A93: ESP | B93: 2012-2013 | C93: Mediterranean and Black Sea | D93: GFCM | E93: GSA05 | F93: DRB_MOL_0_0_0 | G93: 3 | H93: 0.13425 | I93: 888.31 | J93: N | K93: N | L93: N | M93: N | N93: N | O93: - | P93: -
A94: ESP | B94: 2012-2013 | C94: Mediterranean and Black Sea | D94: GFCM | E94: GSA06 | F94: OTB_DEF_>=40_0_0 | G94: 68661 | H94: 20682.648 | I94: 85222371 | J94: Y | K94: Y | L94: Y | M94: - | N94: - | O94: N | P94: OTB_DEF_>=40_0_0
A95: ESP | B95: 2012-2013 | C95: Mediterranean and Black Sea | D95: GFCM | E95: GSA06 | F95: GTR_DEF_>=16_0_0 | G95: 40493.5 | H95: 1821.4868 | I95: 12627900 | J95: Y | K95: Y | L95: Y | M95: - | N95: - | O95: N | P95: GTR_DEF_>=16_0_0
A96: ESP | B96: 2012-2013 | C96: Mediterranean and Black Sea | D96: GFCM | E96: GSA06 | F96: PS_SPF_>=14_0_0 | G96: 18091 | H96: 30156.782 | I96: 51008359 | J96: Y | K96: Y | L96: Y | M96: - | N96: - | O96: N | P96: PS_SPF_>=14_0_0
A97: ESP | B97: 2012-2013 | C97: Mediterranean and Black Sea | D97: GFCM | E97: GSA06 | F97: GNS_DEF_>=16_0_0 | G97: 16534.5 | H97: 908.7595 | I97: 6875049.2 | J97: Y | K97: N | L97: Y | M97: - | N97: - | O97: N | P97: GNS_DEF_>=16_0_0
A98: ESP | B98: 2012-2013 | C98: Mediterranean and Black Sea | D98: GFCM | E98: GSA06 | F98: FPO_DEF_0_0_0 | G98: 13618 | H98: 871.0579 | I98: 5505815.6 | J98: Y | K98: N | L98: N | M98: - | N98: - | O98: N | P98: FPO_DEF_0_0_0
A99: ESP | B99: 2012-2013 | C99: Mediterranean and Black Sea | D99: GFCM | E99: GSA06 | F99: OTB_DWS_>=40_0_0 | G99: 11012.5 | H99: 1111.9132 | I99: 18443056 | J99: Y | K99: N | L99: Y | M99: - | N99: - | O99: Y | P99: OTB_DWS_>=40_0_0
A100: ESP | B100: 2012-2013 | C100: Mediterranean and Black Sea | D100: GFCM | E100: GSA06 | F100: OTB_MDD_>=40_0_0 | G100: 4321 | H100: 807.20137 | I100: 8036635.6 | J100: N | K100: N | L100: Y | M100: - | N100: - | O100: Y
A101: ESP | B101: 2012-2013 | C101: Mediterranean and Black Sea | D101: GFCM | E101: GSA06 | F101: LLS_DEF_0_0_0 | G101: 9767.5 | H101: 470.80436 | I101: 3590877 | J101: Y | K101: N | L101: N | M101: - | N101: - | O101: N | P101: LLS_DEF_0_0_0
A102: ESP | B102: 2012-2013 | C102: Mediterranean and Black Sea | D102: GFCM | E102: GSA06 | F102: GNS_SLP_>=16_0_0 | G102: 4066.5 | H102: 356.96793 | I102: 1377048.3 | J102: N | K102: N | L102: N | M102: N | N102: N | O102: - | P102: -
A103: ESP | B103: 2012-2013 | C103: Mediterranean and Black Sea | D103: GFCM | E103: GSA06 | F103: DRB_MOL_0_0_0 | G103: 2251.5 | H103: 49.16879 | I103: 422596.78 | J103: N | K103: N | L103: N | M103: N | N103: N | O103: - | P103: -
A104: ESP | B104: 2012-2013 | C104: Mediterranean and Black Sea | D104: GFCM | E104: GSA06 | F104: SB-SV_DEF_0_0_0 | G104: 1861.5 | H104: 808.81092 | I104: 2282187.6 | J104: N | K104: N | L104: N | M104: N | N104: N | O104: - | P104: -
A105: ESP | B105: 2012-2013 | C105: Mediterranean and Black Sea | D105: GFCM | E105: GSA06 | F105: LHP-LHM_CEP_0_0_0 | G105: 125 | H105: 0.49496 | I105: 9635.77 | J105: N | K105: N | L105: N | M105: N | N105: N | O105: - | P105: -
A106: ESP | B106: 2012-2013 | C106: Mediterranean and Black Sea | D106: GFCM | E106: GSA07 | F106: OTB_DEF_>=40_0_0 | G106: 2138 | H106: 785.92915 | I106: 3349744.2 | J106: Y | K106: Y | L106: Y | M106: - | N106: - | O106: N | P106: OTB_DEF_>=40_0_0
A107: ESP | B107: 2012-2013 | C107: Mediterranean and Black Sea | D107: GFCM | E107: GSA07 | F107: LLS_DEF_0_0_0 | G107: 932.5 | H107: 77.70433 | I107: 639941.73 | J107: Y | K107: Y | L107: Y | M107: - | N107: - | O107: N | P107: LLS_DEF_0_0_0
A108: ESP | B108: 2012-2013 | C108: Mediterranean and Black Sea | D108: GFCM | E108: GSA07 | F108: OTB_DWS_>=40_0_0 | G108: 642 | H108: 73.410615 | I108: 1261010.7 | J108: Y | K108: Y | L108: Y | M108: - | N108: - | O108: Y | P108: OTB_DWS_>=40_0_0
A109: ESP | B109: 2012-2013 | C109: Mediterranean and Black Sea | D109: GFCM | E109: GSA07 | F109: OTB_MDD_>=40_0_0 | G109: 421 | H109: 35.20458 | I109: 299532.67 | J109: Y | K109: N | L109: Y | M109: - | N109: - | O109: Y
A110: ESP | B110: 2012-2013 | C110: Mediterranean and Black Sea | D110: GFCM | E110: GSA07 | F110: FPO_DEF_0_0_0 | G110: 142 | H110: 28.069025 | I110: 164222.96 | J110: N | K110: N | L110: N | M110: N | N110: N | O110: - | P110: -
...

Sheet III_C_4
A1: Table III.C.4 - sampling strategy | P1: NP years | Q1: 2014-2016
P2: AR year | Q2: 2014
A3: MS | B3: MS participating in sampling | C3: Sampling year | D3: Region | E3: RFMO/RFO/IO | F3: Sampling frame code | G3: Sampling frame (fishing activities) | H3: Sampling frame (geographical location) | I3: Sampling frame (seasonality) | J3: Sampling strategy | K3: Sampling scheme | L3: Type of data collection scheme | M3: Time stratification | N3: Planned no. trips to be sampled at sea by MS | O3: Planned no. trips to be sampled on shore by MS | P3: Planned total no. trips to be sampled by MS (N+O) | Q3: Comments
A4: ESP | B4: ESP | C4: 2014 | D4: North Sea & Eastern Arctic | E4: ICES | F4: L1 | G4: Trawlers | H4: ICES I-II | I4: All year | J4: Concurrent at sea | K4: 1 | L4: B | M4: H | N4: 2 | O4: - | P4: 2
A5: ESP | B5: ESP | C5: 2014 | D5: North Atlantic | E5: ICES | F5: L2 | G5: Trawlers | H5: ICES XII-XIV, I-II | I5: All year | J5: Concurrent at sea | K5: 1 | L5: B | M5: H | N5: 3 | O5: - | P5: 3
A6: ESP | B6: ESP | C6: 2014 | D6: North Atlantic | E6: ICES-NAFO | F6: L3 | G6: Trawlers | H6: NAFO, ICES XII-VIb | I6: All year | J6: Concurrent at sea | K6: 1 | L6: B | M6: Q | N6: 9 | O6: - | P6: 9
A7: ESP | B7: ESP | C7: 2014 | D7: North Atlantic | E7: ICES | F7: I30 | G7: FPO_CRU_0_0_0 | I7: All year | J7: Concurrent | M7: Q | N7: 0 | O7: 0 | P7: 0 | Q7: No DCF species. Derogation will be asked
A8: ESP | B8: ESP | C8: 2014 | D8: North Atlantic | E8: ICES | F8: I31 | G8: FPO_MOL_0_0_0 | H8: Finisterre, Ribeira, Muros | I8: All year | J8: Concurrent-at-the-market | K8: 1 | L8: B | M8: Q | N8: - | O8: 60 | P8: 60
A9: ESP | B9: ESP | C9: 2014 | D9: North Atlantic | E9: ICES | F9: I53 | G9: GNS_DEF_40-59_0_0 | I9: All year | J9: Concurrent | M9: Q | N9: 0 | O9: 0 | P9: 0 | Q9: Metier selected in 2015 (revision of the NP 2015). It had not any plannification for the 2014 sampling
A10: ESP | B10: ESP | C10: 2014 | D10: North Atlantic | E10: ICES | F10: I32 | G10: GNS_DEF_60-79_0_0 | H10: Avilés/Gijón, Coruña, Fisterra, Muros | I10: All year | J10: Concurrent-at-the-market and concurrent-at-sea | K10: 1 | L10: B | M10: Q | N10: 25 | O10: 132 | P10: 301
A11: ESP | B11: ESP | C11: 2014 | D11: North Atlantic | E11: ICES | F11: I33 | G11: GNS_DEF_80-99_0_0 | H11: Luarca, Cedeira, Finisterre | I11: All year | J11: Concurrent-at-the-market and concurrent-at-sea | K11: 1 | L11: B | M11: Q | O11: 72
A12: ESP | B12: ESP | C12: 2014 | D12: North Atlantic | E12: ICES | F12: I34 | G12: GNS_DEF_>=100_0_0 | H12: Santoña, San Vicente, Cedeira | I12: All year | J12: Concurrent-at-the-market and concurrent-at-sea | K12: 1 | L12: B | M12: Q | O12: 72
A13: ESP | B13: ESP | C13: 2014 | D13: North Atlantic | E13: ICES | F13: I54 | G13: GTR_DEF_40-59_0_0 | I13: All year | J13: Concurrent | M13: Q | N13: 0 | O13: 0 | P13: 0
A14: ESP | B14: ESP | C14: 2014 | D14: North Atlantic | E14: ICES | F14: I35 | G14: GTR_DEF_60-79_0_0 | I14: All year | J14: Concurrent | M14: Q | N14: 0 | O14: 0 | P14: 0
A15: ESP | B15: ESP | C15: 2014 | D15: North Atlantic | E15: ICES | F15: I36 | G15: LHM_DWS_0_0_0 | H15: Tarifa | I15: All year | J15: Concurrent-at-the-market | K15: 1 | L15: B | M15: Q | N15: - | O15: 48 | P15: 48
A16: ESP | B16: ESP | C16: 2014 | D16: North Atlantic | E16: ICES | F16: I37 | G16: LHM_SPF_0_0_0 | H16: Santoña, Avilés/Gijón, Bermeo | I16: December-June | J16: Concurrent-at-the-market | K16: 1 | L16: B | M16: Q | N16: - | O16: 81 | P16: 81
A17: ESP | B17: ESP | C17: 2014 | D17: North Atlantic | E17: ICES | F17: I38 | G17: LLS_DEF_0_0_0 | H17: Avilés, Coruña, Ribeira | I17: All year | J17: Concurrent-at-the-market | K17: 1 | L17: B | M17: Q | N17: - | O17: 84 | P17: 84
A18: ESP | B18: ESP | C18: 2014 | D18: North Atlantic | E18: ICES | F18: I39 | G18: LLS_DWS_0_0_0 | H18: Barbate | I18: All year | J18: Concurrent-at-the-market | K18: 1 | L18: B | M18: Q | N18: - | O18: 24 | P18: 24
A19: ESP | B19: ESP | C19: 2014 | D19: North Atlantic | E19: ICES | F19: I40 | G19: OTB_MCD_>=55_0_0 | I19: All year | J19: Concurrent-at-sea | K19: 1 | L19: B | M19: Q | N19: 96 | O19: - | P19: 96
A20: ESP | B20: ESP | C20: 2014 | D20: North Atlantic | E20: ICES | F20: I41 | G20: OTB_DEF_>=55_0_0 | H20: Avilés, Burela, Coruña, Ribeira, Marín | I20: All year | J20: Concurrent-at-the-market and concurrent-at-sea | K20: 1 | L20: B | M20: Q | N20: 70 | O20: 216 | P20: 286
A21: ESP | B21: ESP | C21: 2014 | D21: North Atlantic | E21: ICES | F21: I41 | G21: OTB_MPD_>=55_0_0 | H21: Avilés, Burela, Coruña, Ribeira, Marín | I21: All year | K21: 1 | L21: B | M21: Q
A22: ESP | B22: ESP | C22: 2014 | D22: North Atlantic | E22: ICES | F22: I42 | G22: PS_SPF_0_0_0 | H22: Santoña, Avilés/Gijón, Coruña, Ribeira, Vigo. Golfo de Cádiz | I22: All year | J22: Concurrent-at-the-market and concurrent-at-sea | K22: 1 | L22: B | M22: Q | N22: 8 | O22: 424 | P22: 432
A23: ESP | B23: ESP | C23: 2014 | D23: North Atlantic | E23: ICES | F23: I43 | G23: PTB_MPD_>=55_0_0 | H23: Avilés, Celeiro, Coruña, Ribeira | I23: All year | J23: Concurrent-at-the-market and concurrent-at-sea | K23: 1 | L23: B | M23: Q | N23: 40 | O23: 94 | P23: 136
A24: ESP | B24: ESP | C24: 2014 | D24: North Atlantic | E24: ICES | F24: I44 | G24: LLS_DEF_0_0_0 | H24: Aviles, Celeiro, Burela, Coruña | I24: All year | J24: Concurrent-at-the-market | K24: 1 | L24: B | M24: Q | N24: - | O24: 24 | P24: 24
A25: ESP | B25: ESP | C25: 2014 | D25: North Atlantic | E25: ICES | F25: I45 | G25: OTB_DEF_>=70_0_0 | H25: Ondarroa, Santander, Aviles | I25: All year | J25: Concurrent-at-the-market and concurrent-at-sea | K25: 1 | L25: B | M25: Q | N25: 10 | O25: 50 | P25: 60
A26: ESP | B26: ESP | C26: 2014 | D26: North Atlantic | E26: ICES | F26: I45 | G26: OTB_MCF_>=70_0_0 | H26: Ondarroa | I26: All year | J26: Concurrent-at-the-market and concurrent-at-sea | K26: 1 | L26: B | M26: Q
A27: ESP | B27: ESP | C27: 2014 | D27: North Atlantic | E27: ICES | F27: I45 | G27: OTB_MPD_>=70_0_0 | H27: Ondarroa | I27: All year | J27: Concurrent-at-the-market and concurrent-at-sea | K27: 1 | L27: B | M27: Q
A28: ESP | B28: ESP | C28: 2014 | D28: North Atlantic | E28: ICES | F28: I46 | G28: PS_SPF_0_0_0 | H28: Ondarroa, Bermeo, Hondarribia | I28: All year | J28: Concurrent-at-the-market | K28: 1 | L28: B | M28: Q | N28: - | O28: 30 | P28: 30
A29: ESP | B29: ESP | C29: 2014 | D29: North Atlantic | E29: ICES | F29: I47 | G29: PTB_DEF_>=70_0_0 | H29: Ondarroa | I29: All year | J29: Concurrent-at-the-market and concurrent-at-sea | K29: 1 | L29: B | M29: Q | N29: 8 | O29: 10 | P29: 18
A30: ESP | B30: ESP | C30: 2014 | D30: North Atlantic | E30: ICES | F30: I48 | G30: GNS_DEF_>=100_0_0 | H30: Celeiro | I30: All year | J30: Concurrent-at-the-market | K30: 1 | L30: B | M30: Q | N30: - | O30: 24 | P30: 24
A31: ESP | B31: ESP | C31: 2014 | D31: North Atlantic | E31: ICES | F31: I48 | G31: GNS_DEF_120-219_0_0 | H31: Celeiro | I31: All year | J31: Concurrent-at-the-market | K31: 1 | L31: B | M31: Q | N31: -
A32: ESP | B32: ESP | C32: 2014 | D32: North Atlantic | E32: ICES | F32: I49 | G32: LLS_DEF_0_0_0 | H32: Celeiro, Burela, Coruña | I32: All year | J32: Concurrent-at-the-market | K32: 1 | L32: B | M32: Q | N32: - | O32: 36 | P32: 36
A33: ESP | B33: ESP | C33: 2014 | D33: North Atlantic | E33: ICES | F33: I50 | G33: OTB_DEF_70-99_0_0 | H33: Vigo | I33: All year | J33: Concurrent-at-the-market and concurrent-at-sea | K33: 1 | L33: B | M33: Q | N33: 17 | O33: 36 | P33: 105
A34: ESP | B34: ESP | C34: 2014 | D34: North Atlantic | E34: ICES | F34: I51 | G34: OTB_DEF_100-119_0_0 | H34: Coruña | I34: All year | J34: Concurrent-at-the-market and concurrent-at-sea | K34: 1 | M34: Q | O34: 48
A35: ESP | B35: ESP | C35: 2014 | D35: North Atlantic | E35: ICES | F35: I52 | G35: OTB_DEF_100-119_0_0 | H35: Ondarroa | I35: All year | J35: Concurrent-at-the-market and concurrent-at-sea | K35: 1 | L35: B | M35: Q | O35: 4
A36: ESP | B36: ESP | C36: 2015 | D36: North Atlantic | E36: ICES | F36: - | G36: DRB_MOL_0_0_0 | I36: All year | J36: - | L36: - | M36: - | N36: - | O36: - | P36: - | Q36: No DCF species. Derogation will be asked
A37: ESP | B37: ESP | C37: 2016 | D37: North Atlantic | E37: ICES | F37: - | G37: HMD_MOL_0_0_0 | I37: All year | J37: - | L37: - | M37: - | N37: - | O37: - | P37: - | Q37: No DCF species. Derogation will be asked
A38: ESP | B38: ESP | C38: 2014 | D38: Other regions | E38: CECAF | F38: C1 | G38: Purse seiners targeting anchovy | H38: Moroccan Coast (CECAF_ FAO 34.1.11) | I38: All year (except closed seasons in February-March) | J38: Concurrent-at-sea / Concurrent at market | K38: 1 | L38: B | M38: M | N38: 20 | O38: 10 | P38: =N38+O38 -> 30
A39: ESP | B39: ESP | C39: 2014 | D39: Other regions | E39: CECAF | F39: C2 | G39: Purse seiners targeting anchovy | H39: Moroccan Coast (CECAF_ FAO 34.1.11) sampled in Port of Barbate | I39: All year (except closed seasons in February-March) | J39: Other [Market stock specific sampling] | L39: B | M39: M | N39: 0 | O39: 30 | P39: 30 | Q39: Specific sampling of target species (anchovy) to complement the concurrent sampling
A40: ESP | B40: ESP | C40: 2014 | D40: Other regions | E40: CECAF | F40: C3 | G40: Artisanal Purse seiners targeting small pelagiscs | H40: Canary Islands waters (CECAF_ FAO 34.1.2) | I40: All year | J40: Concurrent at market | K40: 1 | L40: B | M40: M | N40: 0 | O40: 12 | P40: =N40+O40 -> 12
A41: ESP | B41: ESP | C41: 2014 | D41: Other regions | E41: CECAF | F41: C4 | G41: OTB targeting shrimps | H41: Mauritania (CECAF_ FAO 34.1.32 and FAO 34.3.11) and G. Bissau (FAO 34.3.13) | I41: All year (except closed seasons in Mauritania) | J41: Concurrent at sea | K41: 1 | L41: B | M41: Q | N41: 4 | O41: 0 | P41: =N41+O41 -> 4 | Q41: two different fishing grounds because the sampling is carried out every other year alternatively
A42: ESP | B42: ESP | C42: 2014 | D42: Other regions | E42: CECAF | F42: C5 | G42: OTB targeting cephalops | H42: Mauritania (CECAF_ FAO 34.1.32 and FAO 34.3.11) and G. Bissau (FAO 34.3.13) | I42: All year (except closed seasons in Mauritania) | J42: Concurrent at sea | K42: 1 | L42: B | M42: Q | N42: 3 | O42: 0 | P42: =N42+O42 -> 3
A43: ESP | B43: ESP | C43: 2014 | D43: Other regions | E43: CECAF | F43: C6 | G43: OTB targeting black hake | H43: Mauritania (CECAF_ FAO 34.1.32 and FAO 34.3.11) and Morocco-Sahara (FAO 34.1.31 and FAO 34.1.32) | I43: All year | J43: Concurrent-at-sea / Concurrent at market | K43: 1 | L43: B | M43: M | N43: 12 | O43: 48 | P43: =N43+O43 -> 60
A44: ESP | B44: ESP | C44: 2014 | D44: Other regions | E44: CECAF | F44: C7 | G44: Artisanal fleet targeting demersal fish | H44: Canary Islands waters (CECAF_ FAO 34.1.2) | I44: All year | J44: Concurrent-at-sea | K44: 1 | L44: B | M44: M | N44: 12 | O44: 0 | P44: =N44+O44 -> 12 | Q44: This metier was included in modification submmited at the end of 2014. The monitoring is planned to start in 2015.
A45: ESP | B45: ESP | C45: 2014 | D45: Other regions | E45: CECAF | F45: C8 | G45: OTM targeting small pelagics | H45: Mauritania (CECAF_ FAO 34.1.32 and FAO 34.3.11) | I45: All year | J45: Concurrent-at-market | K45: 1 | L45: B | M45: Q | N45: 0 | O45: 4 | P45: =N45+O45 -> 4 | Q45: The new fisheries agreement with Mauritania forces the European fleet to land the fish in Nouadhibou (Mauritania), with exception of the last trip before leaving the area. During the previous agreements they routinely landed in Puerto de la Luz (in Las Palmas).
A46: ESP | B46: ESP | C46: 2014 | D46: Mediterranean and Black Sea | E46: GFCM | F46: M1C | G46: OTB_DEF_>=40_0_0 | H46: GSA01 | I46: All year | J46: Concurrent at sea | K46: 1 | L46: B | M46: M | N46: 96 | O46: 0 | P46: =N46+O46 -> 96
A47: ESP | B47: ESP | C47: 2014 | D47: Mediterranean and Black Sea | E47: GFCM | F47: M1S | G47: OTB_DEF_>=40_0_0 | H47: GSA01 | I47: All year | J47: Other [Market stock specific sampling] | L47: B | M47: M | N47: 0 | O47: 0 | P47: 0 | Q47: Some stock specific sampling of M. merluccius and O. vulgaris have been added to assessment purposes
A48: ESP | B48: ESP | C48: 2014 | D48: Mediterranean and Black Sea | E48: GFCM | F48: M2C | G48: OTB_DWS_>=40_0_0 | H48: GSA01 | I48: All year | J48: Concurrent at sea | K48: 1 | L48: B | M48: M | N48: 24 | O48: 0 | P48: =N48+O48 -> 24
A49: ESP | B49: ESP | C49: 2014 | D49: Mediterranean and Black Sea | E49: GFCM | F49: M3C | G49: FPO_DEF_0_0_0 | H49: GSA01 | I49: All year | J49: Concurrent | K49: 1 | L49: B | M49: M | N49: 0 | O49: 12 | P49: =N49+O49 -> 12
A50: ESP | B50: ESP | C50: 2014 | D50: Mediterranean and Black Sea | E50: GFCM | F50: M4C | G50: GTR_DEF_>=16_0_0 | H50: GSA01 | I50: All year | J50: Concurrent | K50: 1 | L50: B | M50: M | N50: 0 | O50: 24 | P50: =N50+O50 -> 24 | Q50: The on shore planned sampling has been changed to at sea
A51: ESP | B51: ESP | C51: 2014 | D51: Mediterranean and Black Sea | E51: GFCM | F51: M5C | G51: PS_SPF_>=14_0_0 | H51: GSA01 | I51: All year | J51: Concurrent | K51: 1 | L51: B | M51: M | N51: 48 | O51: 48 | P51: =N51+O51 -> 96
A52: ESP | B52: ESP | C52: 2014 | D52: Mediterranean and Black Sea | E52: GFCM | F52: M5S | G52: PS_SPF_>=14_0_0 | H52: GSA01 | I52: All year | J52: Other [Market stock specific sampling] | L52: B | M52: M | N52: 0 | O52: 12 | P52: =N52+O52 -> 12 | Q52: Other [Market stock specific sampling] of E. encrasicholus and S. pilchardus
A53: ESP | B53: ESP | C53: 2014 | D53: Mediterranean and Black Sea | E53: GFCM | F53: M6C | G53: OTB_DWS_>=40_0_0 | H53: GSA02 | I53: May - Oct | J53: Concurrent at sea | K53: 1 | L53: B | M53: M | N53: 6 | O53: 0 | P53: =N53+O53 -> 6
A54: ESP | B54: ESP | C54: 2014 | D54: Mediterranean and Black Sea | E54: GFCM | F54: M6S | G54: OTB_DWS_>=40_0_0 | H54: GSA02 | I54: May - Oct | J54: Other [Market stock specific sampling] | L54: B | M54: M | N54: 0 | O54: 0 | P54: 0 | Q54: Some stock specific sampling of A. antennatus have been added to assessment purposes
A55: ESP | B55: ESP | C55: 2014 | D55: Mediterranean and Black Sea | E55: GFCM | F55: M7C | G55: OTB_DEF_>=40_0_0 | H55: GSA05 | I55: All year | J55: Concurrent at sea | K55: 1 | L55: B | M55: M | N55: 24 | O55: 0 | P55: =N55+O55 -> 24
A56: ESP | B56: ESP | C56: 2014 | D56: Mediterranean and Black Sea | E56: GFCM | F56: M8C | G56: OTB_DWS_>=40_0_0 | H56: GSA05 - Ibiza | I56: All year | J56: Concurrent at sea | K56: 1 | L56: B | M56: Q | N56: 5 | O56: 0 | P56: =N56+O56 -> 5
A57: ESP | B57: ESP | C57: 2014 | D57: Mediterranean and Black Sea | E57: GFCM | F57: M9C | G57: OTB_DWS_>=40_0_0 | H57: GSA05 - Mallorca | I57: All year | J57: Concurrent at sea | K57: 1 | L57: B | M57: M | N57: 24 | O57: 0 | P57: =N57+O57 -> 24
A58: ESP | B58: ESP | C58: 2014 | D58: Mediterranean and Black Sea | E58: GFCM | F58: M10C | G58: GTR_DEF_>=16_0_0 | H58: GSA05 | I58: All year | J58: Concurrent | K58: - | L58: B | M58: M | N58: 0 | O58: 36 | P58: =N58+O58 -> 36
A59: ESP | B59: ESP | C59: 2014 | D59: Mediterranean and Black Sea | E59: GFCM | F59: M12C | G59: OTB_DEF_>=40_0_0 | H59: GSA06 | I59: All year | J59: Concurrent at sea | K59: 1 | L59: B | M59: M | N59: 108 | O59: 0 | P59: =N59+O59 -> 108
A60: ESP | B60: ESP | C60: 2014 | D60: Mediterranean and Black Sea | E60: GFCM | F60: M12S | G60: OTB_DEF_>=40_0_0 | H60: GSA06 | I60: All year | J60: Other [Market stock specific sampling] | L60: B | M60: M | N60: 0 | O60: 36 | P60: =N60+O60 -> 36 | Q60: Other [Market stock specific sampling] of M. merluccius, M. barbatus and L. budegassa
A61: ESP | B61: ESP | C61: 2014 | D61: Mediterranean and Black Sea | E61: GFCM | F61: M13C | G61: OTB_DWS_>=40_0_0 | H61: GSA06 | I61: All year | J61: Concurrent at sea | K61: 1 | L61: B | M61: M | N61: 36 | O61: 0 | P61: =N61+O61 -> 36
A62: ESP | B62: ESP | C62: 2014 | D62: Mediterranean and Black Sea | E62: GFCM | F62: M14C | G62: LLS_DEF_0_0_0 | H62: GSA06 | I62: All year | J62: Concurrent | K62: 1 | L62: B | M62: M | N62: 0 | O62: 24 | P62: =N62+O62 -> 24
A63: ESP | B63: ESP | C63: 2014 | D63: Mediterranean and Black Sea | E63: GFCM | F63: M14S | G63: LLS_DEF_0_0_0 | H63: GSA06 | I63: All year | J63: Other [Market stock specific sampling] | L63: B | M63: M | N63: 0 | O63: 24 | P63: =N63+O63 -> 24 | Q63: Other [Market stock specific sampling] of M. merluccius
A64: ESP | B64: ESP | C64: 2014 | D64: Mediterranean and Black Sea | E64: GFCM | F64: M15C | G64: GTR_DEF_>=16_0_0 | H64: GSA06 | I64: All year | J64: Concurrent | K64: 1 | L64: B | M64: M | N64: 0 | O64: 24 | P64: =N64+O64 -> 24 | Q64: Some on shore planned sampling has been changed to at sea
A65: ESP | B65: ESP | C65: 2014 | D65: Mediterranean and Black Sea | E65: GFCM | F65: M21S | G65: GNS_DEF_>=16_0_0 | H65: GSA06 | I65: All year | J65: Other [Market stock specific sampling] | L65: B | M65: M | N65: 0 | O65: 12 | P65: =N65+O65 -> 12 | Q65: Some at sea concurrent sampling have been added
A66: ESP | B66: ESP | C66: 2014 | D66: Mediterranean and Black Sea | E66: GFCM | F66: M16C | G66: PS_SPF_>=14_0_0 | H66: GSA06 | I66: All year | J66: Concurrent | K66: 1 | L66: B | M66: M | N66: 0 | O66: 120 | P66: =N66+O66 -> 120
A67: ESP | B67: ESP | C67: 2014 | D67: Mediterranean and Black Sea | E67: GFCM | F67: M16S | G67: PS_SPF_>=14_0_0 | H67: GSA06 | I67: All year | J67: Other [Market stock specific sampling] | L67: B | M67: M | N67: 0 | O67: 84 | P67: =N67+O67 -> 84 | Q67: Other [Market stock specific sampling] of E. encrasicholus and S. pilchardus
A68: ESP | B68: ESP | C68: 2014 | D68: Mediterranean and Black Sea | E68: GFCM | F68: M17C | G68: OTB_DEF_>=40_0_0 | H68: GSA07 | I68: All year | J68: Concurrent at sea | K68: 1 | L68: B | M68: M | N68: 24 | O68: 0 | P68: =N68+O68 -> 24
A69: ESP | B69: ESP | C69: 2014 | D69: Mediterranean and Black Sea | E69: GFCM | F69: M18C | G69: OTB_DWS_>=40_0_0 | H69: GSA07 | I69: All year | J69: Concurrent at sea | K69: 1 | L69: B | M69: M | N69: 12 | O69: 0 | P69: =N69+O69 -> 12
A70: ESP | B70: ESP | C70: 2014 | D70: Mediterranean and Black Sea | E70: GFCM | F70: M19C | G70: LLS_DEF_0_0_0 | H70: GSA07 | I70: All year | J70: Concurrent | K70: 1 | L70: B | M70: M | N70: 0 | O70: 48 | P70: =N70+O70 -> 48 | Q70: The on shore planned sampling has been changed to at sea
A71: ESP | B71: ESP | C71: 2014 | D71: Mediterranean and Black Sea | E71: GFCM | F71: - | G71: DRB_MOL_0_0_0 | H71: GSA01 | J71: - | L71: - | M71: - | N71: - | O71: - | P71: - | Q71: No DCF species. Derogation will be asked
A72: ESP | B72: ESP | C72: 2014 | D72: Mediterranean and Black Sea | E72: GFCM | F72: M22C | G72: LA_SLP_14_0_0 | H72: GSA05 | J72: Concurrent | L72: B | M72: M | N72: 0 | O72: 0 | P72: 0 | Q72: Metier selected in 2015 (revision of the NP 2015). It had not any plannification for the 2014 sampling
A73: ESP | B73: ESP | C73: 2014 | D73: Mediterranean and Black Sea | E73: GFCM | F73: M23C | G73: PS_SPF_>=14_0_0 | H73: GSA05 | J73: Concurrent | L73: B | M73: M | N73: 0 | O73: 0 | P73: 0 | Q73: Metier selected in 2015 (revision of the NP 2015). It had not any plannification for the 2014 sampling
A74: ESP | B74: ESP | C74: 2014 | D74: Mediterranean and Black Sea | E74: GFCM | F74: M24C | G74: FPO_DEF_0_0_0 | H74: GSA06 | I74: All year | J74: Concurrent | L74: B | M74: M | N74: 0 | O74: 0 | P74: 0 | Q74: Metier selected in 2015 (revision of the NP 2015). It had not any plannification for the 2014 sampling
A75: ESP | B75: ESP | C75: 2014 | D75: Mediterranean Sea and Black Sea | E75: ICCAT | F75: T1 | G75: Drifting longlines | H75: Mediterranean Sea | I75: All year | J75: Concurrent at sea | K75: 1 | L75: B | M75: M | N75: 150 | O75: 0 | P75: =N75+O75 -> 150
A76: ESP | B76: ESP | C76: 2014 | D76: Mediterranean Sea and Black Sea | E76: ICCAT | F76: T4 | G76: Drifting longlines | H76: Calpe, Cartagena, Moltril, Algeciras, Carboneras and Tarifa | I76: All year | J76: Concurrent at market | K76: 1 | L76: B | M76: M | N76: 0 | O76: 200 | P76: =N76+O76 -> 200
A77: ESP | B77: ESP | C77: 2014 | D77: Mediterranean Sea and Black Sea | E77: ICCAT | F77: T2 | G77: Stationary uncovered pound nets Mediterranean | H77: Azohia/Ceuta | I77: April-June / July -December | J77: Concurrent at market | K77: 1 | L77: B | M77: M | N77: 28 | O77: 40 | P77: =N77+O77 -> 68
A78: ESP | B78: ESP | C78: 2014 | D78: Mediterranean Sea and Black Sea | E78: ICCAT | F78: T3 | G78: Purse seine | H78: Cartagena and Carboneras | I78: All year | J78: Concurrent at market | K78: 1 | L78: B | M78: M | N78: 0 | O78: 1 | P78: =N78+O78 -> 1
A79: ESP | B79: ESP | C79: 2014 | D79: Other Regions | E79: ICCAT/IOTC/IATTC/WCPFC | F79: T5 | G79: Drifting longlines targeting SWO | H79: All Oceans | I79: All year | J79: Concurrent at sea | K79: 1 | L79: B | M79: Y | N79: 4 | O79: 0 | P79: =N79+O79 -> 4
A80: ESP | B80: ESP | C80: 2014 | D80: Other Regions | E80: ICCAT | F80: T14 | G80: Drifting longlines targeting SWO | H80: Algeciras, Tarifa, Coruña and Vigo | I80: All year | J80: Concurrent at market | K80: 1 | L80: B | M80: Y | N80: 0 | O80: (*) | P80: (*) | Q80: (*) difficult to plan the number of trips sampled in advance
A81: ESP | B81: ESP | C81: 2014 | D81: Other Regions | E81: IATTC/WCPFC | F81: T7 | G81: Purse seine | H81: Pacific Ocean | I81: All year | J81: Concurrent at sea | K81: 3 | L81: B | M81: Y | N81: 12 | O81: 0 | P81: =N81+O81 -> 12
A82: ESP | B82: ESP | C82: 2014 | D82: Other Regions | E82: ICCAT | F82: T8 | G82: Stationary uncovered pound nets Atlantic | H82: Tarifa, Barbate and Zahara | I82: April-June | J82: Concurrent at market | K82: 1 | L82: B | M82: M | N82: 0 | O82: 30 | P82: =N82+O82 -> 30
A83: ESP | B83: ESP | C83: 2014 | D83: Other Regions | E83: ICCAT | F83: T9 | G83: Baitboat Cantabrian Sea targeting BFT | H83: Fuenterrabía and Guetaria | I83: Summer and Autumn | J83: Concurrent at market | K83: 1 | L83: B | M83: Y | N83: 0 | O83: 0 | P83: =N83+O83 -> 0 | Q83: No fishing activities last two years
A84: ESP | B84: ESP | C84: 2014 | D84: Other Regions | E84: ICCAT | F84: T10 | G84: Baitboat Atlantic targeting BFT | H84: Strait of Gibraltar | I84: Summer and Autumn | J84: Concurrent at market | K84: 1 | L84: B | M84: M | N84: 0 | O84: 50 | P84: =N84+O84 -> 50
A85: ESP | B85: ESP | C85: 2014 | D85: Other Regions | E85: ICCAT | F85: T11 | G85: Handline Atlantic targeting BFT | H85: Strait of Gibraltar | I85: Summer and Autumn | J85: Concurrent at market | K85: 1 | L85: B | M85: M | N85: 0 | O85: 100 | P85: =N85+O85 -> 100
A86: ESP | B86: ESP | C86: 2014 | D86: Other Regions | E86: ICCAT | F86: T12 | G86: Baitboat targeting ALB | H86: País Vasco and Cantabria | I86: Summer and Autumn | J86: Concurrent at market | K86: 1 | L86: B | M86: Q | N86: 0 | O86: 110 | P86: =N86+O86 -> 110
A87: ESP | B87: ESP | C87: 2014 | D87: Other Regions | E87: ICCAT | F87: T13 | G87: Troll targeting ALB | H87: País Vasco, Cantabria, Asturias and Galicia | I87: Summer and Autumn | J87: Concurrent at market | K87: 1 | L87: B | M87: Q | N87: 0 | O87: 250 | P87: =N87+O87 -> 250
A88: ESP | B88: ESP | C88: 2014 | D88: Other Regions | E88: ICCAT | F88: T15 | G88: Baitboat Canarias | H88: S.C Tenerife, Tazacorte and Arrecife | I88: All year | J88: Concurrent at market | K88: 1 | L88: B | M88: Y | N88: 0 | O88: 700 | P88: =N88+O88 -> 700
A89: ESP | B89: ESP | C89: 2014 | D89: Other Regions | E89: ICCAT | F89: T16 | G89: Baitboat Dakar | H89: Dakar | I89: All year | J89: Concurrent at market | K89: 1 | L89: B | M89: Y | N89: 0 | O89: 100 | P89: =N89+O89 -> 100
A90: ESP | B90: ESP | C90: 2014 | D90: Other Regions | E90: ICCAT | F90: T17 | G90: Purse seine | H90: Dakar and Abidjan | I90: All year | J90: Concurrent at market | K90: 3 | L90: B | M90: Y | N90: 0 | O90: 130 | P90: =N90+O90 -> 130
A91: ESP | B91: ESP | C91: 2014 | D91: Other Regions | E91: ICCAT/IOTC | F91: T6 | G91: Purse seine | H91: Atlantic and Indian Oceans | I91: All year | J91: Concurrent at sea | K91: 3 | L91: B | M91: Y | N91: 26 | O91: 0 | P91: =N91+O91 -> 26
A92: ESP | B92: ESP | C92: 2014 | D92: Other Regions | E92: IOTC | F92: T18 | G92: Purse seine | H92: Victoria | I92: All year | J92: Concurrent at market | K92: 3 | L92: B | M92: Y | N92: 0 | O92: 120 | P92: =N92+O92 -> 120

Sheet III_C_3
A1: Table III.C.3 - Sampled trips by metier | L1: NP years | M1: 2014-2016
L2: AR year | M2: 2014
A3: MS | B3: MS participating in sampling | C3: Sampling Year | D3: Region | E3: RFMO/RFO/IO | F3: Fishing ground | G3: Metier LVL6 | H3: Sampling frame codes | I3: Total No. of fishing trips during the Sampling year | J3: Achieved no. of sampled fishing trips at sea | K3: Achieved no. of sampled fishing trips on shore | L3: Total achieved no. of sampled fishing trips (J+K) | M3: Comments
A4: ESP | B4: ESP | C4: 2014 | D4: North Sea and Eastern Arctic | E4: ICES | F4: ICES SA I, II | G4: OTB_DEF_>=120_0_0 | H4: L1 | I4: 16 | J4: 2 | K4: - | L4: 2
A5: ESP | B5: ESP | C5: 2014 | D5: North Sea and Eastern Arctic | E5: ICES | F5: ICES SA I, II | G5: OTM_DEF_100-119_0_0 | H5: L2 | I5: 2 | J5: 1 | K5: - | L5: 1
A6: ESP | B6: ESP | C6: 2014 | D6: North Atlantic | E6: ICES | F6: ICES SA XII,XIV, Div. Va | G6: OTM_DEF_100-129_0_0 | H6: L2 | I6: 5 | J6: 2 | K6: - | L6: 2
A7: ESP | B7: ESP | C7: 2014 | D7: North Atlantic | E7: ICES | F7: ICES SA XII,XIV, Div. Va | G7: OTB_DWS_100-129_0_0 | H7: L3 | I7: 8 | J7: 1 | K7: - | L7: 1
A8: ESP | B8: ESP | C8: 2014 | D8: North Atlantic | E8: NAFO | F8: NAFO | G8: OTB_MDD_130-219_0_0 | H8: L3 | I8: 47 | J8: 7 | K8: - | L8: 7
A9: ESP | B9: ESP | C9: 2014 | D9: North Atlantic | E9: NAFO | F9: NAFO | G9: OTB_MDD_>=220_0_0 | H9: L3 | I9: 20 | J9: 5 | K9: - | L9: 5
A10: ESP | B10: ESP | C10: 2014 | D10: North Atlantic | E10: NAFO | F10: NAFO | G10: OTB_CRU_40-59_0_0 | H10: L3 | I10: 2 | J10: 0 | K10: - | L10: 0
A11: ESP | B11: ESP | C11: 2014 | D11: North Atlantic | E11: NAFO | F11: NAFO | G11: OTM_DEF_130-135_0_0 | H11: L3 | I11: 2 | J11: 0 | K11: - | L11: 0 | M11: It had not any plannification for the 2014 sampling. Fishery in NAFO 6G
A12: ESP | B12: ESP | C12: 2014 | D12: North Atlantic | E12: ICES | F12: Iberian | G12: FPO_CRU_0_0_0 | H12: I30 | I12: 17235 | J12: 0 | K12: 0 | L12: 0 | M12: No DCF species. Derogation will be asked
A13: ESP | B13: ESP | C13: 2014 | D13: North Atlantic | E13: ICES | F13: Iberian | G13: FPO_MOL_0_0_0 | H13: I31 | I13: 62991 | J13: - | K13: 64 | L13: 64 | AB13: =K13/III_C_4!O8 -> 1.0666667
A14: ESP | B14: ESP | C14: 2014 | D14: North Atlantic | E14: ICES | F14: Iberian | G14: GNS_DEF_40-59_0_0 | H14: I53 | I14: 8920 | J14: 0 | K14: 0 | L14: 0 | M14: Metier selected in 2015 (revision of the NP 2015). It had not any plannification for the 2014 sampling
A15: ESP | B15: ESP | C15: 2014 | D15: North Atlantic | E15: ICES | F15: Iberian | G15: GNS_DEF_60-79_0_0 | H15: I32 | I15: 23336 | J15: 21 | K15: 123 | L15: 260 | AA15: =J15/III_C_4!N10 -> 0.84 | AB15: =K15/III_C_4!O10 -> 0.93181818
A16: ESP | B16: ESP | C16: 2014 | D16: North Atlantic | E16: ICES | F16: Iberian | G16: GNS_DEF_80-99_0_0 | H16: I33 | I16: 5882 | K16: 56 | AB16: =K16/III_C_4!O11 -> 0.77777778
A17: ESP | B17: ESP | C17: 2014 | D17: North Atlantic | E17: ICES | F17: Iberian | G17: GNS_DEF_>=100_0_0 | H17: I34 | I17: 1501 | K17: 60 | AB17: =K17/III_C_4!O12 -> 0.83333333
A18: ESP | B18: ESP | C18: 2014 | D18: North Atlantic | E18: ICES | F18: Iberian | G18: GTR_DEF_40-59_0_0 | H18: I54 | I18: 11057 | J18: - | K18: 0 | L18: 0
A19: ESP | B19: ESP | C19: 2014 | D19: North Atlantic | E19: ICES | F19: Iberian | G19: GTR_DEF_60-79_0_0 | H19: I35 | I19: 40164 | J19: - | K19: 0 | L19: 0
A20: ESP | B20: ESP | C20: 2014 | D20: North Atlantic | E20: ICES | F20: Iberian | G20: LHM_DWS_0_0_0 | H20: I36 | I20: 3783 | J20: - | K20: 20 | L20: 20 | AB20: =K20/III_C_4!O15 -> 0.41666667
A21: ESP | B21: ESP | C21: 2014 | D21: North Atlantic | E21: ICES | F21: Iberian | G21: LHM_SPF_0_0_0 | H21: I37 | I21: 6409 | J21: - | K21: =22+94 -> 116 | L21: 116 | AB21: =K21/III_C_4!O16 -> 1.4320988
A22: ESP | B22: ESP | C22: 2014 | D22: North Atlantic | E22: ICES | F22: Iberian | G22: LLS_DEF_0_0_0 | H22: I38 | I22: 34115 | J22: - | K22: 100 | L22: 100 | AB22: =K22/III_C_4!O17 -> 1.1904762
A23: ESP | B23: ESP | C23: 2014 | D23: North Atlantic | E23: ICES | F23: Iberian | G23: LLS_DWS_0_0_0 | H23: I39 | I23: 1519 | J23: - | K23: 24 | L23: 24 | AB23: =K23/III_C_4!O18 -> 1
A24: ESP | B24: ESP | C24: 2014 | D24: North Atlantic | E24: ICES | F24: Iberian | G24: OTB_MCD_>=55_0_0 | H24: I40 | I24: 23014 | J24: =40+67 -> 107 | K24: - | L24: 107 | AA24: =J24/III_C_4!N19 -> 1.1145833
A25: ESP | B25: ESP | C25: 2014 | D25: North Atlantic | E25: ICES | F25: Iberian | G25: OTB_DEF_>=55_0_0 | H25: I41 | I25: 6367 | J25: 52 | K25: 244 | L25: 296 | AA25: =J25/III_C_4!N20 -> 0.74285714 | AB25: =K25/III_C_4!O20 -> 1.1296296
A26: ESP | B26: ESP | C26: 2014 | D26: North Atlantic | E26: ICES | F26: Iberian | G26: OTB_MPD_>=55_0_0 | I26: 3170
A27: ESP | B27: ESP | C27: 2014 | D27: North Atlantic | E27: ICES | F27: Iberian | G27: PS_SPF_0_0_0 | H27: I42 | I27: 36301 | J27: 8 | K27: =456 + 112 -> 568 | L27: 576 | AA27: =J27/III_C_4!N22 -> 1 | AB27: =K27/III_C_4!O22 -> 1.3396226
A28: ESP | B28: ESP | C28: 2014 | D28: North Atlantic | E28: ICES | F28: Iberian | G28: PTB_MPD_>=55_0_0 | H28: I43 | I28: 5866 | J28: 32 | K28: =95 +20 -> 115 | L28: 147 | AA28: =J28/III_C_4!N23 -> 0.8 | AB28: =K28/III_C_4!O23 -> 1.2234043
A29: ESP | B29: ESP | C29: 2015 | D29: North Atlantic | E29: ICES | F29: Iberian | G29: DRB_MOL_0_0_0 | H29: - | I29: 202502 | J29: - | K29: - | L29: - | M29: No DCF species. Derogation will be asked
A30: ESP | B30: ESP | C30: 2016 | D30: North Atlantic | E30: ICES | F30: Iberian | G30: HMD_MOL_0_0_0 | H30: - | I30: 14456 | J30: - | K30: - | L30: - | M30: No DCF species. Derogation will be asked
A31: ESP | B31: ESP | C31: 2014 | D31: North Atlantic | E31: ICES | F31: Bay of Biscay | G31: LLS_DEF_0_0_0 | H31: I44 | I31: 780 | J31: - | K31: 29 | L31: 29 | AB31: =K31/III_C_4!O24 -> 1.2083333
A32: ESP | B32: ESP | C32: 2014 | D32: North Atlantic | E32: ICES | F32: Bay of Biscay | G32: OTB_DEF_>=70_0_0 | H32: I45 | I32: 391 | J32: 14 | K32: =47+4 -> 51 | L32: 65 | AA32: =J32/III_C_4!N25 -> 1.4 | AB32: =K32/III_C_4!O25 -> 1.02
A33: ESP | B33: ESP | C33: 2014 | D33: North Atlantic | E33: ICES | F33: Bay of Biscay | G33: OTB_MCF_>=70_0_0 | I33: 75
A34: ESP | B34: ESP | C34: 2014 | D34: North Atlantic | E34: ICES | F34: Bay of Biscay | G34: OTB_MPD_>=70_0_0 | I34: 1
A35: ESP | B35: ESP | C35: 2014 | D35: North Atlantic | E35: ICES | F35: Bay of Biscay | G35: PS_SPF_0_0_0 | H35: I46 | I35: 3895 | J35: - | K35: =41 + 87 -> 128 | L35: 128 | AB35: =K35/III_C_4!O28 -> 4.2666667
A36: ESP | B36: ESP | C36: 2014 | D36: North Atlantic | E36: ICES | F36: Bay of Biscay | G36: PTB_DEF_>=70_0_0 | H36: I47 | I36: 307 | J36: 9 | K36: 9 | L36: 18 | AA36: =J36/III_C_4!N29 -> 1.125 | AB36: =K36/III_C_4!O29 -> 0.9
A37: ESP | B37: ESP | C37: 2014 | D37: North Atlantic | E37: ICES | F37: Bay of Biscay | G37: GNS_DEF_>=100_0_0 | H37: I48 | I37: 142 | J37: - | K37: 20 | L37: 20 | AB37: =K37/III_C_4!O30 -> 0.83333333
A38: ESP | B38: ESP | C38: 2014 | D38: North Atlantic | E38: ICES | F38: West of Ireland | G38: GNS_DEF_120-219_0_0 | I38: 34 | J38: -
A39: ESP | B39: ESP | C39: 2014 | D39: North Atlantic | E39: ICES | F39: West of Ireland | G39: LLS_DEF_0_0_0 | H39: I49 | I39: 789 | J39: - | K39: 50 | L39: 50 | AB39: =K39/III_C_4!O32 -> 1.3888889
A40: ESP | B40: ESP | C40: 2014 | D40: North Atlantic | E40: ICES | F40: West of Scotland | G40: LLS_DEF_0_0_0 | I40: 193
A41: ESP | B41: ESP | C41: 2014 | D41: North Atlantic | E41: ICES | F41: West of Ireland | G41: OTB_DEF_70-99_0_0 | H41: I50 | I41: 350 | J41: 15 | K41: 44 | L41: 101 | AA41: =J41/III_C_4!N33 -> 0.88235294 | AB41: =K41/III_C_4!O33 -> 1.2222222
A42: ESP | B42: ESP | C42: 2014 | D42: North Atlantic | E42: ICES | F42: West of Ireland | G42: OTB_DEF_100-119_0_0 | H42: I51 | I42: 85 | K42: 37 | AB42: =K42/III_C_4!O34 -> 0.77083333
A43: ESP | B43: ESP | C43: 2014 | D43: North Atlantic | E43: ICES | F43: West of Scotland | G43: OTB_DEF_100-119_0_0 | H43: I52 | I43: 31 | K43: 5 | AB43: =K43/III_C_4!O35 -> 1.25
A44: ESP | B44: ESP | C44: 2014 | D44: Other regions | E44: CECAF | F44: From Morocco to Guinea Bissau | G44: PS_SPF_0_0_0 | H44: C1 | I44: 4 | J44: 0 | K44: 0 | L44: =J44+K44 -> 0 | M44: The current protocol of the agreement signed in November 2013, finally came into force on July 15, 2014, after ratification by the King of Morocco, although fishing licenses were not issued until September 2014. After obtaining the license, only two boats were to fish in Morocco and not finding good fishing returned to the fishery of the Gulf of Cadiz.
A45: ESP | B45: ESP | C45: 2014 | D45: Other regions | E45: CECAF | F45: From Morocco to Guinea Bissau | G45: PS_SPF_0_0_0 | H45: C2 | J45: - | K45: 0 | L45: 0
A46: ESP | B46: ESP | C46: 2014 | D46: Other regions | E46: CECAF | F46: From Morocco to Guinea Bissau | G46: PS_SPF_10_0_0 | H46: C3 | I46: 2716 | J46: 0 | K46: 137 | L46: =J46+K46 -> 137 | M46: Concurrent sampling+Stock specific sampling at fish market
A47: ESP | B47: ESP | C47: 2014 | D47: Other regions | E47: CECAF | F47: From Morocco to Guinea Bissau | G47: OTB_CRU_>=40_0_0 | H47: C4 | I47: 65 | J47: 4 | K47: 0 | L47: =J47+K47 -> 4
A48: ESP | B48: ESP | C48: 2014 | D48: Other regions | E48: CECAF | F48: From Morocco to Guinea Bissau | G48: OTB_CEP_>=70_0_0 | H48: C5 | I48: 0 | J48: 0 | K48: 0 | L48: =J48+K48 -> 0 | M48: No fishing possibilities for this fleet in the current fisheries agreement between the EU-Spain and Mauritania.
A49: ESP | B49: ESP | C49: 2014 | D49: Other regions | E49: CECAF | F49: From Morocco to Guinea Bissau | G49: OTB_DEF_>=70_0_0 | H49: C6 | I49: 99 | J49: 0 | K49: 48 | L49: =J49+K49 -> 48 | M49: The fisheries agreement with Mauritania for this fleet expired in July 2014.
A50: ESP | B50: ESP | C50: 2014 | D50: Other regions | E50: CECAF | F50: From Morocco to Guinea Bissau | G50: MIS_DES_0_0_0 | H50: C7 | I50: - | J50: - | K50: - | L50: - | M50: This metier was included in modification submmited at the end of 2014. The monitoring is planned to start in 2015.
A51: ESP | B51: ESP | C51: 2014 | D51: Other regions | E51: CECAF | F51: From Morocco to Guinea Bissau | G51: OTM_SPF_>=40_0_0 | H51: C8 | I51: 1 | J51: 0 | K51: 1 | L51: =J51+K51 -> 1 | M51: The new fisheries agreement with Mauritania forces the European fleet to land the fish in Nouadhibou (Mauritania), with exception of the last trip before leaving the area. During the previous agreements they routinely landed in Puerto de la Luz (in Las Palmas).
A52: ESP | B52: ESP | C52: 2014 | D52: Mediterranean and Black Sea | E52: GFCM | F52: GSA01 | G52: OTB_DEF_>=40_0_0 | H52: M1C | I52: 17280 | J52: 86 | K52: - | L52: 86
A53: ESP | B53: ESP | C53: 2014 | D53: Mediterranean and Black Sea | E53: GFCM | F53: GSA01 | G53: OTB_DEF_>=40_0_0 | H53: M1S | J53: - | K53: 53 | L53: 53 | M53: Some stock specific sampling of M. merluccius and O. vulgaris have been added to assessment purposes
A54: ESP | B54: ESP | C54: 2014 | D54: Mediterranean and Black Sea | E54: GFCM | F54: GSA01 | G54: OTB_DWS_>=40_0_0 | H54: M2C | I54: 4305 | J54: 26 | K54: - | L54: 26
A55: ESP | B55: ESP | C55: 2014 | D55: Mediterranean and Black Sea | E55: GFCM | F55: GSA01 | G55: FPO_DEF_0_0_0 | H55: M3C | I55: 11493 | J55: - | K55: 20 | L55: 20
A56: ESP | B56: ESP | C56: 2014 | D56: Mediterranean and Black Sea | E56: GFCM | F56: GSA01 | G56: GTR_DEF_>=16_0_0 | H56: M4C | I56: 13836 | J56: 25 | K56: - | L56: 25 | M56: The on shore planned sampling has been changed to at sea
A57: ESP | B57: ESP | C57: 2014 | D57: Mediterranean and Black Sea | E57: GFCM | F57: GSA01 | G57: PS_SPF_>=14_0_0 | H57: M5C | I57: 9295 | J57: 48 | K57: 72 | L57: 120
A58: ESP | B58: ESP | C58: 2014 | D58: Mediterranean and Black Sea | E58: GFCM | F58: GSA01 | G58: PS_SPF_>=14_0_0 | H58: M5S | J58: - | K58: 10 | L58: 10 | M58: Other [Market stock specific sampling] of E. encrasicholus and S. pilchardus
A59: ESP | B59: ESP | C59: 2014 | D59: Mediterranean and Black Sea | E59: GFCM | F59: GSA02 | G59: OTB_DWS_>=40_0_0 | H59: M6C | I59: 111 | J59: 7 | K59: - | L59: 7
A60: ESP | B60: ESP | C60: 2014 | D60: Mediterranean and Black Sea | E60: GFCM | F60: GSA02 | G60: OTB_DWS_>=40_0_0 | H60: M6S | J60: - | K60: 7 | L60: 7 | M60: Some stock specific sampling of A. antennatus have been added to assessment purposes
A61: ESP | B61: ESP | C61: 2014 | D61: Mediterranean and Black Sea | E61: GFCM | F61: GSA05 | G61: OTB_DEF_>=40_0_0 | H61: M7C | I61: 5462 | J61: 24 | K61: - | L61: 24
A62: ESP | B62: ESP | C62: 2014 | D62: Mediterranean and Black Sea | E62: GFCM | F62: GSA05 | G62: OTB_DWS_>=40_0_0 | H62: M8C | I62: 113 | J62: 15 | K62: - | L62: 15
A63: ESP | B63: ESP | C63: 2014 | D63: Mediterranean and Black Sea | E63: GFCM | F63: GSA05 | G63: OTB_DWS_>=40_0_0 | H63: M9C | I63: 4846 | J63: 20 | K63: - | L63: 20
A64: ESP | B64: ESP | C64: 2014 | D64: Mediterranean and Black Sea | E64: GFCM | F64: GSA05 | G64: GTR_DEF_>=16_0_0 | H64: M10C | I64: 12909 | J64: - | K64: 24 | L64: 24
A65: ESP | B65: ESP | C65: 2014 | D65: Mediterranean and Black Sea | E65: GFCM | F65: GSA06 | G65: OTB_DEF_>=40_0_0 | H65: M12C | I65: 73136 | J65: 90 | K65: - | L65: 90
A66: ESP | B66: ESP | C66: 2014 | D66: Mediterranean and Black Sea | E66: GFCM | F66: GSA06 | G66: OTB_DEF_>=40_0_0 | H66: M12S | J66: - | K66: 60 | L66: 60 | M66: Other [Market stock specific sampling] of M. merluccius, M. barbatus and L. budegassa
A67: ESP | B67: ESP | C67: 2014 | D67: Mediterranean and Black Sea | E67: GFCM | F67: GSA06 | G67: OTB_DWS_>=40_0_0 | H67: M13C | I67: 12029 | J67: 43 | K67: - | L67: 43
A68: ESP | B68: ESP | C68: 2014 | D68: Mediterranean and Black Sea | E68: GFCM | F68: GSA06 | G68: LLS_DEF_0_0_0 | H68: M14C | I68: 11504 | J68: - | K68: 25 | L68: 25
A69: ESP | B69: ESP | C69: 2014 | D69: Mediterranean and Black Sea | E69: GFCM | F69: GSA06 | G69: LLS_DEF_0_0_0 | H69: M14S | J69: - | K69: 24 | L69: 24 | M69: Other [Market stock specific sampling] of M. merluccius
A70: ESP | B70: ESP | C70: 2014 | D70: Mediterranean and Black Sea | E70: GFCM | F70: GSA06 | G70: GTR_DEF_>=16_0_0 | H70: M15C | I70: 44835 | J70: 12 | K70: 10 | L70: 22 | M70: Some on shore planned sampling has been changed to at sea
A71: ESP | B71: ESP | C71: 2014 | D71: Mediterranean and Black Sea | E71: GFCM | F71: GSA06 | G71: GNS_DEF_>=16_0_0 | H71: M21S | I71: 17411 | J71: 10 | K71: 12 | L71: 22 | M71: Some at sea concurrent sampling have been added
A72: ESP | B72: ESP | C72: 2014 | D72: Mediterranean and Black Sea | E72: GFCM | F72: GSA06 | G72: PS_SPF_>=14_0_0 | H72: M16C | I72: 19609 | J72: - | K72: 134 | L72: 134
A73: ESP | B73: ESP | C73: 2014 | D73: Mediterranean and Black Sea | E73: GFCM | F73: GSA06 | G73: PS_SPF_>=14_0_0 | H73: M16S | J73: - | K73: 42 | L73: 42 | M73: Other [Market stock specific sampling] of E. encrasicholus and S. pilchardus
A74: ESP | B74: ESP | C74: 2014 | D74: Mediterranean and Black Sea | E74: GFCM | F74: GSA07 | G74: OTB_DEF_>=40_0_0 | H74: M17C | I74: 2044 | J74: 18 | K74: - | L74: 18
A75: ESP | B75: ESP | C75: 2014 | D75: Mediterranean and Black Sea | E75: GFCM | F75: GSA07 | G75: OTB_DWS_>=40_0_0 | H75: M18C | I75: 666 | J75: 15 | K75: - | L75: 15
A76: ESP | B76: ESP | C76: 2014 | D76: Mediterranean and Black Sea | E76: GFCM | F76: GSA07 | G76: LLS_DEF_0_0_0 | H76: M19C | I76: 1202 | J76: 19 | K76: - | L76: 19 | M76: The on shore planned sampling has been changed to at sea
A77: ESP | B77: ESP | C77: 2014 | D77: Mediterranean and Black Sea | E77: GFCM | F77: GSA01 | G77: DRB_MOL_0_0_0 | H77: - | I77: 6103 | J77: - | K77: - | L77: - | M77: No DCF species. Derogation will be asked
A78: ESP | B78: ESP | C78: 2014 | D78: Mediterranean and Black Sea | E78: GFCM | F78: GSA05 | G78: LA_SLP_14_0_0 | H78: M22C | I78: 1285 | J78: 0 | K78: 0 | L78: 0 | M78: Metier selected in 2015 (revision of the NP 2015). It had not any plannification for the 2014 sampling
A79: ESP | B79: ESP | C79: 2014 | D79: Mediterranean and Black Sea | E79: GFCM | F79: GSA05 | G79: PS_SPF_>=14_0_0 | H79: M23C | I79: 921 | J79: 0 | K79: 0 | L79: 0 | M79: Metier selected in 2015 (revision of the NP 2015). It had not any plannification for the 2014 sampling
A80: ESP | B80: ESP | C80: 2014 | D80: Mediterranean and Black Sea | E80: GFCM | F80: GSA06 | G80: FPO_DEF_0_0_0 | H80: M24C | I80: 14101 | J80: 0 | K80: 0 | L80: 0 | M80: Metier selected in 2015 (revision of the NP 2015). It had not any plannification for the 2014 sampling
A81: ESP | B81: ESP | C81: 2014 | D81: Mediterranean Sea and Black Sea | E81: ICCAT | F81: BF 59 | G81: LLD_LPF_0_0_0 (BFT) | H81: T1 | I81: 0 | J81: 0 | K81: 0 | L81: =J81+K81 -> 0 | M81: No fishing activities during 2014.
A82: ESP | B82: ESP | C82: 2014 | D82: Mediterranean Sea and Black Sea | E82: ICCAT | F82: BF 59 | G82: LLD_LPF_0_0_0 (BFT) | H82: T4 | I82: 0 | J82: 0 | K82: 0 | L82: =J82+K82 -> 0 | M82: No fishing activities during 2014.
A83: ESP | B83: ESP | C83: 2014 | D83: Mediterranean Sea and Black Sea | E83: ICCAT | F83: AL 35 | G83: LLD_LPF_0_0_0 (ALB) | H83: T1 | I83: 436 | J83: 96 | K83: 0 | L83: =J83+K83 -> 96
A84: ESP | B84: ESP | C84: 2014 | D84: Mediterranean Sea and Black Sea | E84: ICCAT | F84: AL 35 | G84: LLD_LPF_0_0_0 (ALB) | H84: T4 | J84: 0 | K84: 50 | L84: =J84+K84 -> 50
A85: ESP | B85: ESP | C85: 2014 | D85: Mediterranean Sea and Black Sea | E85: ICCAT | F85: BIL 95 | G85: LLD_LPF_0_0_0 (SWO) | H85: T1 | I85: 2128 | J85: 61 | K85: 0 | L85: =J85+K85 -> 61
A86: ESP | B86: ESP | C86: 2014 | D86: Mediterranean Sea and Black Sea | E86: ICCAT | F86: BIL 95 | G86: LLD_LPF_0_0_0 (SWO) | H86: T4 | J86: 0 | K86: 390 | L86: =J86+K86 -> 390
A87: ESP | B87: ESP | C87: 2014 | D87: Mediterranean Sea and Black Sea | E87: ICCAT | F87: BF 59 | G87: PS_LPF_14_0_0 | H87: T3 | I87: 2 | J87: 0 | K87: 1 | L87: =J87+K87 -> 1
A88: ESP | B88: ESP | C88: 2014 | D88: Mediterranean Sea and Black Sea | E88: ICCAT | F88: MED | G88: FPN_LPF_0_0_0 | H88: T2 | I88: 135 | J88: 29 | K88: 40 | L88: =J88+K88 -> 69
A89: ESP | B89: ESP | C89: 2014 | D89: Other Regions | E89: ICCAT | F89: BF54 | G89: LHP_LPF_0_0_0 (BFT) | H89: T9 | I89: 0 | J89: 0 | K89: 0 | L89: =J89+K89 -> 0 | M89: No fishing activities during 2014.
A90: ESP | B90: ESP | C90: 2014 | D90: Other Regions | E90: ICCAT | F90: BF58 | G90: LHP_LPF_0_0_0 (BFT) | H90: T10 | I90: 58 | J90: 0 | K90: 57 | L90: =J90+K90 -> 57
A91: ESP | B91: ESP | C91: 2014 | D91: Other Regions | E91: ICCAT | F91: BF58 | G91: LHM_LPF_0_0_0 (BFT) | H91: T11 | I91: 121 | J91: 0 | K91: 121 | L91: =J91+K91 -> 121
A92: ESP | B92: ESP | C92: 2014 | D92: Other Regions | E92: ICCAT | F92: BF58 | G92: FPN_LPF_0_0_0 (BFT) | H92: T8 | I92: 120 | J92: 29 | K92: 0 | L92: =J92+K92 -> 29
A93: ESP | B93: ESP | C93: 2014 | D93: Other Regions | E93: ICCAT | F93: AL31 | G93: LHP_LPF_0_0_0 (ALB) | H93: T12 | I93: NA | J93: 0 | K93: 82 | L93: =J93+K93 -> 82
A94: ESP | B94: ESP | C94: 2014 | D94: Other Regions | E94: ICCAT | F94: AL31 | G94: LTL_LPF_0_0_0 (ALB) | H94: T13 | I94: NA | J94: 0 | K94: 250 | L94: =J94+K94 -> 250
A95: ESP | B95: ESP | C95: 2014 | D95: Other Regions | E95: ICCAT | F95: BIL94 A+B, BIL96, BIL97 | G95: LLD_LPF_0_0_0 (SWO) | H95: T5 | I95: NA | J95: 1 | K95: 0 | L95: =J95+K95 -> 1
A96: ESP | B96: ESP | C96: 2014 | D96: Other Regions | E96: ICCAT | F96: BIL94 A+B, BIL96, BIL97 | G96: LLD_LPF_0_0_0 (SWO) | H96: T14 | I96: NA | J96: 0 | K96: 211 | L96: =J96+K96 -> 211
A97: ESP | B97: ESP | C97: 2014 | D97: Other Regions | E97: ICCAT | F97: ATL(CANA) | G97: LHP_LPF_0_0_0 (MSP) | H97: T15 | I97: 7031 | J97: 0 | K97: 616 | L97: =J97+K97 -> 616
A98: ESP | B98: ESP | C98: 2014 | D98: Other Regions | E98: ICCAT | F98: ATL(ETRO) | G98: LHP_LPF_0_0_0 (TROP) | H98: T16 | I98: 97 | J98: 0 | K98: 78 | L98: =J98+K98 -> 78
A99: ESP | B99: ESP | C99: 2014 | D99: Other Regions | E99: ICCAT | F99: ATL(ETRO) | G99: PS_LPF_0_0_0 (TROP) | H99: T6 | I99: 119 | J99: 12 | K99: 0 | L99: =J99+K99 -> 12
A100: ESP | B100: ESP | C100: 2014 | D100: Other Regions | E100: ICCAT | F100: ATL(ETRO) | G100: PS_LPF_0_0_0 (TROP) | H100: T17 | J100: 0 | K100: 109 | L100: =J100+K100 -> 109
...

Sheet III_C_6
A1: Table III.C.6 - Achieved length sampling of catches, landings and discards by metier and species | N1: NP years | O1: 2014-2016
N2: AR year | O2: 2014
A3: MS | B3: MS partcipating in sampling | C3: Multi-lateral agreement | D3: Sampling Year | E3: Region | F3: RFMO/RFO/IO | G3: Fishing ground | H3: Species | I3: Species Group | J3: Metier level 6 | K3: Achieved length sampling
K4: From the unsorted catches | L4: From the retained catches and/or landings | M4: From the discards | N4: Achieved no of fish measured at a national level by metier (= J + K + L) | O4: Comments
A5: ESP | B5: ESP | C5: N | D5: 2014 | E5: North Sea and Eastern Arctic | F5: ICES | G5: ICES I, II | H5: Hippoglossoides platessoides | I5: 1 | J5: OTB_DEF_>=120_0_0 | K5: 871 | L5: - | M5: 0 | N5: =SUM(K5:M5) -> 871
A6: ESP | B6: ESP | C6: N | D6: 2014 | E6: North Sea and Eastern Arctic | F6: ICES | G6: ICES I, II | H6: Gadus morhua | I6: 1 | J6: OTB_DEF_>=120_0_0 | K6: =19459+8369 -> 27828 | L6: - | M6: 0 | N6: =SUM(K6:M6) -> 27828
A7: ESP | B7: ESP | C7: N | D7: 2014 | E7: North Sea and Eastern Arctic | F7: ICES | G7: ICES I, II | H7: Melanogrammus aeglefinus | I7: 1 | J7: OTB_DEF_>=120_0_0 | K7: =1941+2143 -> 4084 | L7: - | M7: 0 | N7: =SUM(K7:M7) -> 4084
A8: ESP | B8: ESP | C8: N | D8: 2014 | E8: North Sea and Eastern Arctic | F8: ICES | G8: ICES I, II | H8: Molva dypterygia | I8: - | J8: OTB_DEF_>=120_0_0 | K8: 440 | L8: - | M8: 0 | N8: =SUM(K8:M8) -> 440
A9: ESP | B9: ESP | C9: N | D9: 2014 | E9: North Sea and Eastern Arctic | F9: ICES | G9: ICES I, II | H9: Pollachius virens | I9: 1 | J9: OTB_DEF_>=120_0_0 | K9: 159 | L9: - | M9: 0 | N9: =SUM(K9:M9) -> 159
A10: ESP | B10: ESP | C10: N | D10: 2014 | E10: North Sea and Eastern Arctic | F10: ICES | G10: ICES I, II | H10: Sebastes mentella | I10: 1 | J10: OTB_DEF_>=120_0_0 | K10: 160 | L10: - | M10: 0 | N10: =SUM(K10:M10) -> 160
A11: ESP | B11: ESP | C11: N | D11: 2014 | E11: North Sea and Eastern Arctic | F11: ICES | G11: ICES I, II | H11: Sebastes mentella | I11: 1 | J11: OTM_DEF_100-119_0_0 | K11: 6117 | L11: - | M11: 0 | N11: =SUM(K11:M11) -> 6117
A12: ESP | B12: ESP | C12: N | D12: 2014 | E12: North Sea and Eastern Arctic | F12: ICES | G12: ICES I, II | H12: Micromesistius poutassou | I12: 1 | J12: OTM_DEF_100-119_0_0 | K12: 0 | L12: - | M12: 274 | N12: =SUM(K12:M12) -> 274
A13: ESP | B13: ESP | C13: N | D13: 2014 | E13: North Atlantic | F13: ICES | G13: ICES XII,XIV, Div. Va | H13: Alepochepalus bairdii | I13: 2 | J13: OTB_DWS_100-129_0_0 | K13: 4025 | L13: - | M13: 175 | N13: =SUM(K13:M13) -> 4200
A14: ESP | B14: ESP | C14: N | D14: 2014 | E14: North Atlantic | F14: ICES | G14: ICES XII,XIV, Div. Va | H14: Molva dipterygia | I14: 1 | J14: OTB_DWS_100-129_0_0 | K14: 240 | L14: - | M14: 0 | N14: =SUM(K14:M14) -> 240
A15: ESP | B15: ESP | C15: N | D15: 2014 | E15: North Atlantic | F15: ICES | G15: ICES XII,XIV, Div. Va | H15: Lepidion eques | I15: - | J15: OTB_DWS_100-129_0_0 | K15: 0 | L15: - | M15: 834 | N15: =SUM(K15:M15) -> 834
A16: ESP | B16: ESP | C16: N | D16: 2014 | E16: North Atlantic | F16: ICES | G16: ICES XII,XIV, Div. Va | H16: Centroscymnus crepidater | I16: 1 | J16: OTB_DWS_100-129_0_0 | K16: 0 | L16: - | M16: 43 | N16: =SUM(K16:M16) -> 43
A17: ESP | B17: ESP | C17: N | D17: 2014 | E17: North Atlantic | F17: ICES | G17: ICES XII,XIV, Div. Va | H17: Hydrolagus mirabilis | I17: - | J17: OTB_DWS_100-129_0_0 | K17: 82 | L17: - | M17: 341 | N17: =SUM(K17:M17) -> 423
A18: ESP | B18: ESP | C18: N | D18: 2014 | E18: North Atlantic | F18: ICES | G18: ICES XII,XIV, Div. Va | H18: Aphanopus carbo | I18: 1 | J18: OTB_DWS_100-129_0_0 | K18: 4274 | L18: - | M18: 0 | N18: =SUM(K18:M18) -> 4274
A19: ESP | B19: ESP | C19: N | D19: 2014 | E19: North Atlantic | F19: ICES | G19: ICES XII,XIV, Div. Va | H19: Coryphaenoides rupestris | I19: 1 | J19: OTB_DWS_100-129_0_0 | K19: 6086 | L19: - | M19: 951 | N19: =SUM(K19:M19) -> 7037
A20: ESP | B20: ESP | C20: N | D20: 2014 | E20: North Atlantic | F20: ICES | G20: ICES XII,XIV, Div. Va | H20: Trachyrinchus murrayi | I20: - | J20: OTB_DWS_100-129_0_0 | K20: 0 | L20: - | M20: 1711 | N20: =SUM(K20:M20) -> 1711
A21: ESP | B21: ESP | C21: N | D21: 2014 | E21: North Atlantic | F21: ICES | G21: ICES XII,XIV, Div. Va | H21: Glyptocephalus cynoglossus | I21: 2 | J21: OTB_DWS_100-129_0_0 | K21: 571 | L21: - | M21: 116 | N21: =SUM(K21:M21) -> 687
A22: ESP | B22: ESP | C22: N | D22: 2014 | E22: North Atlantic | F22: ICES | G22: ICES XII,XIV, Div. Va | H22: Coryphaenoides rupestris | I22: 1 | J22: OTM_DEF_100-129_0_0 | K22: 3197 | L22: - | M22: 605 | N22: =SUM(K22:M22) -> 3802
A23: ESP | B23: ESP | C23: N | D23: 2014 | E23: North Atlantic | F23: ICES | G23: ICES XII,XIV, Div. Va | H23: Sebastes mentella | I23: 1 | J23: OTM_DEF_100-129_0_0 | K23: 5452 | L23: - | M23: 0 | N23: =SUM(K23:M23) -> 5452
A24: ESP | B24: ESP | C24: N | D24: 2014 | E24: North Atlantic | F24: ICES | G24: ICES VI | H24: Conger conger | I24: 2 | J24: LLS_DEF_0_0_0 | L24: 10 | N24: =L24+M24 -> 10
A25: ESP | B25: ESP | C25: N | D25: 2014 | E25: North Atlantic | F25: ICES | G25: ICES VI | H25: Helicolenus dactylopterus | I25: 2 | J25: LLS_DEF_0_0_0 | L25: 74 | N25: =L25+M25 -> 74
A26: ESP | B26: ESP | C26: N | D26: 2014 | E26: North Atlantic | F26: ICES | G26: ICES VI | H26: Merluccius merluccius | I26: 1 | J26: LLS_DEF_0_0_0 | L26: 601 | N26: =L26+M26 -> 601
A27: ESP | B27: ESP | C27: N | D27: 2014 | E27: North Atlantic | F27: ICES | G27: ICES VI | H27: Argentina silus | I27: 2 | J27: OTB_DEF_>= 70_0_0 | M27: 20 | N27: =L27+M27 -> 20
A28: ESP | B28: ESP | C28: N | D28: 2014 | E28: North Atlantic | F28: ICES | G28: ICES VI | H28: Brosme brosme | I28: - | J28: OTB_DEF_>= 70_0_0 | M28: 2 | N28: =L28+M28 -> 2
A29: ESP | B29: ESP | C29: N | D29: 2014 | E29: North Atlantic | F29: ICES | G29: ICES VI | H29: Chimaera monstruosa | I29: - | J29: OTB_DEF_>= 70_0_0 | M29: 9 | N29: =L29+M29 -> 9
A30: ESP | B30: ESP | C30: N | D30: 2014 | E30: North Atlantic | F30: ICES | G30: ICES VI | H30: Coelorhynchus coelorhynchus | I30: - | J30: OTB_DEF_>= 70_0_0 | M30: 6 | N30: =L30+M30 -> 6
A31: ESP | B31: ESP | C31: N | D31: 2014 | E31: North Atlantic | F31: ICES | G31: ICES VI | H31: Helicolenus dactylopterus | I31: 2 | J31: OTB_DEF_>= 70_0_0 | M31: 26 | N31: =L31+M31 -> 26
A32: ESP | B32: ESP | C32: N | D32: 2014 | E32: North Atlantic | F32: ICES | G32: ICES VI | H32: Lepidorhombus whiffiagonis | I32: 1 | J32: OTB_DEF_>= 70_0_0 | M32: 1 | N32: =L32+M32 -> 1
A33: ESP | B33: ESP | C33: N | D33: 2014 | E33: North Atlantic | F33: ICES | G33: ICES VI | H33: Macrourus spp. | I33: - | J33: OTB_DEF_>= 70_0_0 | M33: 54 | N33: =L33+M33 -> 54
A34: ESP | B34: ESP | C34: N | D34: 2014 | E34: North Atlantic | F34: ICES | G34: ICES VI | H34: Melanogrammus aeglefinus | I34: 1 | J34: OTB_DEF_>= 70_0_0 | M34: 1 | N34: =L34+M34 -> 1
A35: ESP | B35: ESP | C35: N | D35: 2014 | E35: North Atlantic | F35: ICES | G35: ICES VI | H35: Merluccius merluccius | I35: 1 | J35: OTB_DEF_>= 70_0_0 | M35: 18 | N35: =L35+M35 -> 18
A36: ESP | B36: ESP | C36: N | D36: 2014 | E36: North Atlantic | F36: ICES | G36: ICES VI | H36: Molva molva | I36: 2 | J36: OTB_DEF_>= 70_0_0 | M36: 3 | N36: =L36+M36 -> 3
A37: ESP | B37: ESP | C37: N | D37: 2014 | E37: North Atlantic | F37: ICES | G37: ICES VI | H37: Phycis blennoides | I37: 2 | J37: OTB_DEF_>= 70_0_0 | M37: 23 | N37: =L37+M37 -> 23
A38: ESP | B38: ESP | C38: N | D38: 2014 | E38: North Atlantic | F38: ICES | G38: ICES VI | H38: Pollachius virens | I38: 2 | J38: OTB_DEF_>= 70_0_0 | M38: 47 | N38: =L38+M38 -> 47
A39: ESP | B39: ESP | C39: N | D39: 2014 | E39: North Atlantic | F39: ICES | G39: ICES VI | H39: Scyliorhinus canicula | I39: - | J39: OTB_DEF_>= 70_0_0 | M39: 46 | N39: =L39+M39 -> 46
A40: ESP | B40: ESP | C40: N | D40: 2014 | E40: North Atlantic | F40: ICES | G40: ICES VI | H40: Trachurus trachurus | I40: 1 | J40: OTB_DEF_>= 70_0_0 | M40: 2 | N40: =L40+M40 -> 2
A41: ESP | B41: ESP | C41: N | D41: 2014 | E41: North Atlantic | F41: ICES | G41: ICES VI | H41: Glyptocephalus cynoglossus | I41: 2 | J41: OTB_DEF_100-119_0_0 | L41: 260 | N41: =L41+M41 -> 260
A42: ESP | B42: ESP | C42: N | D42: 2014 | E42: North Atlantic | F42: ICES | G42: ICES VI | H42: Helicolenus dactylopterus | I42: 2 | J42: OTB_DEF_100-119_0_0 | L42: 244 | N42: =L42+M42 -> 244
A43: ESP | B43: ESP | C43: N | D43: 2014 | E43: North Atlantic | F43: ICES | G43: ICES VI | H43: Lepidorhombus boscii | I43: 1 | J43: OTB_DEF_100-119_0_0 | L43: 46 | N43: =L43+M43 -> 46
A44: ESP | B44: ESP | C44: N | D44: 2014 | E44: North Atlantic | F44: ICES | G44: ICES VI | H44: Lepidorhombus whiffiagonis | I44: 1 | J44: OTB_DEF_100-119_0_0 | L44: 423 | N44: =L44+M44 -> 423
A45: ESP | B45: ESP | C45: N | D45: 2014 | E45: North Atlantic | F45: ICES | G45: ICES VI | H45: Lophius budegassa | I45: 1 | J45: OTB_DEF_100-119_0_0 | L45: 246 | N45: =L45+M45 -> 246
A46: ESP | B46: ESP | C46: N | D46: 2014 | E46: North Atlantic | F46: ICES | G46: ICES VI | H46: Lophius piscatorius | I46: 1 | J46: OTB_DEF_100-119_0_0 | L46: 366 | N46: =L46+M46 -> 366
A47: ESP | B47: ESP | C47: N | D47: 2014 | E47: North Atlantic | F47: ICES | G47: ICES VI | H47: Merluccius merluccius | I47: 1 | J47: OTB_DEF_100-119_0_0 | L47: 681 | N47: =L47+M47 -> 681
A48: ESP | B48: ESP | C48: N | D48: 2014 | E48: North Atlantic | F48: ICES | G48: ICES VI | H48: Phycis blennoides | I48: 2 | J48: OTB_DEF_100-119_0_0 | L48: 298 | N48: =L48+M48 -> 298
A49: ESP | B49: ESP | C49: N | D49: 2014 | E49: North Atlantic | F49: ICES | G49: ICES VI | H49: Scophthalmus maximus | I49: 2 | J49: OTB_DEF_100-119_0_0 | L49: 11 | N49: =L49+M49 -> 11
A50: ESP | B50: ESP | C50: N | D50: 2014 | E50: North Atlantic | F50: ICES | G50: ICES VII | H50: Beryx decadactylus | I50: 1 | J50: GNS_DEF_120-219_0_0 | L50: 43 | N50: =L50+M50 -> 43
A51: ESP | B51: ESP | C51: N | D51: 2014 | E51: North Atlantic | F51: ICES | G51: ICES VII | H51: Epinephelus marginatus | I51: - | J51: GNS_DEF_120-219_0_0 | L51: 5 | N51: =L51+M51 -> 5
A52: ESP | B52: ESP | C52: N | D52: 2014 | E52: North Atlantic | F52: ICES | G52: ICES VII | H52: Helicolenus dactylopterus | I52: 2 | J52: GNS_DEF_120-219_0_0 | L52: 92 | N52: =L52+M52 -> 92
A53: ESP | B53: ESP | C53: N | D53: 2014 | E53: North Atlantic | F53: ICES | G53: ICES VII | H53: Lepidorhombus whiffiagonis | I53: 1 | J53: GNS_DEF_120-219_0_0 | L53: 44 | N53: =L53+M53 -> 44
A54: ESP | B54: ESP | C54: N | D54: 2014 | E54: North Atlantic | F54: ICES | G54: ICES VII | H54: Lophius piscatorius | I54: 1 | J54: GNS_DEF_120-219_0_0 | L54: 10 | N54: =L54+M54 -> 10
A55: ESP | B55: ESP | C55: N | D55: 2014 | E55: North Atlantic | F55: ICES | G55: ICES VII | H55: Melanogrammus aeglefinus | I55: 1 | J55: GNS_DEF_120-219_0_0 | L55: 19 | N55: =L55+M55 -> 19
A56: ESP | B56: ESP | C56: N | D56: 2014 | E56: North Atlantic | F56: ICES | G56: ICES VII | H56: Merluccius merluccius | I56: 1 | J56: GNS_DEF_120-219_0_0 | L56: 1589 | N56: =L56+M56 -> 1589
A57: ESP | B57: ESP | C57: N | D57: 2014 | E57: North Atlantic | F57: ICES | G57: ICES VII | H57: Triglidae | I57: 2 | J57: GNS_DEF_120-219_0_0 | L57: 55 | N57: =L57+M57 -> 55
A58: ESP | B58: ESP | C58: N | D58: 2014 | E58: North Atlantic | F58: ICES | G58: ICES VII | H58: Zeus faber | I58: 2 | J58: GNS_DEF_120-219_0_0 | L58: 25 | N58: =L58+M58 -> 25
A59: ESP | B59: ESP | C59: N | D59: 2014 | E59: North Atlantic | F59: ICES | G59: ICES VII | H59: Beryx decadactylus | I59: 1 | J59: LLS_DEF_0_0_0 | L59: 90 | N59: =L59+M59 -> 90
A60: ESP | B60: ESP | C60: N | D60: 2014 | E60: North Atlantic | F60: ICES | G60: ICES VII | H60: Beryx splendens | I60: - | J60: LLS_DEF_0_0_0 | L60: 9 | N60: =L60+M60 -> 9
A61: ESP | B61: ESP | C61: N | D61: 2014 | E61: North Atlantic | F61: ICES | G61: ICES VII | H61: Conger conger | I61: 2 | J61: LLS_DEF_0_0_0 | L61: 21 | N61: =L61+M61 -> 21
A62: ESP | B62: ESP | C62: N | D62: 2014 | E62: North Atlantic | F62: ICES | G62: ICES VII | H62: Epinephelus marginatus | I62: - | J62: LLS_DEF_0_0_0 | L62: 44 | N62: =L62+M62 -> 44
A63: ESP | B63: ESP | C63: N | D63: 2014 | E63: North Atlantic | F63: ICES | G63: ICES VII | H63: Helicolenus dactylopterus | I63: 2 | J63: LLS_DEF_0_0_0 | L63: 1388 | N63: =L63+M63 -> 1388
A64: ESP | B64: ESP | C64: N | D64: 2014 | E64: North Atlantic | F64: ICES | G64: ICES VII | H64: Merluccius merluccius | I64: 1 | J64: LLS_DEF_0_0_0 | L64: 24568 | N64: =L64+M64 -> 24568
A65: ESP | B65: ESP | C65: N | D65: 2014 | E65: North Atlantic | F65: ICES | G65: ICES VII | H65: Molva macrophthalma | I65: 1 | J65: LLS_DEF_0_0_0 | L65: 63 | N65: =L65+M65 -> 63
A66: ESP | B66: ESP | C66: N | D66: 2014 | E66: North Atlantic | F66: ICES | G66: ICES VII | H66: Molva molva | I66: 2 | J66: LLS_DEF_0_0_0 | L66: 373 | N66: =L66+M66 -> 373
A67: ESP | B67: ESP | C67: N | D67: 2014 | E67: North Atlantic | F67: ICES | G67: ICES VII | H67: Pagellus bogaraveo | I67: 1 | J67: LLS_DEF_0_0_0 | L67: 128 | N67: =L67+M67 -> 128
A68: ESP | B68: ESP | C68: N | D68: 2014 | E68: North Atlantic | F68: ICES | G68: ICES VII | H68: Phycis blennoides | I68: 2 | J68: LLS_DEF_0_0_0 | L68: 493 | N68: =L68+M68 -> 493
A69: ESP | B69: ESP | C69: N | D69: 2014 | E69: North Atlantic | F69: ICES | G69: ICES VII | H69: Pollachius pollachius | I69: 2 | J69: LLS_DEF_0_0_0 | L69: 26 | N69: =L69+M69 -> 26
A70: ESP | B70: ESP | C70: N | D70: 2014 | E70: North Atlantic | F70: ICES | G70: ICES VII | H70: Argentina spp. | I70: 2 | J70: OTB_DEF_100-119_0_0 | M70: 144 | N70: =L70+M70 -> 144
A71: ESP | B71: ESP | C71: N | D71: 2014 | E71: North Atlantic | F71: ICES | G71: ICES VII | H71: Beryx decadactylus | I71: 1 | J71: OTB_DEF_100-119_0_0 | L71: 261 | N71: =L71+M71 -> 261
A72: ESP | B72: ESP | C72: N | D72: 2014 | E72: North Atlantic | F72: ICES | G72: ICES VII | H72: Beryx spp. | I72: 1 | J72: OTB_DEF_100-119_0_0 | M72: 6 | N72: =L72+M72 -> 6
A73: ESP | B73: ESP | C73: N | D73: 2014 | E73: North Atlantic | F73: ICES | G73: ICES VII | H73: Chelidonichthys lucerna | I73: 2 | J73: OTB_DEF_100-119_0_0 | M73: 1 | N73: =L73+M73 -> 1
A74: ESP | B74: ESP | C74: N | D74: 2014 | E74: North Atlantic | F74: ICES | G74: ICES VII | H74: Coelorinchus caelorhincus | I74: - | J74: OTB_DEF_100-119_0_0 | M74: 23 | N74: =L74+M74 -> 23
A75: ESP | B75: ESP | C75: N | D75: 2014 | E75: North Atlantic | F75: ICES | G75: ICES VII | H75: Conger conger | I75: 2 | J75: OTB_DEF_100-119_0_0 | L75: 112 | N75: =L75+M75 -> 112
A76: ESP | B76: ESP | C76: N | D76: 2014 | E76: North Atlantic | F76: ICES | G76: ICES VII | H76: Eledone cirrhosa | I76: - | J76: OTB_DEF_100-119_0_0 | L76: 124 | N76: =L76+M76 -> 124
A77: ESP | B77: ESP | C77: N | D77: 2014 | E77: North Atlantic | F77: ICES | G77: ICES VII | H77: Gadiculus argenteus argenteus | I77: - | J77: OTB_DEF_100-119_0_0 | M77: 6 | N77: =L77+M77 -> 6
A78: ESP | B78: ESP | C78: N | D78: 2014 | E78: North Atlantic | F78: ICES | G78: ICES VII | H78: Galeus melastomus | I78: 1 | J78: OTB_DEF_100-119_0_0 | M78: 10 | N78: =L78+M78 -> 10
A79: ESP | B79: ESP | C79: N | D79: 2014 | E79: North Atlantic | F79: ICES | G79: ICES VII | H79: Glyptocephalus cynoglossus | I79: 2 | J79: OTB_DEF_100-119_0_0 | L79: 1801 | N79: =L79+M79 -> 1801
A80: ESP | B80: ESP | C80: N | D80: 2014 | E80: North Atlantic | F80: ICES | G80: ICES VII | H80: Helicolenus dactylopterus | I80: 2 | J80: OTB_DEF_100-119_0_0 | L80: 1381 | M80: 26 | N80: =L80+M80 -> 1407
A81: ESP | B81: ESP | C81: N | D81: 2014 | E81: North Atlantic | F81: ICES | G81: ICES VII | H81: Hexanchus griseus | I81: - | J81: OTB_DEF_100-119_0_0 | M81: 2 | N81: =L81+M81 -> 2
A82: ESP | B82: ESP | C82: N | D82: 2014 | E82: North Atlantic | F82: ICES | G82: ICES VII | H82: Illex coindetii | I82: - | J82: OTB_DEF_100-119_0_0 | L82: 28 | N82: =L82+M82 -> 28
A83: ESP | B83: ESP | C83: N | D83: 2014 | E83: North Atlantic | F83: ICES | G83: ICES VII | H83: Illex spp | I83: - | J83: OTB_DEF_100-119_0_0 | L83: 611 | N83: =L83+M83 -> 611
A84: ESP | B84: ESP | C84: N | D84: 2014 | E84: North Atlantic | F84: ICES | G84: ICES VII | H84: Lepidorhombus boscii | I84: 1 | J84: OTB_DEF_100-119_0_0 | L84: 4140 | M84: 26 | N84: =L84+M84 -> 4166
A85: ESP | B85: ESP | C85: N | D85: 2014 | E85: North Atlantic | F85: ICES | G85: ICES VII | H85: Lepidorhombus whiffiagonis | I85: 1 | J85: OTB_DEF_100-119_0_0 | L85: 1559 | M85: 24 | N85: =L85+M85 -> 1583
A86: ESP | B86: ESP | C86: N | D86: 2014 | E86: North Atlantic | F86: ICES | G86: ICES VII | H86: Loligo vulgaris | I86: 2 | J86: OTB_DEF_100-119_0_0 | L86: 5 | N86: =L86+M86 -> 5
A87: ESP | B87: ESP | C87: N | D87: 2014 | E87: North Atlantic | F87: ICES | G87: ICES VII | H87: Lophius budegassa | I87: 1 | J87: OTB_DEF_100-119_0_0 | M87: 2 | N87: =L87+M87 -> 2
A88: ESP | B88: ESP | C88: N | D88: 2014 | E88: North Atlantic | F88: ICES | G88: ICES VII | H88: Lophius piscatorius | I88: 1 | J88: OTB_DEF_100-119_0_0 | M88: 7 | N88: =L88+M88 -> 7
A89: ESP | B89: ESP | C89: N | D89: 2014 | E89: North Atlantic | F89: ICES | G89: ICES VII | H89: Malacocephalus laevis | I89: - | J89: OTB_DEF_100-119_0_0 | M89: 38 | N89: =L89+M89 -> 38
A90: ESP | B90: ESP | C90: N | D90: 2014 | E90: North Atlantic | F90: ICES | G90: ICES VII | H90: Merluccius merluccius | I90: 1 | J90: OTB_DEF_100-119_0_0 | L90: 12078 | M90: 84 | N90: =L90+M90 -> 12162
A91: ESP | B91: ESP | C91: N | D91: 2014 | E91: North Atlantic | F91: ICES | G91: ICES VII | H91: Microchirus variegatus | I91: 2 | J91: OTB_DEF_100-119_0_0 | M91: 3 | N91: =L91+M91 -> 3
A92: ESP | B92: ESP | C92: N | D92: 2014 | E92: North Atlantic | F92: ICES | G92: ICES VII | H92: Micromesistius poutassou | I92: 1 | J92: OTB_DEF_100-119_0_0 | M92: 207 | N92: =L92+M92 -> 207
A93: ESP | B93: ESP | C93: N | D93: 2014 | E93: North Atlantic | F93: ICES | G93: ICES VII | H93: Molva macrophthalma | I93: 1 | J93: OTB_DEF_100-119_0_0 | L93: 235 | M93: 23 | N93: =L93+M93 -> 258
A94: ESP | B94: ESP | C94: N | D94: 2014 | E94: North Atlantic | F94: ICES | G94: ICES VII | H94: Molva molva | I94: 2 | J94: OTB_DEF_100-119_0_0 | L94: 122 | N94: =L94+M94 -> 122
A95: ESP | B95: ESP | C95: N | D95: 2014 | E95: North Atlantic | F95: ICES | G95: ICES VII | H95: Nephrops norvegicus | I95: 1 | J95: OTB_DEF_100-119_0_0 | L95: 197 | N95: =L95+M95 -> 197
A96: ESP | B96: ESP | C96: N | D96: 2014 | E96: North Atlantic | F96: ICES | G96: ICES VII | H96: Pagellus bogaraveo | I96: 1 | J96: OTB_DEF_100-119_0_0 | L96: 2 | N96: =L96+M96 -> 2
A97: ESP | B97: ESP | C97: N | D97: 2014 | E97: North Atlantic | F97: ICES | G97: ICES VII | H97: Phycis blennoides | I97: 2 | J97: OTB_DEF_100-119_0_0 | L97: 3658 | M97: 80 | N97: =L97+M97 -> 3738
A98: ESP | B98: ESP | C98: N | D98: 2014 | E98: North Atlantic | F98: ICES | G98: ICES VII | H98: Scyliorhinus canicula | I98: - | J98: OTB_DEF_100-119_0_0 | M98: 4 | N98: =L98+M98 -> 4
A99: ESP | B99: ESP | C99: N | D99: 2014 | E99: North Atlantic | F99: ICES | G99: ICES VII | H99: Todaropsis spp | I99: - | J99: OTB_DEF_100-119_0_0 | L99: 282 | N99: =L99+M99 -> 282
A100: ESP | B100: ESP | C100: N | D100: 2014 | E100: North Atlantic | F100: ICES | G100: ICES VII | H100: Aphanopus spp. | I100: - | J100: OTB_DEF_70-99_0_0 | M100: 2 | N100: =L100+M100 -> 2
...

Sheet III_D_1
A1: Table III.D.1 – Recreational Fisheries | H1: NP years | I1: 2014-2016
H2: AR year | I2: 2014
A3: MS | B3: year | C3: Region | D3: RFMO/RFO | E3: Species | F3: Applicable | G3: Approved Derrogation? | H3: Type of Survey | I3: Comments
A4: ESP | B4: 2014 | C4: North Atlantic | D4: ICES | E4: Eel | F4: Y | G4: N | H4: Questionnaires
A5: ESP | B5: 2014 | C5: North Atlantic | D5: ICES | E5: Salmon | F5: Y | G5: N | H5: census | I5: Data collection is complete due to the obligation to issue a guide of movement of all the specimens are fished
A6: ESP | B6: 2013* | C6: North Atlantic | D6: ICES | E6: Seabass | F6: Y | G6: N | H6: Questionnaires | I6: *During 2014, the resuts of the 2013 survey were analyzed. Questionnaires will be performed again in 2015
A7: ESP | B7: 2014 | C7: North Atlantic | D7: ICES | E7: Shark | F7: Y | G7: N | H7: - | I7: by Order ARM2689/2009, is prohibited in Spain fishing for all species and families Alopiidae Sphyrnidae (thresher sharks and hammer, respectively) and Royal Decree 347/2011, of 11 March, laying regulates the maritime fishing waters outdoor recreation, recreational fishing allowed only four Elasmobranch species (Galeorhinus galeus, Isurus spp, Mustelus spp and Prionace glauca). Moreover, data collection is performed during fishing competitions authorized not exist as a rule shark catch records made in these competitions | J7: by Order ARM2689/2009, is prohibited in Spain fishing for all species and families Alopiidae Sphyrnidae (thresher sharks and hammer, respectively) and Royal Decree 347/2011, of 11 March, laying regulates the maritime fishing waters outdoor recreation, recreational fishing allowed only four Elasmobranch species (Galeorhinus galeus, Isurus spp, Mustelus spp and Prionace glauca). Moreover, data collection is performed during fishing competitions authorized not exist as a rule shark catch records made in these competitions
A8: ESP | B8: 2014 | C8: Mediterranean | D8: GFCM | E8: Eel | F8: Y | G8: N | H8: statements of anglers | I8: In the Mediterranean Sea it is authorized only for recreational fishing of adult eel in the Valencian and Balearic Islands (in this low incidence). Catalonia is authorized catch and release fishing only major eel 35 cm. and it is considered a little bit entrenched and widespread among anglers activity. In Valencia Community, under the management plan it has been chosen by a reduction in effort by defining maximum fishing quotas. Thus, in order bans the last three years (2010-2011-2012) a maximum quota of eels (> 25cm) per fisherman and day 4 specimens or 1kg set, being the first limiting value is reached
A9: ESP | B9: 2014 | C9: Mediterranean | D9: ICCAT | E9: Bluefin tuna | F9: Y | G9: N | H9: statements of anglers | I9: according to current regulations, recreational fishing is in the form 'deathless'. In case you accidentally captured a dead specimen is only one tuna per trip is allowed, and these possible catches, must be declared to the Secretary General of Fisheries
A10: ESP | B10: 2014 | C10: Mediterranean | D10: ICCAT | E10: Shark | F10: Y | G10: N | H10: - | I10: by Order ARM2689/2009, is prohibited in Spain fishing for all species and families Alopiidae Sphyrnidae (thresher sharks and hammer, respectively) and Royal Decree 347/2011, of 11 March, laying regulates the maritime fishing waters outdoor recreation, recreational fishing allowed only four Elasmobranch species (Galeorhinus galeus, Isurus spp, Mustelus spp and Prionace glauca). Moreover, data collection is performed during fishing competitions authorized not exist as a rule shark catch records made in these competitions

Sheet III_E_1
A1: Table III.E.1 – List of required stocks (Appendix VII) | I1: NP years | J1: 2014-2016
I2: AR year | J2: 2014
A3: MS | B3: Species | C3: Region | D3: RFMO/RFO/IO | E3: Area / Stock | F3: Species Group | G3: Average landings --- tons | H3: Share in EU landings --- % | I3: Selected for sampling | J3: Comments
A4: ESP
A5: ESP | B5: Anguilla anguilla | C5: North Sea and Eastern Arctic | D5: ICES | E5: I, II | F5: 1 | G5: None | H5: None | I5: N
A6: ESP | B6: Brosme brosme | C6: North Sea and Eastern Arctic | D6: ICES | E6: I, II | F6: 2 | G6: None | H6: None | I6: N
A7: ESP | B7: Cetorhinus maximus | C7: North Sea and Eastern Arctic | D7: ICES | E7: I, II | F7: 1 | G7: None | H7: None | I7: N
A8: ESP | B8: Clupea harengus | C8: North Sea and Eastern Arctic | D8: ICES | E8: I, II,V | F8: 1 | G8: None | H8: None | I8: N
A9: ESP | B9: Dipturus oxyrinchus | C9: North Sea and Eastern Arctic | D9: ICES | E9: I, II | F9: 1 | G9: None | H9: None | I9: N
A10: ESP | B10: Etmopterus spinax | C10: North Sea and Eastern Arctic | D10: ICES | E10: I, II | F10: 1 | G10: None | H10: None | I10: N
A11: ESP | B11: Gadus morhua | C11: North Sea and Eastern Arctic | D11: ICES | E11: I, II | F11: 1 | G11: 12875.15 | H11: >10% | I11: Y
A12: ESP | B12: Galeus melastomus | C12: North Sea and Eastern Arctic | D12: ICES | E12: I, II | F12: 1 | G12: None | H12: None | I12: N
A13: ESP | B13: Mallotus villosus | C13: North Sea and Eastern Arctic | D13: ICES | E13: I, II | F13: 2 | G13: None | H13: None | I13: N
A14: ESP | B14: Melanogrammus aeglefinus | C14: North Sea and Eastern Arctic | D14: ICES | E14: I, II | F14: 1 | G14: <200 | H14: <10% | I14: N
A15: ESP | B15: Micromesistius poutassou | C15: North Sea and Eastern Arctic | D15: ICES | E15: I-IX, XII, XIV | F15: 1 | G15: <200 | H15: <10% | I15: N
A16: ESP | B16: Pandalus borealis | C16: North Sea and Eastern Arctic | D16: ICES | E16: I, II | F16: 1 | G16: <200 | H16: <10% | I16: N
A17: ESP | B17: Pollachius virens | C17: North Sea and Eastern Arctic | D17: ICES | E17: I, II | F17: 1 | G17: <200 | H17: <10% | I17: N
A18: ESP | B18: Raja brachyura | C18: North Sea and Eastern Arctic | D18: ICES | E18: I, II,V | F18: 1 | G18: None | H18: None | I18: N
A19: ESP | B19: Raja clavata | C19: North Sea and Eastern Arctic | D19: ICES | E19: I, II,V | F19: 1 | I19: N
A20: ESP | B20: Raja naevus | C20: North Sea and Eastern Arctic | D20: ICES | E20: I, II,V | F20: 1 | I20: N
A21: ESP | B21: Raja radiata | C21: North Sea and Eastern Arctic | D21: ICES | E21: I, II,V | F21: 1 | I21: N
A22: ESP | B22: Reinhardtius hippoglossoides | C22: North Sea and Eastern Arctic | D22: ICES | E22: I, II | F22: 1 | G22: <200 | H22: <10% | I22: N
A23: ESP | B23: Salmo salar | C23: North Sea and Eastern Arctic | D23: ICES | E23: I, II | F23: 1 | G23: None | H23: None | I23: N
A24: ESP | B24: Scomber scombrus | C24: North Sea and Eastern Arctic | D24: ICES | E24: II, IIIa, IV, V, VI, VII, VIII, IX | F24: 1 | G24: see row 140 | H24: see row 140 | I24: Y
A25: ESP | B25: Sebastes marinus. | C25: North Sea and Eastern Arctic | D25: ICES | E25: I, II | F25: 1 | G25: None | H25: <10% | I25: N
A26: ESP | B26: Sebastes mentella. | C26: North Sea and Eastern Arctic | D26: ICES | E26: I, II | F26: 1 | G26: 734.6 | H26: >10% | I26: Y
A27: ESP | B27: Squatina squatina | C27: North Sea and Eastern Arctic | D27: ICES | E27: Todas las zonas | F27: - | G27: <200 | H27: >10% | I27: N
A28: ESP | B28: Trachurus trachurus | C28: North Sea and Eastern Arctic | D28: ICES | E28: IIa, IVa, Vb, VIa, VIIa-c, e-k, VIIIabde | F28: 2 | G28: see row 155 | H28: see row 155 | I28: Y
A29: ESP | B29: Alepocephalus bairdii | C29: North Atlantic | D29: ICES | E29: VI, XII | F29: 2 | G29: 124.4 | H29: >10% | I29: Y
A30: ESP | B30: Ammodytidae | C30: North Atlantic | D30: ICES | E30: VIa | F30: 2 | G30: <200 | H30: <10% | I30: N
A31: ESP | B31: Anguilla anguilla | C31: North Atlantic | D31: ICES | E31: All areas | F31: 1 | G31: None | H31: None | I31: N
A32: ESP | B32: Aphanopus spp. | C32: North Atlantic | D32: ICES | E32: All areas | F32: 1 | G32: <200 | H32: <10% | I32: N
A33: ESP | B33: Argentina spp. | C33: North Atlantic | D33: ICES | E33: All areas | F33: 2 | G33: <200 | H33: <10% | I33: N
A34: ESP | B34: Argyrosomus regius | C34: North Atlantic | D34: ICES | E34: All areas | F34: 2 | G34: <200 | H34: <10% | I34: N
A35: ESP | B35: Aspitrigla cuculus | C35: North Atlantic | D35: ICES | E35: All areas | F35: 2 | G35: 436.735 | H35: >10% | I35: Y
A36: ESP | B36: Beryx spp. | C36: North Atlantic | D36: ICES | E36: All areas excluding IXa y X | F36: 2 | G36: <200 | H36: >10% | I36: N
A37: ESP | B37: Beryx spp. | C37: North Atlantic | D37: ICES | E37: IXa y X | F37: 2 | G37: None | H37: None | I37: N
A38: ESP | B38: Cancer pagurus | C38: North Atlantic | D38: ICES | E38: All areas | F38: 2 | G38: <200 | H38: <10% | I38: N
A39: ESP | B39: Centrophorus granulosus | C39: North Atlantic | D39: ICES | E39: Todas las zonas | F39: 1 | G39: <200 | H39: >10% | I39: N
A40: ESP | B40: Centrophorus squamosus | C40: North Atlantic | D40: ICES | E40: Todas las zonas | F40: 1 | G40: <200 | H40: >10% | I40: N
A41: ESP | B41: Centroscyllium fabricii | C41: North Atlantic | D41: ICES | E41: V, VI, VII, XII | F41: 1 | G41: None | H41: None | I41: N
A42: ESP | B42: Centroscymnus coelolepis | C42: North Atlantic | D42: ICES | E42: Todas las zonas | F42: 1 | G42: None | H42: None | I42: N
A43: ESP | B43: Centroscymnus crepidater | C43: North Atlantic | D43: ICES | E43: V, VI, VII, IX, X, XII | F43: 1 | G43: None | H43: None | I43: N
A44: ESP | B44: Cetorhinus maximus | C44: North Atlantic | D44: ICES | E44: All areas | F44: 1 | G44: None | H44: None | I44: N
A45: ESP | B45: Clupea harengus | C45: North Atlantic | D45: ICES | E45: VIa/VIaN/Via S, VIIbc/VIIa/VIIj | F45: 2 | G45: None | H45: None | I45: N
A46: ESP | B46: Conger conger | C46: North Atlantic | D46: ICES | E46: All areas | F46: 2 | G46: 2203 | H46: >10% | I46: Y
A47: ESP | B47: Conger conger | C47: North Atlantic | D47: ICES | E47: X | F47: 2 | G47: None | H47: None | I47: N
A48: ESP | B48: Coryphaenoides rupestris | C48: North Atlantic | D48: ICES | E48: All areas | F48: 1 | G48: 3184.91 | H48: >10% | I48: Y
A49: ESP | B49: Dalatias licha | C49: North Atlantic | D49: ICES | E49: Todas las zonas | F49: 1 | G49: None | H49: None | I49: N
A50: ESP | B50: Dalatias licha | C50: North Atlantic | D50: ICES | E50: All areas | F50: 1 | G50: None | H50: None | I50: N
A51: ESP | B51: Dasyatis pastinaca | C51: North Atlantic | D51: ICES | E51: VII, VIII | F51: 1 | G51: None | H51: None | I51: N
A52: ESP | B52: Deania calcea | C52: North Atlantic | D52: ICES | E52: V, VI, VII, IX, X, XII | F52: 1 | G52: None | H52: None | I52: N
A53: ESP | B53: Deania calcea | C53: North Atlantic | D53: ICES | E53: V, VI, VII, IX, X, XII | F53: 1 | G53: None | H53: None | I53: N
A54: ESP | B54: Dicentrarchus labrax | C54: North Atlantic | D54: ICES | E54: All areas | F54: 2 | G54: 278.95 | H54: <10% | I54: Y
A55: ESP | B55: Dicentrarchus labrax | C55: North Atlantic | D55: ICES | E55: IX | F55: 2 | G55: <200 | H55: >10% | I55: N
A56: ESP | B56: Dicologoglosa cuneata | C56: North Atlantic | D56: ICES | E56: VIIIc, IX | F56: 2 | G56: 52 | H56: >10% | I56: Y
A57: ESP | B57: Dipturus batis | C57: North Atlantic | D57: ICES | E57: V, VI, VII, VIII | F57: 1 | G57: None | H57: None | I57: N
A58: ESP | B58: Dipturus oxyrinchus | C58: North Atlantic | D58: ICES | E58: V, VI, VII, VIII | F58: 1 | G58: None | H58: None | I58: N
A59: ESP | B59: Engraulis encrasicolus | C59: North Atlantic | D59: ICES | E59: IXa (only Cádiz) | F59: 1 | G59: 5043.84 | H59: >10% | I59: Y
A60: ESP | B60: Engraulis encrasicolus | C60: North Atlantic | D60: ICES | E60: VIII | F60: 1 | G60: 11402 | H60: >10% | I60: Y
A61: ESP | B61: Etmopterus spinax | C61: North Atlantic | D61: ICES | E61: VI, VII, VIII | F61: 1 | G61: None | H61: None | I61: N
A62: ESP | B62: Eutrigla gurnardus | C62: North Atlantic | D62: ICES | E62: VIId,e | F62: 2 | G62: None | H62: None | I62: N
A63: ESP | B63: Gadus morhua | C63: North Atlantic | D63: ICES | E63: Va/Vb/VIa/VIb/VIIa/VIIe-k | F63: 1 | G63: None | H63: None | I63: N
A64: ESP | B64: Galeus melastomus | C64: North Atlantic | D64: ICES | E64: VI, VII, VIII, IX, X | F64: 1 | G64: None | H64: None | I64: N
A65: ESP | B65: Glyptocephalus cynoglossus | C65: North Atlantic | D65: ICES | E65: VI, VII | F65: 2 | G65: None | H65: None | I65: N
A66: ESP | B66: Helicolenus dactylopterus | C66: North Atlantic | D66: ICES | E66: All areas | F66: 2 | G66: 828 | H66: >10% | I66: Y
A67: ESP | B67: Homarus gammarus | C67: North Atlantic | D67: ICES | E67: All areas | F67: 2 | G67: <200 | H67: <10% | I67: N
A68: ESP | B68: Hoplostethus atlanticus | C68: North Atlantic | D68: ICES | E68: Todas las zonas | F68: 1 | G68: <200 | H68: >10% | I68: N
A69: ESP | B69: Hoplostethus atlanticus | C69: North Atlantic | D69: ICES | E69: All areas | F69: 1 | G69: <200 | H69: >10% | I69: N
A70: ESP | B70: Isurus oxyrinchus | C70: North Atlantic | D70: ICES | E70: All areas | F70: 1 | G70: <200 | H70: >10% | I70: N
A71: ESP | B71: Lamna nasus | C71: North Atlantic | D71: ICES | E71: All areas | F71: 1 | G71: <200 | H71: >10% | I71: N
A72: ESP | B72: Lepidopus caudatus | C72: North Atlantic | D72: ICES | E72: IXa | F72: 2 | G72: 0.05 | H72: <10% | I72: Y
A73: ESP | B73: Lepidorhombus boscii | C73: North Atlantic | D73: ICES | E73: VIIIc, IXa | F73: 1 | G73: 696.08 | H73: >10% | I73: Y
A74: ESP | B74: Lepidorhombus whiffiagonis | C74: North Atlantic | D74: ICES | E74: VIIIc, IXa | F74: 1
A75: ESP | B75: Lepidorhombus whiffiagonis | C75: North Atlantic | D75: ICES | E75: VI | F75: 1 | G75: 210.06 | H75: >10% | I75: Y
A76: ESP | B76: Lepidorhombus whiffiagonis | C76: North Atlantic | D76: ICES | E76: VII, VIIIabd | F76: 1 | G76: 5032.665 | H76: >10% | I76: Y
A77: ESP | B77: Leucoraja fullonica | C77: North Atlantic | D77: ICES | E77: V, VI, VII, VIII | F77: 1 | G77: <200 | H77: >10% | I77: N
A78: ESP | B78: Leucoraja circularis | C78: North Atlantic | D78: ICES | E78: VI, VII, VIII | F78: 1 | G78: <200 | H78: <10% | I78: N
A79: ESP | B79: Limanda limanda | C79: North Atlantic | D79: ICES | E79: VIIe/VIIa,f-h | F79: 2 | G79: None | H79: None | I79: N
A80: ESP | B80: Loligo vulgaris | C80: North Atlantic | D80: ICES | E80: All areas excluding VIIIc, Ixa | F80: 2 | G80: None | H80: None | I80: N
A81: ESP | B81: Loligo vulgaris | C81: North Atlantic | D81: ICES | E81: VIIIc, IXa | F81: 2 | G81: None | H81: None | I81: N
A82: ESP | B82: Lophius budegassa | C82: North Atlantic | D82: ICES | E82: IV, VI | F82: 1 | G82: None | H82: None | I82: N
A83: ESP | B83: Lophius piscatorious | C83: North Atlantic | D83: ICES | E83: IV, VI | F83: 1 | I83: N
A84: ESP | B84: Lophius budegassa | C84: North Atlantic | D84: ICES | E84: VIIb-k, VIIIabd | F84: 1 | G84: 3660 | H84: >10% | I84: Y
A85: ESP | B85: Lophius piscatorious | C85: North Atlantic | D85: ICES | E85: VIIb-k, VIIIabd | F85: 1 | G85: #DIV/0! | H85: #DIV/0! | I85: Y
A86: ESP | B86: Lophius budegassa | C86: North Atlantic | D86: ICES | E86: VIIIc, IXa | F86: 1 | G86: 1830.5 | H86: >10% | I86: Y
A87: ESP | B87: Lophius piscatorious | C87: North Atlantic | D87: ICES | E87: VIIIc, IXa | F87: 1 | G87: #DIV/0! | H87: #DIV/0! | I87: Y
A88: ESP | B88: Mallotus villosus | C88: North Atlantic | D88: ICES | E88: XIV | F88: 2 | G88: None | H88: None | I88: N
A89: ESP | B89: Melanogrammus aeglefinus | C89: North Atlantic | D89: ICES | E89: Va/Vb | F89: 1 | G89: <200 | H89: <10% | I89: N
A90: ESP | B90: Melanogrammus aeglefinus | C90: North Atlantic | D90: ICES | E90: VIa/VIb/VIIa/VIIb-k | F90: 1 | G90: <200 | H90: <10% | I90: N
A91: ESP | B91: Merlangius merlangus | C91: North Atlantic | D91: ICES | E91: Vb/VIa/VIb/VIIa/VIIe-k | F91: 1 | G91: <200 | H91: <10% | I91: N
A92: ESP | B92: Merlangius merlangus | C92: North Atlantic | D92: ICES | E92: VIII/IX, X | F92: 2 | G92: <200 | H92: <10% | I92: N
A93: ESP | B93: Merluccius merluccius | C93: North Atlantic | D93: ICES | E93: IIIa, IV, VI, VII, VIIIab | F93: 1 | G93: 13193.525 | H93: >10% | I93: Y
A94: ESP | B94: Merluccius merluccius | C94: North Atlantic | D94: ICES | E94: VIIIc, IXa | F94: 1 | G94: 6467.67 | H94: >10% | I94: Y
A95: ESP | B95: Microchirus variegatus | C95: North Atlantic | D95: ICES | E95: All areas | F95: 2 | G95: <200 | H95: >10% | I95: N
A96: ESP | B96: Micromesistius poutassou | C96: North Atlantic | D96: ICES | E96: I-IX, XII, XIV | F96: 1 | G96: 10435.82 | H96: >10% | I96: Y
A97: ESP | B97: Microstomus kitt | C97: North Atlantic | D97: ICES | E97: All areas | F97: 2 | G97: None | H97: >10% | I97: N
A98: ESP | B98: Molva dypterygia | C98: North Atlantic | D98: ICES | E98: All areas | F98: 1 | G98: 283.655 | H98: >10% | I98: Y
A99: ESP | B99: Molva dypterygia | C99: North Atlantic | D99: ICES | E99: X | F99: 1 | G99: 30.225 | H99: >10% | I99: N
A100: ESP | B100: Molva molva | C100: North Atlantic | D100: ICES | E100: All areas | F100: 2 | G100: 1610.935 | H100: >10% | I100: Y
...

Sheet III_E_2
A1: Table III.E.2 - Long-term planning of sampling for stock-based variables | AJ1: NP years | AK1: 2014-2016
AJ2: AR year | AK2: 2014
A3: MS | B3: Species | C3: Region | D3: RFMO/RFO/IO | E3: Area / Stock | F3: Species Group | G3: Age | M3: Weight | S3: Sex ratio | Y3: Sexual maturity | AE3: Fecundity | AK3: Comments
G4: 2011 | H4: 2012 | I4: 2013 | J4: 2014 | K4: 2015 | L4: 2016 | M4: 2011 | N4: 2012 | O4: 2013 | P4: 2014 | Q4: 2015 | R4: 2016 | S4: 2011 | T4: 2012 | U4: 2013 | V4: 2014 | W4: 2015 | X4: 2016 | Y4: 2011 | Z4: 2012 | AA4: 2013 | AB4: 2014 | AC4: 2015 | AD4: 2016 | AE4: 2011 | AF4: 2012 | AG4: 2013 | AH4: 2014 | AI4: 2015 | AJ4: 2016
A5: ESP | B5: Gadus morhua | C5: North Sea and Eastern Arctic | D5: ICES | E5: I,II | F5: 1 | G5: X | H5: X | I5: X | J5: X | K5: X | L5: X | M5: X | N5: X | O5: X | P5: X | Q5: X | R5: X | S5: X | T5: X | U5: X | V5: X | W5: X | X5: X | Y5: X | Z5: X | AA5: X | AB5: X | AC5: X | AD5: X | AE5: NR | AF5: NR | AG5: NR | AH5: NR | AI5: NR | AJ5: NR
A6: ESP | B6: Sebastes mentella | C6: North Sea and Eastern Arctic | D6: ICES | E6: I,II | F6: 1 | G6: X | H6: X | I6: X | J6: X | K6: X | L6: X | M6: X | N6: X | O6: X | P6: X | Q6: X | R6: X | S6: X | T6: X | U6: X | V6: X | W6: X | X6: X | Y6: X | Z6: X | AA6: X | AB6: X | AC6: X | AD6: X | AE6: NR | AF6: NR | AG6: NR | AH6: NR | AI6: NR | AJ6: NR
A7: ESP | B7: Alepocephalus bairdii | C7: North Atlantic | D7: ICES | E7: VI, XII | F7: 2 | G7: NR | H7: NR | I7: NR | J7: NR | K7: NR | L7: NR | M7: X | N7: X | O7: X | P7: X | Q7: X | R7: X | S7: X | T7: X | U7: X | V7: X | W7: X | X7: X | Y7: X | Z7: X | AA7: X | AB7: X | AC7: X | AD7: X | AE7: NR | AF7: NR | AG7: NR | AH7: NR | AI7: NR | AJ7: NR | AK7: pesquería en ICES XII y VIb1
A8: ESP | B8: Aspitrigla cuculus | C8: North Atlantic | D8: ICES | E8: All areas | F8: 2 | K8: X | Q8: X | W8: X | AC8: X | AE8: NR | AF8: NR | AG8: NR | AH8: NR | AI8: NR | AJ8: NR
A9: ESP | B9: Conger conger | C9: North Atlantic | D9: ICES | E9: All areas, excluding X | F9: 2 | G9: X | H9: X | I9: X | J9: X | K9: X | L9: X | M9: X | N9: X | O9: X | P9: X | Q9: X | R9: X | S9: X | T9: X | U9: X | V9: X | W9: X | X9: X | Y9: X | Z9: X | AA9: X | AB9: X | AC9: X | AD9: X | AE9: NR | AF9: NR | AG9: NR | AH9: NR | AI9: NR | AJ9: NR
A10: ESP | B10: Coryphaenoides rupestris | C10: North Atlantic | D10: ICES | E10: All Areas | F10: 1 | G10: X | H10: X | I10: X | J10: X | K10: X | L10: X | M10: X | N10: X | O10: X | P10: X | Q10: X | R10: X | S10: X | T10: X | U10: X | V10: X | W10: X | X10: X | Y10: X | Z10: X | AA10: X | AB10: X | AC10: X | AD10: X | AE10: NR | AF10: NR | AG10: NR | AH10: NR | AI10: NR | AJ10: NR | AK10: pesquería en ICES XII y VIb1
A11: ESP | B11: Dicentrarchus labrax | C11: North Atlantic | D11: ICES | E11: All areas | F11: 2 | K11: X | Q11: X | W11: X | AC11: X | AE11: NR | AF11: NR | AG11: NR | AH11: NR | AI11: NR | AJ11: NR
A12: ESP | B12: Dicologlossa cuneata | C12: North Atlantic | D12: ICES | E12: VIIIc, IXa | F12: 2 | K12: X | L12: X | M12: NR | N12: NR | O12: NR | P12: NR | Q12: NR | R12: NR | S12: NR | T12: NR | U12: NR | V12: NR | W12: NR | X12: NR | Y12: NR | Z12: NR | AA12: NR | AB12: NR | AC12: NR | AD12: NR | AE12: NR | AF12: NR | AG12: NR | AH12: NR | AI12: NR | AJ12: NR
A13: ESP | B13: Engraulis encrasicolus | C13: North Atlantic | D13: ICES | E13: IXa (only Cádiz) | F13: 1 | G13: X | H13: X | I13: X | J13: X | K13: X | L13: X | M13: X | N13: X | O13: X | P13: X | Q13: X | R13: X | S13: X | T13: X | U13: X | V13: X | W13: X | X13: X | Y13: X | Z13: X | AA13: X | AB13: X | AC13: X | AD13: X | AE13: X | AH13: X
A14: ESP | B14: Engraulis encrasicolus | C14: North Atlantic | D14: ICES | E14: VIII | F14: 1 | G14: X | H14: X | I14: X | J14: X | K14: X | L14: X | M14: X | N14: X | O14: X | P14: X | Q14: X | R14: X | S14: X | T14: X | U14: X | V14: X | W14: X | X14: X | Y14: X | Z14: X | AA14: X | AB14: X | AC14: X | AD14: X | AE14: X | AF14: X | AG14: X | AH14: X | AI14: X | AJ14: X
A15: ESP | B15: Helicolenus dactylopterus | C15: North Atlantic | D15: ICES | E15: All areas | F15: 2 | G15: X | H15: X | I15: X | J15: X | K15: X | L15: X | M15: NR | N15: NR | O15: NR | P15: NR | Q15: NR | R15: NR | S15: NR | T15: NR | U15: NR | V15: NR | W15: NR | X15: NR | Y15: NR | Z15: NR | AA15: NR | AB15: NR | AC15: NR | AD15: NR | AE15: NR | AF15: NR | AG15: NR | AH15: NR | AI15: NR | AJ15: NR
A16: ESP | B16: Lepidopus caudatus | C16: North Atlantic | D16: ICES | E16: IXa | F16: 2 | G16: NR | H16: NR | I16: NR | J16: NR | K16: NR | L16: NR | M16: X | Q16: X | S16: X | W16: X | Y16: X | AC16: X | AE16: NR | AF16: NR | AG16: NR | AH16: NR | AI16: NR | AJ16: NR
A17: ESP | B17: Lepidorhombus boscii | C17: North Atlantic | D17: ICES | E17: VIIIc, IXa | F17: 1 | G17: X | H17: X | I17: X | J17: X | K17: X | L17: X | M17: X | N17: X | O17: X | P17: X | Q17: X | R17: X | S17: X | T17: X | U17: X | V17: X | W17: X | X17: X | Y17: X | Z17: X | AA17: X | AB17: X | AC17: X | AD17: X | AE17: NR | AF17: NR | AG17: NR | AH17: NR | AI17: NR | AJ17: NR
A18: ESP | B18: Lepidorhombus whiffiagonis | C18: North Atlantic | D18: ICES | E18: VIIIc, IXa | F18: 1 | G18: X | H18: X | I18: X | J18: X | K18: X | L18: X | M18: X | N18: X | O18: X | P18: X | Q18: X | R18: X | S18: X | T18: X | U18: X | V18: X | W18: X | X18: X | Y18: X | Z18: X | AA18: X | AB18: X | AC18: X | AD18: X | AE18: NR | AF18: NR | AG18: NR | AH18: NR | AI18: NR | AJ18: NR
A19: ESP | B19: Lepidorhombus whiffiagonis | C19: North Atlantic | D19: ICES | E19: VII, VIIIabd | F19: 1 | G19: X | H19: X | I19: X | J19: X | K19: X | L19: X | M19: X | N19: X | O19: X | P19: X | Q19: X | R19: X | S19: X | T19: X | U19: X | V19: X | W19: X | X19: X | Y19: X | Z19: X | AA19: X | AB19: X | AC19: X | AD19: X | AE19: NR | AF19: NR | AG19: NR | AH19: NR | AI19: NR | AJ19: NR
A20: ESP | B20: Lophius piscatorious | C20: North Atlantic | D20: ICES | E20: VIIb-k, VIIIabd | F20: 1 | G20: X | H20: X | I20: X | J20: X | K20: X | L20: X | M20: X | N20: X | O20: X | P20: X | Q20: X | R20: X | S20: X | T20: X | U20: X | V20: X | W20: X | X20: X | Y20: X | Z20: X | AA20: X | AB20: X | AC20: X | AD20: X | AE20: NR | AF20: NR | AG20: NR | AH20: NR | AI20: NR | AJ20: NR
A21: ESP | B21: Lophius budegassa | C21: North Atlantic | D21: ICES | E21: VIIb-k, VIIIabd | F21: 1 | G21: X | H21: X | I21: X | J21: X | K21: X | L21: X | M21: X | N21: X | O21: X | P21: X | Q21: X | R21: X | S21: X | T21: X | U21: X | V21: X | W21: X | X21: X | Y21: X | Z21: X | AA21: X | AB21: X | AC21: X | AD21: X | AE21: NR | AF21: NR | AG21: NR | AH21: NR | AI21: NR | AJ21: NR
A22: ESP | B22: Lophius piscatorious | C22: North Atlantic | D22: ICES | E22: VIIIc, IXa | F22: 1 | G22: X | H22: X | I22: X | J22: X | K22: X | L22: X | M22: X | N22: X | O22: X | P22: X | Q22: X | R22: X | S22: X | T22: X | U22: X | V22: X | W22: X | X22: X | Y22: X | Z22: X | AA22: X | AB22: X | AC22: X | AD22: X | AE22: NR | AF22: NR | AG22: NR | AH22: NR | AI22: NR | AJ22: NR
A23: ESP | B23: Lophius budegassa | C23: North Atlantic | D23: ICES | E23: VIIIc, IXa | F23: 1 | G23: X | H23: X | I23: X | J23: X | K23: X | L23: X | M23: X | N23: X | O23: X | P23: X | Q23: X | R23: X | S23: X | T23: X | U23: X | V23: X | W23: X | X23: X | Y23: X | Z23: X | AA23: X | AB23: X | AC23: X | AD23: X | AE23: NR | AF23: NR | AG23: NR | AH23: NR | AI23: NR | AJ23: NR
A24: ESP | B24: Merluccius merluccius | C24: North Atlantic | D24: ICES | E24: IIIa, IV, VI, VII, VIIIab | F24: 1 | G24: X | H24: X | I24: X | J24: X | K24: X | L24: X | M24: X | N24: X | O24: X | P24: X | Q24: X | R24: X | S24: X | T24: X | U24: X | V24: X | W24: X | X24: X | Y24: X | Z24: X | AA24: X | AB24: X | AC24: X | AD24: X | AE24: NR | AF24: NR | AG24: NR | AH24: NR | AI24: NR | AJ24: NR
A25: ESP | B25: Merluccius merluccius | C25: North Atlantic | D25: ICES | E25: VIIIc, IXa | F25: 1 | G25: X | H25: X | I25: X | J25: X | K25: X | L25: X | M25: X | N25: X | O25: X | P25: X | Q25: X | R25: X | S25: X | T25: X | U25: X | V25: X | W25: X | X25: X | Y25: X | Z25: X | AA25: X | AB25: X | AC25: X | AD25: X | AE25: NR | AF25: NR | AG25: NR | AH25: NR | AI25: NR | AJ25: NR
A26: ESP | B26: Micromesistius poutassou | C26: North Atlantic | D26: ICES | E26: I-IX, XII, XIV | F26: 1 | G26: X | H26: X | I26: X | J26: X | K26: X | L26: X | M26: X | N26: X | O26: X | P26: X | Q26: X | R26: X | S26: X | T26: X | U26: X | V26: X | W26: X | X26: X | Y26: derogation | AB26: derogation | AE26: NR | AF26: NR | AG26: NR | AH26: NR | AI26: NR | AJ26: NR | AK26: derogation
A27: ESP | B27: Molva dypterygia | C27: North Atlantic | D27: ICES | E27: All areas | F27: 2 | K27: X | Q27: X | W27: X | AC27: X | AE27: NR | AF27: NR | AG27: NR | AH27: NR | AI27: NR | AJ27: NR
A28: ESP | B28: Molva molva | C28: North Atlantic | D28: ICES | E28: All areas | F28: 2 | G28: X | H28: X | I28: X | J28: X | K28: X | L28: X | M28: X | N28: X | O28: X | P28: X | Q28: X | R28: X | S28: X | T28: X | U28: X | V28: X | W28: X | X28: X | Y28: X | Z28: X | AA28: X | AB28: X | AC28: X | AD28: X | AE28: NR | AF28: NR | AG28: NR | AH28: NR | AI28: NR | AJ28: NR
A29: ESP | B29: Mullus surmuletus | C29: North Atlantic | D29: ICES | E29: All areas | F29: 2 | K29: X | Q29: X | W29: X | AC29: X | AE29: NR | AF29: NR | AG29: NR | AH29: NR | AI29: NR | AJ29: NR
A30: ESP | B30: Nephrops norvegicus | C30: North Atlantic | D30: ICES | E30: VIII, IX Functional Unit | F30: 1 | G30: NR | H30: NR | I30: NR | J30: NR | K30: NR | L30: NR | M30: X | N30: X | O30: X | P30: X | Q30: X | R30: X | S30: X | T30: X | U30: X | V30: X | W30: X | X30: X | Y30: X | Z30: X | AA30: X | AB30: X | AC30: X | AD30: X | AE30: NR | AF30: NR | AG30: NR | AH30: NR | AI30: NR | AJ30: NR
A31: ESP | B31: Octopus vulgaris | C31: North Atlantic | D31: ICES | E31: VIIIc, IXa | F31: 2 | G31: NR | H31: NR | I31: NR | J31: NR | K31: NR | L31: NR | M31: NR | N31: NR | O31: NR | P31: NR | Q31: X | R31: X | S31: NR | T31: NR | U31: NR | V31: NR | W31: X | X31: X | Y31: NR | Z31: NR | AA31: NR | AB31: NR | AC31: X | AD31: X | AE31: NR | AF31: NR | AG31: NR | AH31: NR | AI31: NR | AJ31: NR
A32: ESP | B32: Pagellus bogaraveo | C32: North Atlantic | D32: ICES | E32: IXa, X | F32: 1 | H32: X | K32: X | N32: X | P32: X | T32: X | V32: X | Z32: X | AB32: X | AE32: NR | AF32: NR | AG32: NR | AH32: NR | AI32: NR | AJ32: NR
A33: ESP | B33: Parapenaeus longirostris | C33: North Atlantic | D33: ICES | E33: IXa | F33: 2 | G33: NR | H33: NR | I33: NR | J33: NR | K33: NR | L33: NR | N33: X | Q33: X | T33: X | W33: X | Z33: X | AC33: X | AE33: NR | AF33: NR | AG33: NR | AH33: NR | AI33: NR | AJ33: NR
A34: ESP | B34: Phycis blennoides | C34: North Atlantic | D34: ICES | E34: All areas | F34: 2 | G34: X | H34: X | I34: X | J34: X | K34: X | L34: X | M34: X | N34: X | O34: X | P34: X | Q34: X | R34: X | S34: X | T34: X | U34: X | V34: X | W34: X | X34: X | Y34: X | Z34: X | AA34: X | AB34: X | AC34: X | AD34: X | AE34: NR | AF34: NR | AG34: NR | AH34: NR | AI34: NR | AJ34: NR
A35: ESP | B35: Phycis phycis | C35: North Atlantic | D35: ICES | E35: All areas | F35: 2 | K35: X | Q35: X | W35: X | AC35: X | AE35: NR | AF35: NR | AG35: NR | AH35: NR | AI35: NR | AJ35: NR
A36: ESP | B36: Pollachius pollachius | C36: North Atlantic | D36: ICES | E36: IX, X | F36: 2 | G36: X | H36: X | I36: X | J36: X | K36: X | L36: X | M36: X | N36: X | O36: X | P36: X | Q36: X | R36: X | S36: X | T36: X | U36: X | V36: X | W36: X | X36: X | Y36: X | Z36: X | AA36: X | AB36: X | AC36: X | AD36: X | AE36: NR | AF36: NR | AG36: NR | AH36: NR | AI36: NR | AJ36: NR
A37: ESP | B37: Sardina pilchardus | C37: North Atlantic | D37: ICES | E37: VIIIabd | F37: 1 | G37: X | H37: X | I37: X | J37: X | K37: X | L37: X | M37: X | N37: X | O37: X | P37: X | Q37: X | R37: X | S37: X | T37: X | U37: X | V37: X | W37: X | X37: X | Y37: X | Z37: X | AA37: X | AB37: X | AC37: X | AD37: X | AE37: X | AH37: X
A38: ESP | B38: Sardina pilchardus | C38: North Atlantic | D38: ICES | E38: VIIIc, IXa | F38: 1 | G38: X | H38: X | I38: X | J38: X | K38: X | L38: X | M38: X | N38: X | O38: X | P38: X | Q38: X | R38: X | S38: X | T38: X | U38: X | V38: X | W38: X | X38: X | Y38: X | Z38: X | AA38: X | AB38: X | AC38: X | AD38: X | AE38: X | AH38: X
A39: ESP | B39: Scomber japonicus | C39: North Atlantic | D39: ICES | E39: VIII, IX | F39: 2 | G39: X | H39: X | I39: X | J39: X | K39: X | L39: X | M39: X | N39: X | O39: X | P39: X | Q39: X | R39: X | S39: X | T39: X | U39: X | V39: X | W39: X | X39: X | Y39: X | Z39: X | AA39: X | AB39: X | AC39: X | AD39: X | AE39: NR | AF39: NR | AG39: NR | AH39: NR | AI39: NR | AJ39: NR
A40: ESP | B40: Scomber scombrus | C40: North Atlantic | D40: ICES | E40: II, IIIa, IV, V, VI, VII, VIII, IX | F40: 1 | G40: X | H40: X | I40: X | J40: X | K40: X | L40: X | M40: X | N40: X | O40: X | P40: X | Q40: X | R40: X | S40: X | T40: X | U40: X | V40: X | W40: X | X40: X | Y40: X | Z40: X | AA40: X | AB40: X | AC40: X | AD40: X | AG40: X | AJ40: X
A41: ESP | B41: Sebastes mentella | C41: North Atlantic | D41: ICES | E41: ICES V, VI, XII, XIV & NAFO SA 2+(Div 1F+3K) | F41: 1 | G41: X | H41: X | I41: X | J41: X | K41: X | L41: X | M41: X | N41: X | O41: X | P41: X | Q41: X | R41: X | S41: X | T41: X | U41: X | V41: X | W41: X | X41: X | Y41: X | Z41: X | AA41: X | AB41: X | AC41: X | AD41: X | AE41: NR | AF41: NR | AG41: NR | AH41: NR | AI41: NR | AJ41: NR
A42: ESP | B42: Sepia officinalis | C42: North Atlantic | D42: ICES | E42: All areas | F42: 2 | G42: NR | H42: NR | I42: NR | J42: NR | K42: NR | L42: NR | M42: X | P42: X | S42: X | V42: X | Y42: X | AB42: X | AE42: NR | AF42: NR | AG42: NR | AH42: NR | AI42: NR | AJ42: NR
A43: ESP | B43: Trachurus mediterraneus | C43: North Atlantic | D43: ICES | E43: VIII, IX | F43: 2 | G43: X | H43: X | I43: X | J43: X | K43: X | L43: X | M43: X | N43: X | O43: X | P43: X | Q43: X | R43: X | S43: X | T43: X | U43: X | V43: X | W43: X | X43: X | Y43: X | Z43: X | AA43: X | AB43: X | AC43: X | AD43: X | AE43: NR | AF43: NR | AG43: NR | AH43: NR | AI43: NR | AJ43: NR
A44: ESP | B44: Trachurus trachurus | C44: North Atlantic | D44: ICES | E44: IIa, IVa, Vb, VIa, VIIa-c, e-k, VIIIabde | F44: 2 | G44: X | H44: X | I44: X | J44: X | K44: X | L44: X | M44: X | N44: X | O44: X | P44: X | Q44: X | R44: X | S44: X | T44: X | U44: X | V44: X | W44: X | X44: X | Y44: X | Z44: X | AA44: X | AB44: X | AC44: X | AD44: X | AG44: X | AJ44: X
A45: ESP | B45: Trachurus trachurus | C45: North Atlantic | D45: ICES | E45: VIIIc, IXa | F45: 2 | G45: X | H45: X | I45: X | J45: X | K45: X | L45: X | M45: X | N45: X | O45: X | P45: X | Q45: X | R45: X | S45: X | T45: X | U45: X | V45: X | W45: X | X45: X | Y45: X | Z45: X | AA45: X | AB45: X | AC45: X | AD45: X | AG45: X | AJ45: X
A46: ESP | B46: Trisopterus spp | C46: North Atlantic | D46: ICES | E46: All areas | F46: 2 | G46: X | H46: X | I46: X | J46: X | K46: X | L46: X | M46: NR | N46: NR | O46: NR | P46: NR | Q46: NR | R46: NR | S46: NR | T46: NR | U46: NR | V46: NR | W46: NR | X46: NR | Y46: NR | Z46: NR | AA46: NR | AB46: NR | AC46: NR | AD46: NR | AE46: NR | AF46: NR | AG46: NR | AH46: NR | AI46: NR | AJ46: NR
A47: ESP | B47: Zeus faber | C47: North Atlantic | D47: ICES | E47: All areas | F47: 2 | K47: X | Q47: X | W47: X | AC47: X | AE47: NR | AF47: NR | AG47: NR | AH47: NR | AI47: NR | AJ47: NR
A48: ESP | B48: Gadus morhua | C48: North Atlantic | D48: NAFO | E48: 2J, 3KL | F48: 1 | G48: X | H48: X | I48: X | J48: X | K48: X | L48: X | M48: X | N48: X | O48: X | P48: X | Q48: X | R48: X | S48: X | T48: X | U48: X | V48: X | W48: X | X48: X | Y48: X | Z48: X | AA48: X | AB48: X | AC48: X | AD48: X | AE48: NR | AF48: NR | AG48: NR | AH48: NR | AI48: NR | AJ48: NR | AK48: This species has a TAC=0, so, the number of individuals to sample can not be planned in advance
A49: ESP | B49: Gadus morhua | C49: North Atlantic | D49: NAFO | E49: 3M | F49: 1 | G49: X | H49: X | I49: X | J49: X | K49: X | L49: X | M49: X | N49: X | O49: X | P49: X | Q49: X | R49: X | S49: X | T49: X | U49: X | V49: X | W49: X | X49: X | Y49: X | Z49: X | AA49: X | AB49: X | AC49: X | AD49: X | AE49: NR | AF49: NR | AG49: NR | AH49: NR | AI49: NR | AJ49: NR
A50: ESP | B50: Gadus morhua | C50: North Atlantic | D50: NAFO | E50: 3NO | F50: 1 | G50: X | H50: X | I50: X | J50: X | K50: X | L50: X | M50: X | N50: X | O50: X | P50: X | Q50: X | R50: X | S50: X | T50: X | U50: X | V50: X | W50: X | X50: X | Y50: X | Z50: X | AA50: X | AB50: X | AC50: X | AD50: X | AE50: NR | AF50: NR | AG50: NR | AH50: NR | AI50: NR | AJ50: NR | AK50: This species has a TAC=0, so, the number of individuals to sample can not be planned in advance
A51: ESP | B51: Glyptocephalus cynoglossus | C51: North Atlantic | D51: NAFO | E51: 3NO | F51: 2 | G51: NR | H51: NR | I51: NR | J51: NR | K51: NR | L51: NR | M51: X | N51: X | O51: X | P51: X | Q51: X | R51: X | S51: X | T51: X | U51: X | V51: X | W51: X | X51: X | Y51: X | Z51: X | AA51: X | AB51: X | AC51: X | AD51: X | AE51: NR | AF51: NR | AG51: NR | AH51: NR | AI51: NR | AJ51: NR | AK51: This species has a TAC=0, so, the number of individuals to sample can not be planned in advance
A52: ESP | B52: Hippoglossoides platessoides | C52: North Atlantic | D52: NAFO | E52: 3LNO | F52: 1 | G52: X | H52: X | I52: X | J52: X | K52: X | L52: X | M52: X | N52: X | O52: X | P52: X | Q52: X | R52: X | S52: X | T52: X | U52: X | V52: X | W52: X | X52: X | Y52: X | Z52: X | AA52: X | AB52: X | AC52: X | AD52: X | AE52: NR | AF52: NR | AG52: NR | AH52: NR | AI52: NR | AJ52: NR | AK52: This species has a TAC=0, so, the number of individuals to sample can not be planned in advance
A53: ESP | B53: Hippoglossoides platessoides | C53: North Atlantic | D53: NAFO | E53: 3M | F53: 1 | G53: X | H53: X | I53: X | J53: X | K53: X | L53: X | M53: X | N53: X | O53: X | P53: X | Q53: X | R53: X | S53: X | T53: X | U53: X | V53: X | W53: X | X53: X | Y53: X | Z53: X | AA53: X | AB53: X | AC53: X | AD53: X | AE53: NR | AF53: NR | AG53: NR | AH53: NR | AI53: NR | AJ53: NR | AK53: This species has a TAC=0, so, the number of individuals to sample can not be planned in advance
A54: ESP | B54: Limanda ferruginea | C54: North Atlantic | D54: NAFO | E54: 3LNO | F54: 2 | G54: NR | H54: NR | I54: NR | J54: NR | K54: NR | L54: NR | M54: X | N54: X | O54: X | P54: X | Q54: X | R54: X | S54: X | T54: X | U54: X | V54: X | W54: X | X54: X | Y54: X | Z54: X | AA54: X | AB54: X | AC54: X | AD54: X | AE54: NR | AF54: NR | AG54: NR | AH54: NR | AI54: NR | AJ54: NR | AK54: This species has a TAC=0, so, the number of individuals to sample can not be planned in advance
A55: ESP | B55: Macrouridae | C55: North Atlantic | D55: NAFO | E55: SA 2 + 3 | F55: 2 | G55: X | H55: X | I55: X | J55: X | K55: X | L55: X | M55: X | N55: X | O55: X | P55: X | Q55: X | R55: X | S55: X | T55: X | U55: X | V55: X | W55: X | X55: X | Y55: X | Z55: X | AA55: X | AB55: X | AC55: X | AD55: X | AE55: NR | AF55: NR | AG55: NR | AH55: NR | AI55: NR | AJ55: NR
A56: ESP | B56: Pandalus spp. | C56: North Atlantic | D56: NAFO | E56: 3L | F56: 1 | G56: NR | H56: NR | I56: NR | J56: NR | K56: NR | L56: NR | M56: X | N56: X | O56: X | P56: X | Q56: X | R56: X | S56: X | T56: X | U56: X | V56: X | W56: X | X56: X | Y56: X | Z56: X | AA56: X | AB56: X | AC56: X | AD56: X | AE56: NR | AF56: NR | AG56: NR | AH56: NR | AI56: NR | AJ56: NR
A57: ESP | B57: Pandalus spp. | C57: North Atlantic | D57: NAFO | E57: 3M | F57: 1 | G57: NR | H57: NR | I57: NR | J57: NR | K57: NR | L57: NR | M57: X | N57: X | O57: X | P57: X | Q57: X | R57: X | S57: X | T57: X | U57: X | V57: X | W57: X | X57: X | Y57: X | Z57: X | AA57: X | AB57: X | AC57: X | AD57: X | AE57: NR | AF57: NR | AG57: NR | AH57: NR | AI57: NR | AJ57: NR
A58: ESP | B58: Raja spp. | C58: North Atlantic | D58: NAFO | E58: SA 3 | F58: 1 | G58: NR | H58: NR | I58: NR | J58: NR | K58: NR | L58: NR | M58: X | N58: X | O58: X | P58: X | Q58: X | R58: X | S58: X | T58: X | U58: X | V58: X | W58: X | X58: X | Y58: X | Z58: X | AA58: X | AB58: X | AC58: X | AD58: X | AE58: NR | AF58: NR | AG58: NR | AH58: NR | AI58: NR | AJ58: NR
A59: ESP | B59: Reinhardtius hippoglossoides | C59: North Atlantic | D59: NAFO | E59: 3KLMNO | F59: 1 | G59: X | H59: X | I59: X | J59: X | K59: X | L59: X | M59: X | N59: X | O59: X | P59: X | Q59: X | R59: X | S59: X | T59: X | U59: X | V59: X | W59: X | X59: X | Y59: X | Z59: X | AA59: X | AB59: X | AC59: X | AD59: X | AE59: NR | AF59: NR | AG59: NR | AH59: NR | AI59: NR | AJ59: NR
A60: ESP | B60: Sebastes spp | C60: North Atlantic | D60: NAFO | E60: 3M | F60: 1 | G60: X | H60: X | I60: X | J60: X | K60: X | L60: X | M60: NR | N60: NR | O60: NR | P60: NR | Q60: NR | R60: NR | S60: NR | T60: NR | U60: NR | V60: NR | W60: NR | X60: NR | Y60: NR | Z60: NR | AA60: NR | AB60: NR | AC60: NR | AD60: NR | AE60: NR | AF60: NR | AG60: NR | AH60: NR | AI60: NR | AJ60: NR | AK60: Data from FLEMISH CAP GROUNDFISH SURVEY only
A61: ESP | B61: Engraulis encrasicolus | C61: Other Regions | D61: CECAF | E61: Morocco (FAO 34.1.11) | F61: 1 | G61: NR | H61: NR | I61: NR | J61: NR | K61: NR | L61: NR | O61: X | R61: X | U61: X | X61: X | AA61: X | AD61: X | AE61: NR | AF61: NR | AG61: NR | AH61: NR | AI61: NR | AJ61: NR
A62: ESP | B62: Farfantepenaeus notialis | C62: Other Regions | D62: CECAF | E62: All areas | F62: 1 | G62: NR | H62: NR | I62: NR | J62: NR | K62: NR | L62: NR | N62: X | Q62: X | S62: X | T62: X | U62: X | V62: X | W62: X | X62: X | Z62: X | AC62: X | AD62: X | AE62: NR | AF62: NR | AG62: NR | AH62: NR | AI62: NR | AJ62: NR | AK62: Sampling of this species has been separated by fishery area, Mauritania and Guinea Bissau, because these are two different stocks. Samplings alternate annually in each. In 2014 sampling was performed in Mauritania.
A63: ESP | B63: Loligo vulgaris | C63: Other regions | D63: CECAF | E63: All areas | F63: 1 | G63: NR | H63: NR | I63: NR | J63: NR | K63: NR | L63: NR | M63: X | N63: X | O63: X | P63: X | Q63: X | R63: X | S63: X | T63: X | U63: X | V63: X | W63: X | X63: X | Y63: X | Z63: X | AA63: X | AB63: X | AC63: X | AD63: X | AE63: NR | AF63: NR | AG63: NR | AH63: NR | AI63: NR | AJ63: NR
A64: ESP | B64: Merluccius spp. | C64: Other Regions | D64: CECAF | E64: All areas | F64: 1 | G64: NR | H64: NR | I64: NR | J64: NR | K64: NR | L64: NR | M64: X | N64: X | O64: X | R64: X | S64: X | T64: X | U64: X | V64: X | W64: X | X64: X | Y64: X | Z64: X | AA64: X | AD64: X | AE64: NR | AF64: NR | AG64: NR | AH64: NR | AI64: NR | AJ64: NR
A65: ESP | B65: Octopus vulgaris | C65: Other regions | D65: CECAF | E65: All areas | F65: 1 | G65: NR | H65: NR | I65: NR | J65: NR | K65: NR | L65: NR | M65: X | N65: X | O65: X | P65: X | Q65: X | R65: X | S65: X | T65: X | U65: X | V65: X | W65: X | X65: X | Y65: X | Z65: X | AA65: X | AB65: X | AC65: X | AD65: X | AE65: NR | AF65: NR | AG65: NR | AH65: NR | AI65: NR | AJ65: NR
A66: ESP | B66: Parapenaeus longirostris | C66: Other Regions | D66: CECAF | E66: All areas | F66: 1 | G66: NR | H66: NR | I66: NR | J66: NR | K66: NR | L66: NR | O66: X | R66: X | S66: X | T66: X | U66: X | V66: X | W66: X | X66: X | AA66: X | AC66: X | AD66: X | AE66: NR | AF66: NR | AG66: NR | AH66: NR | AI66: NR | AJ66: NR | AK66: Sampling of this species has been separated by fishery area, Mauritania and Guinea Bissau, because these are two different stocks. Samplings alternate annually in each. In 2014 sampling was performed in Mauritania.
A67: ESP | B67: Sardina pilchardus | C67: Other regions | D67: CECAF | E67: Africa | F67: 1 | G67: NR | H67: NR | I67: NR | J67: NR | K67: NR | L67: NR | M67: X | N67: X | O67: X | P67: X | Q67: X | R67: X | S67: X | T67: X | U67: X | V67: X | W67: X | X67: X | Y67: X | Z67: X | AA67: X | AB67: X | AC67: X | AD67: X | AE67: NR | AF67: NR | AG67: NR | AH67: NR | AI67: NR | AJ67: NR
A68: ESP | B68: Sardina pilchardus | C68: Other regions | D68: CECAF | E68: Canarias | F68: 1 | G68: NR | H68: NR | I68: NR | J68: NR | K68: NR | L68: NR | M68: X | N68: X | O68: X | P68: X | Q68: X | R68: X | S68: X | T68: X | U68: X | V68: X | W68: X | X68: X | Y68: X | Z68: X | AA68: X | AB68: X | AC68: X | AD68: X | AE68: NR | AF68: NR | AG68: NR | AH68: NR | AI68: NR | AJ68: NR
A69: ESP | B69: Sardinella aurita | C69: Other regions | D69: CECAF | E69: Africa | F69: 1 | G69: NR | H69: NR | I69: NR | J69: NR | K69: NR | L69: NR | M69: X | N69: X | O69: X | P69: X | Q69: X | R69: X | S69: X | T69: X | U69: X | V69: X | W69: X | X69: X | Y69: X | Z69: X | AA69: X | AB69: X | AC69: X | AD69: X | AE69: NR | AF69: NR | AG69: NR | AH69: NR | AI69: NR | AJ69: NR
A70: ESP | B70: Sardinella aurita | C70: Other regions | D70: CECAF | E70: Canarias | F70: 1 | G70: NR | H70: NR | I70: NR | J70: NR | K70: NR | L70: NR | M70: X | N70: X | O70: X | P70: X | Q70: X | R70: X | S70: X | T70: X | U70: X | V70: X | W70: X | X70: X | Y70: X | Z70: X | AA70: X | AB70: X | AC70: X | AD70: X | AE70: NR | AF70: NR | AG70: NR | AH70: NR | AI70: NR | AJ70: NR
A71: ESP | B71: Sardinella maderensis | C71: Other regions | D71: CECAF | E71: Africa | F71: 1 | G71: NR | H71: NR | I71: NR | J71: NR | K71: NR | L71: NR | N71: X | Q71: X | T71: X | W71: X | Z71: X | AC71: X | AE71: NR | AF71: NR | AG71: NR | AH71: NR | AI71: NR | AJ71: NR
A72: ESP | B72: Scomber japonicus | C72: Other regions | D72: CECAF | E72: Africa | F72: 1 | G72: NR | H72: NR | I72: NR | J72: NR | K72: NR | L72: NR | M72: X | O72: X | P72: X | R72: X | S72: X | U72: X | V72: X | X72: X | Y72: X | AA72: X | AB72: X | AD72: X | AE72: NR | AF72: NR | AG72: NR | AH72: NR | AI72: NR | AJ72: NR
A73: ESP | B73: Scomber japonicus | C73: Other regions | D73: CECAF | E73: Canarias | F73: 1 | G73: NR | H73: NR | I73: NR | J73: NR | K73: NR | L73: NR | M73: X | O73: X | P73: X | R73: X | S73: X | U73: X | V73: X | X73: X | Y73: X | AA73: X | AB73: X | AD73: X | AE73: NR | AF73: NR | AG73: NR | AH73: NR | AI73: NR | AJ73: NR
A74: ESP | B74: Sepia hierredda | C74: Other regions | D74: CECAF | E74: All areas | F74: 1 | G74: NR | H74: NR | I74: NR | J74: NR | K74: NR | L74: NR | M74: X | N74: X | O74: X | P74: X | Q74: X | R74: X | S74: X | T74: X | U74: X | V74: X | W74: X | X74: X | Y74: X | Z74: X | AA74: X | AB74: X | AC74: X | AD74: X | AE74: NR | AF74: NR | AG74: NR | AH74: NR | AI74: NR | AJ74: NR
A75: ESP | B75: Sepia officinalis | C75: Other regions | D75: CECAF | E75: All areas | F75: 1 | G75: NR | H75: NR | I75: NR | J75: NR | K75: NR | L75: NR | M75: X | N75: X | O75: X | P75: X | Q75: X | R75: X | S75: X | T75: X | U75: X | V75: X | W75: X | X75: X | Y75: X | Z75: X | AA75: X | AB75: X | AC75: X | AD75: X | AE75: NR | AF75: NR | AG75: NR | AH75: NR | AI75: NR | AJ75: NR
A76: ESP | B76: Trachurus spp | C76: Other regions | D76: CECAF | E76: Africa | F76: 1 | G76: NR | H76: NR | I76: NR | J76: NR | K76: NR | L76: NR | N76: X | Q76: X | T76: X | W76: X | Z76: X | AC76: X | AE76: NR | AF76: NR | AG76: NR | AH76: NR | AI76: NR | AJ76: NR
A77: ESP | B77: Trachurus spp | C77: Other regions | D77: CECAF | E77: Canarias | F77: 1 | G77: NR | H77: NR | I77: NR | J77: NR | K77: NR | L77: NR | N77: X | Q77: X | T77: X | W77: X | Z77: X | AC77: X | AE77: NR | AF77: NR | AG77: NR | AH77: NR | AI77: NR | AJ77: NR
A78: ESP | B78: Aristeus antennatus | C78: Mediterranean and Black Sea | D78: GFCM | E78: 1.1 | F78: 1 | G78: NR | H78: NR | I78: NR | J78: NR | K78: NR | L78: NR | M78: X | N78: X | O78: X | P78: X | Q78: X | R78: X | S78: X | T78: X | U78: X | V78: X | W78: X | X78: X | Y78: X | Z78: X | AA78: X | AB78: X | AC78: X | AD78: X | AE78: NR | AF78: NR | AG78: NR | AH78: NR | AI78: NR | AJ78: NR
A79: ESP | B79: Engraulis encrasicolus | C79: Mediterranean and Black Sea | D79: GFCM | E79: 1.1 | F79: 1 | G79: X | H79: X | I79: X | J79: X | K79: X | L79: X | M79: X | N79: X | O79: X | P79: X | Q79: X | R79: X | S79: X | T79: X | U79: X | V79: X | W79: X | X79: X | Y79: X | Z79: X | AA79: X | AB79: X | AC79: X | AD79: X | AE79: NR | AF79: NR | AG79: NR | AH79: NR | AI79: NR | AJ79: NR
A80: ESP | B80: Lophius budegassa | C80: Mediterranean and Black Sea | D80: GFCM | E80: 1.1 | F80: 2 | G80: X | H80: X | I80: X | J80: X | K80: X | L80: X | M80: X | N80: X | O80: X | P80: X | Q80: X | R80: X | S80: X | T80: X | U80: X | V80: X | W80: X | X80: X | Y80: X | Z80: X | AA80: X | AB80: X | AC80: X | AD80: X | AE80: NR | AF80: NR | AG80: NR | AH80: NR | AI80: NR | AJ80: NR
A81: ESP | B81: Merluccius merluccius | C81: Mediterranean and Black Sea | D81: GFCM | E81: 1.1 | F81: 1 | G81: X | H81: X | I81: X | J81: X | K81: X | L81: X | M81: X | N81: X | O81: X | P81: X | Q81: X | R81: X | S81: X | T81: X | U81: X | V81: X | W81: X | X81: X | Y81: X | Z81: X | AA81: X | AB81: X | AC81: X | AD81: X | AE81: NR | AF81: NR | AG81: NR | AH81: NR | AI81: NR | AJ81: NR
A82: ESP | B82: Micromesistius poutassou | C82: Mediterranean and Black Sea | D82: GFCM | E82: 1.1 | F82: 2 | G82: X | I82: X | J82: X | L82: X | M82: X | O82: X | P82: X | R82: X | S82: X | U82: X | V82: X | X82: X | Y82: X | AA82: X | AB82: X | AD82: X | AE82: NR | AF82: NR | AG82: NR | AH82: NR | AI82: NR | AJ82: NR
A83: ESP | B83: Mullus barbatus | C83: Mediterranean and Black Sea | D83: GFCM | E83: 1.1 | F83: 1 | G83: X | H83: X | I83: X | J83: X | K83: X | L83: X | M83: X | N83: X | O83: X | P83: X | Q83: X | R83: X | S83: X | T83: X | U83: X | V83: X | W83: X | X83: X | Y83: X | Z83: X | AA83: X | AB83: X | AC83: X | AD83: X | AE83: NR | AF83: NR | AG83: NR | AH83: NR | AI83: NR | AJ83: NR
A84: ESP | B84: Mullus surmuletus | C84: Mediterranean and Black Sea | D84: GFCM | E84: 1.1 | F84: 1 | G84: X | H84: X | I84: X | J84: X | K84: X | L84: X | M84: X | N84: X | O84: X | P84: X | Q84: X | R84: X | S84: X | T84: X | U84: X | V84: X | W84: X | X84: X | Y84: X | Z84: X | AA84: X | AB84: X | AC84: X | AD84: X | AE84: NR | AF84: NR | AG84: NR | AH84: NR | AI84: NR | AJ84: NR
A85: ESP | B85: Nephrops norvegicus | C85: Mediterranean and Black Sea | D85: GFCM | E85: 1.1 | F85: 1 | G85: NR | H85: NR | I85: NR | J85: NR | K85: NR | L85: NR | M85: X | N85: X | O85: X | P85: X | Q85: X | R85: X | S85: X | T85: X | U85: X | V85: X | W85: X | X85: X | Y85: X | Z85: X | AA85: X | AB85: X | AC85: X | AD85: X | AE85: NR | AF85: NR | AG85: NR | AH85: NR | AI85: NR | AJ85: NR
A86: ESP | B86: Octopus vulgaris | C86: Mediterranean and Black Sea | D86: GFCM | E86: 1.1 | F86: 2 | G86: NR | H86: NR | I86: NR | J86: NR | K86: NR | L86: NR | M86: X | O86: X | P86: X | R86: X | S86: X | U86: X | V86: X | X86: X | Y86: X | AA86: X | AB86: X | AD86: X | AE86: NR | AF86: NR | AG86: NR | AH86: NR | AI86: NR | AJ86: NR
A87: ESP | B87: Parapenaeus longirostris | C87: Mediterranean and Black Sea | D87: GFCM | E87: 1.1 | F87: 1 | G87: NR | H87: NR | I87: NR | J87: NR | K87: NR | L87: NR | M87: X | N87: X | O87: X | P87: X | Q87: X | R87: X | S87: X | T87: X | U87: X | V87: X | W87: X | X87: X | Y87: X | Z87: X | AA87: X | AB87: X | AC87: X | AD87: X | AE87: NR | AF87: NR | AG87: NR | AH87: NR | AI87: NR | AJ87: NR
A88: ESP | B88: Sardina pilchardus | C88: Mediterranean and Black Sea | D88: GFCM | E88: 1.1 | F88: 1 | G88: X | H88: X | I88: X | J88: X | K88: X | L88: X | M88: X | N88: X | O88: X | P88: X | Q88: X | R88: X | S88: X | T88: X | U88: X | V88: X | W88: X | X88: X | Y88: X | Z88: X | AA88: X | AB88: X | AC88: X | AD88: X | AE88: NR | AF88: NR | AG88: NR | AH88: NR | AI88: NR | AJ88: NR
A89: ESP | B89: Scomber spp. | C89: Mediterranean and Black Sea | D89: GFCM | E89: 1.1 | F89: 2 | G89: X | I89: X | J89: X | L89: X | M89: X | O89: X | P89: X | R89: X | S89: X | U89: X | V89: X | X89: X | Y89: X | AA89: X | AB89: X | AD89: X | AE89: NR | AF89: NR | AG89: NR | AH89: NR | AI89: NR | AJ89: NR
A90: ESP | B90: Trachurus mediterraneus | C90: Mediterranean and Black Sea | D90: GFCM | E90: 1.1 | F90: 2 | G90: X | I90: X | J90: X | L90: X | M90: X | O90: X | P90: X | R90: X | S90: X | U90: X | V90: X | X90: X | Y90: X | AA90: X | AB90: X | AD90: X | AE90: NR | AF90: NR | AG90: NR | AH90: NR | AI90: NR | AJ90: NR
A91: ESP | B91: Trachurus trachurus | C91: Mediterranean and Black Sea | D91: GFCM | E91: 1.1 | F91: 2 | G91: X | I91: X | J91: X | L91: X | M91: X | O91: X | P91: X | R91: X | S91: X | U91: X | V91: X | X91: X | Y91: X | AA91: X | AB91: X | AD91: X | AE91: NR | AF91: NR | AG91: NR | AH91: NR | AI91: NR | AJ91: NR
A92: ESP | B92: Eledone cirrosa | C92: Mediterranean and Black Sea | D92: GFCM | E92: 1.1 | F92: 2 | G92: NR | H92: NR | I92: NR | J92: NR | K92: NR | L92: NR | Q92: X | W92: X | AC92: X | AE92: NR | AF92: NR | AG92: NR | AH92: NR | AI92: NR | AJ92: NR
A93: ESP | B93: Illex spp., Todarodes spp. | C93: Mediterranean and Black Sea | D93: GFCM | E93: 1.1 | F93: 2 | G93: NR | H93: NR | I93: NR | J93: NR | K93: NR | L93: NR | Q93: X | W93: X | AC93: X | AE93: NR | AF93: NR | AG93: NR | AH93: NR | AI93: NR | AJ93: NR
A94: ESP | B94: Loligo vulgaris | C94: Mediterranean and Black Sea | D94: GFCM | E94: 1.1 | F94: 2 | G94: NR | H94: NR | I94: NR | J94: NR | K94: NR | L94: NR | Q94: X | W94: X | AC94: X | AE94: NR | AF94: NR | AG94: NR | AH94: NR | AI94: NR | AJ94: NR
A95: ESP | B95: Lophius piscatorius | C95: Mediterranean and Black Sea | D95: GFCM | E95: 1.1 | F95: 2 | K95: X | Q95: X | W95: X | AC95: X | AE95: NR | AF95: NR | AG95: NR | AH95: NR | AI95: NR | AJ95: NR
A96: ESP | B96: Pagellus erythrinus | C96: Mediterranean and Black Sea | D96: GFCM | E96: 1.1 | F96: 2 | K96: X | Q96: X | W96: X | AC96: X | AE96: NR | AF96: NR | AG96: NR | AH96: NR | AI96: NR | AJ96: NR
A97: ESP | B97: Scyliorhinus canicula | C97: Mediterranean and Black Sea | D97: GFCM | E97: 1.1 | F97: 1 | G97: NR | H97: NR | I97: NR | J97: NR | K97: NR | L97: NR | P97: * | Q97: X | R97: X | V97: * | W97: X | X97: X | AB97: * | AC97: X | AD97: X | AE97: NR | AF97: NR | AG97: NR | AH97: NR | AI97: NR | AJ97: NR | AK97: * No Planificado en la propuesta de 2014
A98: ESP | B98: Sarda sarda | C98: Mediterranean Sea and Black Sea | D98: ICCAT | E98: All areas | F98: G2 | G98: X | H98: X | I98: X | J98: X | K98: X | L98: X | M98: X | N98: X | O98: X | P98: X | Q98: X | R98: X | S98: X | T98: X | U98: X | V98: X | W98: X | X98: X | Y98: X | Z98: X | AA98: X | AB98: X | AC98: X | AD98: X | AE98: NR | AF98: NR | AG98: NR | AH98: NR | AI98: NR | AJ98: NR
A99: ESP | B99: Thunnus alalunga | C99: Mediterranean Sea and Black Sea | D99: ICCAT | E99: All areas | F99: G2 | G99: X | H99: X | I99: X | J99: X | K99: X | L99: X | M99: X | N99: X | O99: X | P99: X | Q99: X | R99: X | S99: X | T99: X | U99: X | V99: X | W99: X | X99: X | Y99: X | Z99: X | AA99: X | AB99: X | AC99: X | AD99: X | AE99: NR | AF99: NR | AG99: NR | AH99: NR | AI99: NR | AJ99: NR
A100: ESP | B100: Thunnus thynnus | C100: Mediterranean Sea and Black Sea | D100: ICCAT | E100: All areas | F100: G1 | G100: X | H100: X | I100: X | J100: X | K100: X | L100: X | M100: X | N100: X | O100: X | P100: X | Q100: X | R100: X | S100: X | T100: X | U100: X | V100: X | W100: X | X100: X | Y100: X | Z100: X | AA100: X | AB100: X | AC100: X | AD100: X | AE100: NR | AF100: NR | AG100: NR | AH100: NR | AI100: NR | AJ100: NR
...

Sheet III_E_3
A1: Table III.E.3 - Sampling intensity for stock-based variables | N1: NP years | O1: 2014-2016
N2: AR year | O2: 2014
A3: MS | B3: MS partcipating in sampling | C3: Sampling year | D3: Species | E3: Species Group | F3: Region | G3: RFMO | H3: Area / Stock | I3: Variable (*) | J3: Data sources | K3: Required precision target (CV) | L3: Planned minimum No of individuals to be measured at the national level | M3: Achieved No of individuals at a national level | N3: % achievement (100*L/M) | O3: Comments
A4: ESP
A5: ESP
A6: ESP | B6: ESP | C6: 2014 | D6: Gadus morhua | E6: 1 | F6: North Sea and Eastern Arctic | G6: ICES | H6: I,II | I6: Length @age | J6: Observers on board | K6: 0.025 | L6: 700 | M6: =2855 +275 -> 3130 | N6: =M6/L6 -> 4.4714286
A7: ESP | B7: ESP | C7: 2014 | D7: Gadus morhua | E7: 1 | F7: North Sea and Eastern Arctic | G7: ICES | H7: I,II | I7: Weight @length | J7: Observers on board | K7: 0.025 | L7: 1000 | M7: 5224 | N7: =M7/L7 -> 5.224
A8: ESP | B8: ESP | C8: 2014 | D8: Gadus morhua | E8: 1 | F8: North Sea and Eastern Arctic | G8: ICES | H8: I,II | I8: Sex-ratio @length | J8: Observers on board | K8: 0.025 | L8: 7000 | M8: 19459 | N8: =M8/L8 -> 2.7798571
A9: ESP | B9: ESP | C9: 2014 | D9: Gadus morhua | E9: 1 | F9: North Sea and Eastern Arctic | G9: ICES | H9: I,II | I9: Maturity @length | J9: Observers on board | K9: 0.025 | L9: 1000 | M9: 5224 | N9: =M9/L9 -> 5.224
A10: ESP | B10: ESP | C10: 2014 | D10: Sebastes mentella | E10: 1 | F10: North Sea and Eastern Arctic | G10: ICES | H10: I,II | I10: Length @age | J10: Observers on board | K10: 0.025 | L10: 150 | M10: 174 | N10: =M10/L10 -> 1.16
A11: ESP | B11: ESP | C11: 2014 | D11: Sebastes mentella | E11: 1 | F11: North Sea and Eastern Arctic | G11: ICES | H11: I,II | I11: Weight @length | J11: Observers on board | K11: 0.025 | L11: 1200 | M11: 5500 | N11: =M11/L11 -> 4.5833333
A12: ESP | B12: ESP | C12: 2014 | D12: Sebastes mentella | E12: 1 | F12: North Sea and Eastern Arctic | G12: ICES | H12: I,II | I12: Sex-ratio @length | J12: Observers on board | K12: 0.025 | L12: 2450 | M12: 6117 | N12: =M12/L12 -> 2.4967347
A13: ESP | B13: ESP | C13: 2014 | D13: Sebastes mentella | E13: 1 | F13: North Sea and Eastern Arctic | G13: ICES | H13: I,II | I13: Maturity @length | J13: Observers on board | K13: 0.025 | L13: 1200 | M13: 5500 | N13: =M13/L13 -> 4.5833333
A14: ESP | B14: ESP | C14: 2014 | D14: Alepocephalus bairdii | E14: 2 | F14: North Atlantic | G14: ICES | H14: VI, XII | I14: Weight @length | J14: Observers on board | K14: 0.025 | L14: 1200 | M14: 1837 | N14: =M14/L14 -> 1.5308333 | O14: fishery in ICES XII y VIb1
A15: ESP | B15: ESP | C15: 2014 | D15: Alepocephalus bairdii | E15: 2 | F15: North Atlantic | G15: ICES | H15: VI, XII | I15: Sex-ratio @length | J15: Observers on board | K15: 0.025 | L15: 1500 | M15: 4197 | N15: =M15/L15 -> 2.798 | O15: fishery in ICES XII y VIb1
A16: ESP | B16: ESP | C16: 2014 | D16: Alepocephalus bairdii | E16: 2 | F16: North Atlantic | G16: ICES | H16: VI, XII | I16: Maturity @length | J16: Observers on board | K16: 0.025 | L16: 1200 | M16: 1837 | N16: =M16/L16 -> 1.5308333 | O16: fishery in ICES XII y VIb1
A17: ESP | B17: ESP | C17: 2014 | D17: Aspitrigla cuculus | E17: 2 | F17: North Atlantic | G17: ICES | H17: All areas | I17: length @age | J17: Commercial + surveys | K17: 0.025 | L17: Not planned | M17: - | N17: -
D18: Aspitrigla cuculus | E18: 2 | F18: North Atlantic | G18: ICES | H18: All areas | I18: weight @length | J18: Commercial + surveys | K18: 0.025 | L18: Not planned | M18: - | N18: -
D19: Aspitrigla cuculus | E19: 2 | F19: North Atlantic | G19: ICES | H19: All areas | I19: sex-ratio @length | J19: Commercial + surveys | K19: 0.025 | L19: Not planned | M19: - | N19: -
D20: Aspitrigla cuculus | E20: 2 | F20: North Atlantic | G20: ICES | H20: All areas | I20: maturity @length | J20: Commercial + surveys | K20: 0.025 | L20: Not planned | M20: - | N20: -
A21: ESP | B21: ESP | C21: 2014 | D21: Conger conger | E21: 2 | F21: North Atlantic | G21: ICES | H21: All areas excluding X | I21: Length @age | J21: Commercial + surveys | K21: 0.025 | L21: 39 | M21: 356 | N21: 9.1282051
A22: ESP | B22: ESP | C22: 2014 | D22: Conger conger | E22: 2 | F22: North Atlantic | G22: ICES | H22: All areas excluding X | I22: Weight @length | J22: Commercial + surveys | K22: 0.025 | L22: 100 | M22: 443 | N22: 4.43
A23: ESP | B23: ESP | C23: 2014 | D23: Conger conger | E23: 2 | F23: North Atlantic | G23: ICES | H23: All areas excluding X | I23: Sex-ratio @length | J23: Commercial + surveys | K23: 0.025 | L23: 100 | M23: 252 | N23: 2.52
A24: ESP | B24: ESP | C24: 2014 | D24: Conger conger | E24: 2 | F24: North Atlantic | G24: ICES | H24: All areas excluding X | I24: Maturity @length | J24: Commercial + surveys | K24: 0.025 | L24: 100 | M24: 252 | N24: 2.52
A25: ESP | B25: ESP | C25: 2014 | D25: Coryphaenoides rupestris | E25: 1 | F25: North Atlantic | G25: ICES | H25: VI, XII | I25: Length @age | J25: Observers on board | K25: 0.025 | L25: 300 | M25: 336 | N25: =M25/L25 -> 1.12 | O25: fishery in ICES XII y VIb1
A26: ESP | B26: ESP | C26: 2014 | D26: Coryphaenoides rupestris | E26: 1 | F26: North Atlantic | G26: ICES | H26: VI, XII | I26: Weight @length | J26: Observers on board | K26: 0.025 | L26: 1400 | M26: 2777 | N26: =M26/L26 -> 1.9835714 | O26: fishery in ICES XII y VIb1
A27: ESP | B27: ESP | C27: 2014 | D27: Coryphaenoides rupestris | E27: 1 | F27: North Atlantic | G27: ICES | H27: VI, XII | I27: Sex-ratio @length | J27: Observers on board | K27: 0.025 | L27: 3000 | M27: 7034 | N27: =M27/L27 -> 2.3446667 | O27: fishery in ICES XII y VIb1
A28: ESP | B28: ESP | C28: 2014 | D28: Coryphaenoides rupestris | E28: 1 | F28: North Atlantic | G28: ICES | H28: VI, XII | I28: Maturity @length | J28: Observers on board | K28: 0.025 | L28: 1400 | M28: 2777 | N28: =M28/L28 -> 1.9835714 | O28: fishery in ICES XII y VIb1
A29: ESP | B29: ESP | C29: 2014 | D29: Dicentrarchus labrax | E29: 2 | F29: North Atlantic | G29: ICES | H29: All areas | I29: length @age | J29: Commercial + surveys | K29: -0.975 | L29: Not planned | M29: - | N29: -
D30: Dicentrarchus labrax | E30: 2 | F30: North Atlantic | G30: ICES | H30: All areas | I30: weight @length | J30: Commercial + surveys | K30: 0.025 | L30: Not planned | M30: - | N30: -
D31: Dicentrarchus labrax | E31: 2 | F31: North Atlantic | G31: ICES | H31: All areas | I31: sex-ratio @length | J31: Commercial + surveys | K31: 0.025 | L31: Not planned | M31: - | N31: -
D32: Dicentrarchus labrax | E32: 2 | F32: North Atlantic | G32: ICES | H32: All areas | I32: maturity @length | J32: Commercial + surveys | K32: 0.025 | L32: Not planned | M32: - | N32: -
A33: ESP | B33: ESP | C33: 2014 | D33: Dicologlossa cuneata | E33: 2 | F33: North Atlantic | G33: ICES | H33: VIIIc, IXa | I33: length @age | J33: Commercial | K33: 0.025 | L33: 20 | M33: 0 | N33: 0 | O33: This is a triennial species. Sampling will take place along the triennial period.
A34: ESP | B34: ESP | C34: 2014 | D34: Engraulis encrasicolus | E34: 1 | F34: North Atlantic | G34: ICES | H34: IXa (only Cádiz) | I34: length @age | J34: Commercial + surveys | K34: 0.025 | L34: 1000 | M34: 1000 | N34: 1
A35: ESP | B35: ESP | C35: 2014 | D35: Engraulis encrasicolus | E35: 1 | F35: North Atlantic | G35: ICES | H35: IXa (only Cádiz) | I35: weight @length | J35: Commercial + surveys | K35: 0.025 | L35: 1000 | M35: 1000 | N35: 1
A36: ESP | B36: ESP | C36: 2014 | D36: Engraulis encrasicolus | E36: 1 | F36: North Atlantic | G36: ICES | H36: IXa (only Cádiz) | I36: sex-ratio @length | J36: Commercial + surveys | K36: 0.025 | L36: 1000 | M36: 1000 | N36: 1
A37: ESP | B37: ESP | C37: 2014 | D37: Engraulis encrasicolus | E37: 1 | F37: North Atlantic | G37: ICES | H37: IXa (only Cádiz) | I37: maturity @length | J37: Commercial + surveys | K37: 0.025 | L37: 600 | M37: 999 | N37: 1.665
A38: ESP | B38: ESP | C38: 2014 | D38: Engraulis encrasicolus | E38: 1 | F38: North Atlantic | G38: ICES | H38: IXa (only Cádiz) | I38: Fecundity @length | J38: Commercial + surveys | K38: 0.025 | L38: 100 | M38: 167 | N38: 1.67
A39: ESP | B39: ESP | C39: 2014 | D39: Engraulis encrasicolus | E39: 1 | F39: North Atlantic | G39: ICES | H39: VIII | I39: length @age | J39: Commercial + surveys | K39: 0.025 | L39: 1000 | M39: 3710 | N39: 3.71
A40: ESP | B40: ESP | C40: 2014 | D40: Engraulis encrasicolus | E40: 1 | F40: North Atlantic | G40: ICES | H40: VIII | I40: weight @length | J40: Commercial + surveys | K40: 0.025 | L40: 1000 | M40: 3721 | N40: 3.721
A41: ESP | B41: ESP | C41: 2014 | D41: Engraulis encrasicolus | E41: 1 | F41: North Atlantic | G41: ICES | H41: VIII | I41: sex-ratio @length | J41: Commercial + surveys | K41: 0.025 | L41: 1000 | M41: 3603 | N41: 3.603
A42: ESP | B42: ESP | C42: 2014 | D42: Engraulis encrasicolus | E42: 1 | F42: North Atlantic | G42: ICES | H42: VIII | I42: maturity @length | J42: Commercial + surveys | K42: 0.025 | L42: 1000 | M42: 3426 | N42: 3.426
A43: ESP | B43: ESP | C43: 2014 | D43: Engraulis encrasicolus | E43: 1 | F43: North Atlantic | G43: ICES | H43: VIII | I43: Fecundity @length | J43: surveys | K43: 0.025 | L43: 1000 | M43: 112 | N43: 0.112 | O43: 112 is the number of females used to calculate the fecundity. Only hidrated females were used although the total number of individuals were 1263.
A44: ESP | B44: ESP | C44: 2014 | D44: Helicolenus dactylopterus | E44: 2 | F44: North Atlantic | G44: ICES | H44: All areas | I44: Length @age | J44: Commercial + surveys | K44: 0.025 | L44: 34 | M44: 634 | N44: 18.647059
D45: Lepidopus caudatus | E45: 2 | F45: North Atlantic | G45: ICES | H45: IXa | I45: weight @length | J45: Commercial + surveys | K45: 0.025 | L45: Not planned | M45: - | N45: -
D46: Lepidopus caudatus | E46: 2 | F46: North Atlantic | G46: ICES | H46: IXa | I46: sex-ratio @length | J46: Commercial + surveys | K46: 0.025 | L46: Not planned | M46: - | N46: -
D47: Lepidopus caudatus | E47: 2 | F47: North Atlantic | G47: ICES | H47: IXa | I47: maturity @length | J47: Commercial + surveys | K47: 0.025 | L47: Not planned | M47: - | N47: -
A48: ESP | B48: ESP | C48: 2014 | D48: Lepidorhombus boscii | E48: 1 | F48: North Atlantic | G48: ICES | H48: VIIIc, IXa | I48: length @age | J48: Commercial + surveys | K48: 0.025 | L48: 300 | M48: 879 | N48: 2.93
A49: ESP | B49: ESP | C49: 2014 | D49: Lepidorhombus boscii | E49: 1 | F49: North Atlantic | G49: ICES | H49: VIIIc, IXa | I49: weight @length | J49: Commercial + surveys | K49: 0.025 | L49: 500 | M49: 282 | N49: 0.564
A50: ESP | B50: ESP | C50: 2014 | D50: Lepidorhombus boscii | E50: 1 | F50: North Atlantic | G50: ICES | H50: VIIIc, IXa | I50: sex-ratio @length | J50: Commercial + surveys | K50: 0.025 | L50: 500 | M50: 880 | N50: 1.76
A51: ESP | B51: ESP | C51: 2014 | D51: Lepidorhombus boscii | E51: 1 | F51: North Atlantic | G51: ICES | H51: VIIIc, IXa | I51: maturity @length | J51: Commercial + surveys | K51: 0.025 | L51: 500 | M51: 742 | N51: 1.484
A52: ESP | B52: ESP | C52: 2014 | D52: Lepidorhombus whiffiagonis | E52: 1 | F52: North Atlantic | G52: ICES | H52: VIIIc, IXa | I52: length @age | J52: Commercial + surveys | K52: 0.025 | L52: 300 | M52: 1060 | N52: 3.5333333
A53: ESP | B53: ESP | C53: 2014 | D53: Lepidorhombus whiffiagonis | E53: 1 | F53: North Atlantic | G53: ICES | H53: VIIIc, IXa | I53: weight @length | J53: Commercial + surveys | K53: 0.025 | L53: 500 | M53: 515 | N53: 1.03
A54: ESP | B54: ESP | C54: 2014 | D54: Lepidorhombus whiffiagonis | E54: 1 | F54: North Atlantic | G54: ICES | H54: VIIIc, IXa | I54: sex-ratio @length | J54: Commercial + surveys | K54: 0.025 | L54: 500 | M54: 1060 | N54: 2.12
A55: ESP | B55: ESP | C55: 2014 | D55: Lepidorhombus whiffiagonis | E55: 1 | F55: North Atlantic | G55: ICES | H55: VIIIc, IXa | I55: maturity @length | J55: Commercial + surveys | K55: 0.025 | L55: 500 | M55: 1021 | N55: 2.042
A56: ESP | B56: ESP | C56: 2014 | D56: Lepidorhombus whiffiagonis | E56: 1 | F56: North Atlantic | G56: ICES | H56: VIIIc, IXa | I56: maturity @length | J56: Commercial + surveys | K56: 0.025 | L56: 500 | M56: 1021 | N56: 2.042
A57: ESP | B57: ESP | C57: 2014 | D57: Lepidorhombus whiffiagonis | E57: 1 | F57: North Atlantic | G57: ICES | H57: VI/VII, VIIIabd | I57: length @age | J57: Commercial + surveys | K57: 0.025 | L57: 1000 | M57: 2378 | N57: 2.378
A58: ESP | B58: ESP | C58: 2014 | D58: Lepidorhombus whiffiagonis | E58: 1 | F58: North Atlantic | G58: ICES | H58: VI/VII, VIIIabd | I58: weight @length | J58: Commercial + surveys | K58: 0.025 | L58: 1500 | M58: 292 | N58: 0.19466667
A59: ESP | B59: ESP | C59: 2014 | D59: Lepidorhombus whiffiagonis | E59: 1 | F59: North Atlantic | G59: ICES | H59: VI/VII, VIIIabd | I59: sex-ratio @length | J59: Commercial + surveys | K59: 0.025 | L59: 1500 | M59: 2378 | N59: 1.5853333
... A87: ESP | B87: ESP | C87: 2014 | D87: Micromesistius poutassou | E87: 1 | F87: North Atlantic | G87: ICES | H87: I-IX, XII, XIV | I87: sex-ratio @length | J87: Commercial + surveys | K87: 0.025 | L87: 1000 | M87: 2459 | N87: 2.459
A88: ESP | B88: ESP | C88: 2014 | D88: Micromesistius poutassou | E88: 1 | F88: North Atlantic | G88: ICES | H88: I-IX, XII, XIV | I88: maturity @length | J88: - | K88: - | L88: derogation | N88: -
A89: ESP | B89: ESP | C89: 2014 | D89: Molva dypterygia | E89: 2 | F89: North Atlantic | G89: ICES | H89: All areas | I89: length @age | J89: Commercial + surveys | K89: -0.975 | L89: Not planned | M89: - | N89: -
D90: Molva dypterygia | E90: 2 | F90: North Atlantic | G90: ICES | H90: All areas | I90: weight @length | J90: Commercial + surveys | K90: 0.025 | L90: Not planned | M90: - | N90: -
D91: Molva dypterygia | E91: 2 | F91: North Atlantic | G91: ICES | H91: All areas | I91: sex-ratio @length | J91: Commercial + surveys | K91: 0.025 | L91: Not planned | M91: - | N91: -
